Workbook

Sheet 表1林地面积
A1: 附表一 安徽省东至县各类林地面积统计表
A2: 单 位 | B2: 土地面积 (公顷) | C2: 林地面积 (公顷) | D2: 有林地面积 (公顷) | E2: 灌木林地面积 (公顷) | F2: 未成林地面积 (公顷) | G2: 活立木 蓄积量 （万立方米） | H2: 森林 覆盖率 （%） | I2: 林木绿化率（%）
A3: 东至县 | B3: 325002 | C3: 210497.1 | D3: 182486.7 | E3: 10549.3 | F3: 13640.8 | G3: 9983835 | H3: 0.57224325 | I3: 0.629
A4: 尧渡镇 | B4: 39244 | C4: 28326.5 | D4: 26243.5 | E4: 344.9 | F4: 1445.4 | G4: 1079293 | H4: 0.67443686
A5: 东流镇 | B5: 15960 | C5: 3553.9 | D5: 2717.8 | E5: 95.7 | F5: 483.3 | G5: 96358 | H5: 0.17099624
A6: 大渡口镇 | B6: 13217 | C6: 727.5 | D6: 555.1 | E6: 0 | F6: 172.4 | G6: 38084 | H6: 0.041998941
A7: 胜利镇 | B7: 18094 | C7: 1094.5 | D7: 900.5 | E7: 36.7 | F7: 157.3 | G7: 46405 | H7: 0.05001658
A8: 张溪镇 | B8: 32503 | C8: 14240.4 | D8: 12231.9 | E8: 1084.4 | F8: 607.3 | G8: 789744 | H8: 0.37750977
A9: 洋湖镇 | B9: 17896 | C9: 13002.5 | D9: 7662.5 | E9: 3559.9 | F9: 785.5 | G9: 305842 | H9: 0.43595776
A10: 葛公镇 | B10: 25191 | C10: 21919.6 | D10: 18412.3 | E10: 2693.4 | F10: 670 | G10: 781514 | H10: 0.7510738
A11: 香隅镇 | B11: 21642 | C11: 11264.9 | D11: 10217.7 | E11: 42.9 | F11: 996.2 | G11: 390301 | H11: 0.47250254
A12: 官港镇 | B12: 24480 | C12: 21034.2 | D12: 19313.7 | E12: 467 | F12: 906.6 | G12: 1057527 | H12: 0.80803513
A13: 泥溪镇 | B13: 18239 | C13: 14551.2 | D13: 13237.7 | E13: 332.6 | F13: 809.7 | G13: 810650 | H13: 0.74402654
A14: 昭潭镇 | B14: 14747 | C14: 11332.3 | D14: 9558.6 | E14: 77.1 | F14: 1431.4 | G14: 494215 | H14: 0.65331932
A15: 龙泉镇 | B15: 19031 | C15: 12628.4 | D15: 11341.7 | E15: 504.4 | F15: 481.7 | G15: 536944 | H15: 0.61584257
... A22: 东流苗圃 | B22: 127 | C22: 127.2 | D22: 82.4 | E22: 30.3 | F22: 8.2 | G22: 2616 | H22: 0.88740157

Sheet 表2分区布局
A1: 附表2 东至县“十四五”森林防火规划建设布局分区表
A3: 序号 | B3: 类型布局 | D3: 行政区划单位
A4: 合 计 | C4: 19
A5: 1 | B5: 北部沿江沿湖地区 | C5: 7 | D5: 大渡口镇、胜利镇、东流镇、香隅镇、张溪镇、香口林场、东流苗圃
A6: 2 | B6: 尧渡以北低山丘陵地区 | C6: 3 | D6: 尧渡镇、金寺山林场、梅城林场
A7: 3 | B7: 东部石灰岩山区 | C7: 2 | D7: 葛公镇、洋湖镇
A8: 4 | B8: 南部丘陵山区 | C8: 7 | D8: 官港镇、木塔镇、花园乡、泥溪镇、昭潭镇、龙泉镇、青山乡

Sheet 表3火灾统计
A1: 附表3 | B1: 东至县2016-2021年度森林火灾情况统计表
A2: 乡镇 | B2: 行政村 | C2: 森林火灾次数 | H2: 火场总面积 （公顷） | I2: 损失林木 | K2: 发生年度 | L2: 备注
C3: 计 | D3: 一般火灾 | E3: 较大火灾 | F3: 重大火灾 | G3: 特大火灾 | I3: 成林蓄积 | J3: 幼林株数
A4: 东至县 | C4: =SUM(C5:C10) -> 6 | D4: =SUM(D5:D10) -> 2 | E4: =SUM(E5:E10) -> 4 | H4: =SUM(H5:H10) -> 18
A5: 洋湖镇 | B5: 青峰村 | C5: 1 | E5: 1 | H5: 3.5 | K5: 42429
A6: 青山乡 | B6: 梅塘村 | C6: 1 | E6: 1 | H6: 1.9 | K6: 42794
A7: 泥溪镇 | B7: 西湾村 | C7: 1 | D7: 1 | H7: 0.4 | K7: 42829
A8: 尧渡镇 | B8: 孝义村 | C8: 1 | E8: 1 | H8: 9.6 | K8: 43734
A9: 香隅镇 | B9: 香山村 | C9: 1 | E9: 1 | H9: 2 | K9: 43742
A10: 泥溪镇 | B10: 中洲村 | C10: 1 | D10: 1 | H10: 0.6 | K10: 43907

Sheet 表4火源点统计
A1: 附表4 东至县火源点基本情况统计表
I2: 单位：个、处、公顷
A3: 乡镇 | B3: 火源点 数量 | C3: 面积 | D3: 类型
D4: 工矿 企业 | E4: 公墓 | F4: 传统安葬 （散葬）点 | G4: 化学品仓库 （车间） | H4: 加油（气） 站 | I4: 旅游 景点 | J4: 庙宇 | K4: 其它
A5: 东至县 | B5: =SUM(E5:J5) -> 51784 | C5: =SUM(C6:C21) -> 70.2 | D5: =SUM(D6:D21) -> 5 | E5: 16801 | F5: 34335 | G5: =SUM(G6:G21) -> 4 | H5: =SUM(H6:H21) -> 28 | I5: =SUM(I6:I21) -> 4 | J5: 612
A6: 尧渡镇 | B6: =SUM(E6:J6) -> 18946 | C6: 50.3 | D6: 1 | E6: 10597 | F6: 8301 | G6: 1 | H6: 5 | I6: 2 | J6: 40
A7: 东流镇 | B7: =SUM(E7:J7) -> 3113 | C7: 19.9 | F7: 3094 | H7: 2 | J7: 17
A8: 大渡口镇 | B8: =SUM(E8:J8) -> 0
A9: 胜利镇 | B9: =SUM(E9:J9) -> 1362 | F9: 1350 | H9: 2 | J9: 10
A10: 张溪镇 | B10: =SUM(E10:J10) -> 5818 | F10: 5775 | H10: 1 | J10: 42
A11: 洋湖镇 | B11: =SUM(E11:J11) -> 4362 | D11: 1 | F11: 4239 | H11: 1 | J11: 122
A12: 葛公镇 | B12: =SUM(E12:J12) -> 1443 | D12: 1 | F12: 1370 | G12: 1 | H12: 1 | J12: 71
A13: 香隅镇 | B13: =SUM(E13:J13) -> 8990 | D13: 2 | E13: 6204 | F13: 2740 | H13: 4 | J13: 42
A14: 官港镇 | B14: =SUM(E14:J14) -> 1299 | F14: 1234 | H14: 1 | J14: 64
A15: 泥溪镇 | B15: =SUM(E15:J15) -> 1013 | F15: 955 | H15: 2 | J15: 56
A16: 昭潭镇 | B16: =SUM(E16:J16) -> 1288 | F16: 1229 | H16: 1 | J16: 58
A17: 龙泉镇 | B17: =SUM(E17:J17) -> 1283 | F17: 1256 | H17: 3 | J17: 24
A18: 木塔乡 | B18: =SUM(E18:J18) -> 766 | F18: 754 | H18: 2 | J18: 10
A19: 花园乡 | B19: =SUM(E19:J19) -> 1408 | F19: 1370 | H19: 2 | I19: 2 | J19: 34
A20: 青山乡 | B20: =SUM(E20:J20) -> 691 | F20: 668 | H20: 1 | J20: 22
A21: 经济开发区 | B21: =SUM(E21:J21) -> 2 | G21: 2

Sheet 表5林火阻隔系统
A1: 附表5 森林防火阻隔系统一览表
A3: 乡镇 | B3: 合计 （公里） | C3: 小计 （公里） | D3: 现有森林防火阻隔系统 | H3: 小计 （公里） | I3: 拟规划建设森林防火阻隔系统
D4: 自然阻隔带 | E4: 工程阻隔带 | F4: 生物阻隔带 | G4: 组合阻隔带 | I4: 工程阻隔带 | J4: 生物阻隔带 | K4: 组合阻隔带
A5: 合计 | B5: =C5+H5 -> 1150.3 | C5: =SUM(C6:C18) -> 837.7 | D5: =SUM(D6:D18) -> 666.48 | E5: =SUM(E6:E18) -> 66.1 | F5: =SUM(F6:F18) -> 105.1 | H5: =I5+J5 -> 312.6 | I5: =SUM(I6:I22) -> 171.1 | J5: =SUM(J6:J22) -> 141.5
A6: 尧渡镇 | B6: =C6+H6 -> 124.78 | C6: 89.68 | D6: 62.55 | F6: 27.13 | H6: =I6+J6 -> 35.1 | J6: 35.1
A7: 东流镇 | B7: =C7+H7 -> 19.3 | C7: 19.3 | D7: 4.16 | F7: 15.14
A8: 张溪镇 | B8: =C8+H8 -> 59.07 | C8: 51.97 | D8: 51.97 | H8: =I8+J8 -> 7.1 | J8: 7.1
A9: 洋湖镇 | B9: =C9+H9 -> 123.02 | C9: 67.22 | D9: 59.36 | F9: 7.86 | H9: =I9+J9 -> 55.8 | I9: 34.8 | J9: 21
A10: 葛公镇 | B10: =C10+H10 -> 83.72 | C10: 83.72 | D10: 68.22 | F10: 15.5
A11: 香隅镇 | B11: =C11+H11 -> 63.74 | C11: 50.84 | D11: 31.27 | F11: 19.57 | H11: =I11+J11 -> 12.9 | J11: 12.9
A12: 官港镇 | B12: =C12+H12 -> 114.69 | C12: 94.69 | D12: 86.22 | E12: 6.09 | F12: 2.38 | H12: =I12+J12 -> 20 | J12: 20
A13: 昭潭镇 | B13: =C13+H13 -> 77.66 | C13: 46.36 | D13: 24.54 | E13: 21.82 | H13: =I13+J13 -> 31.3 | I13: 21.9 | J13: 9.4
A14: 龙泉镇 | B14: =C14+H14 -> 51.06 | C14: 51.06 | D14: 51.06
A15: 泥溪镇 | B15: =C15+H15 -> 58.76 | C15: 58.76 | D15: 42.31 | F15: 16.45
A16: 花园乡 | B16: =C16+H16 -> 111.89 | C16: 99.69 | D16: 89.54 | E16: 9.06 | F16: 1.07 | H16: =I16+J16 -> 12.2 | J16: 12.2
A17: 木塔乡 | B17: =C17+H17 -> 142.55 | C17: 102.55 | D17: 75.69 | E17: 26.86 | H17: =I17+J17 -> 40 | I17: 40
A18: 青山乡 | B18: =C18+H18 -> 63.86 | C18: 21.86 | D18: 19.59 | E18: 2.27 | H18: =I18+J18 -> 42 | I18: 30.6 | J18: 11.4
A19: 胜利镇 | B19: =C19+H19 -> 10.8 | H19: =I19+J19 -> 10.8 | J19: 10.8
A20: 梅城林场 | B20: =C20+H20 -> 19.5 | H20: =I20+J20 -> 19.5 | I20: 19.5
A21: 金寺山林场 | B21: =C21+H21 -> 16.5 | H21: =I21+J21 -> 16.5 | I21: 16.5
A22: 香口林场 | B22: =C22+H22 -> 9.4 | H22: =I22+J22 -> 9.4 | I22: 7.8 | J22: 1.6

Sheet 表6队伍设施
A1: 附表6 东至县现有森林防火队伍和设施建设情况表
A2: 乡镇（场） | B2: 省地共建专业队 | E2: 半专业队 | G2: 基础设施类型
B3: 数量 | C3: 人数 | D3: 省地共建 专业队 | E3: 数量 | F3: 人数 | G3: 营房 面积 | H3: 防火 车 | I3: 物资 储备库 | J3: 瞭望塔 （台） | K3: 视频 监控 | L3: 林业 管护站 | M3: 防火 检查站 | N3: 宣传牌
A4: 合计 | B4: =SUM(B5:B23) -> 3 | C4: =SUM(C5:C23) -> 60 | E4: =SUM(E5:E23) -> 14 | F4: =SUM(F5:F23) -> 381 | G4: =SUM(G5:G23) -> 240 | H4: =SUM(H5:H23) -> 5 | I4: =SUM(I5:I23) -> 19 | J4: =SUM(J5:J23) -> 4 | K4: =SUM(K5:K23) -> 11 | L4: =SUM(L5:L23) -> 23 | ... N4: =SUM(N5:N23) -> 142
A5: 尧渡镇 | D5: 45 | E5: 1 | F5: 33 | G5: 80 | H5: 2 | I5: 1 | K5: 1 | L5: 2 | N5: 31
A6: 东流镇 | D6: 48 | E6: 1 | F6: 30 | G6: 80 | H6: 2 | I6: 1 | K6: 1 | L6: 1 | N6: 19
A7: 大渡口镇
A8: 胜利镇 | E8: 1 | F8: 20 | I8: 1 | L8: 1 | N8: 12
A9: 张溪镇 | E9: 1 | F9: 27 | I9: 1 | K9: 1 | L9: 1 | N9: 3
A10: 洋湖镇 | E10: 1 | F10: 27 | I10: 1 | K10: 1 | L10: 1 | N10: 4
A11: 葛公镇 | E11: 1 | F11: 27 | I11: 1 | K11: 1 | L11: 1 | N11: 7
A12: 香隅镇 | D12: 50 | E12: 1 | F12: 33 | G12: 80 | H12: 1 | I12: 1 | L12: 1 | N12: 6
A13: 官港镇 | E13: 1 | F13: 27 | I13: 1 | K13: 1 | L13: 1 | N13: 4
A14: 泥溪镇 | E14: 1 | F14: 27 | I14: 1 | K14: 1 | L14: 1 | N14: 4
A15: 昭潭镇 | E15: 1 | F15: 27 | I15: 1 | L15: 1 | N15: 2
A16: 龙泉镇 | E16: 1 | F16: 27 | I16: 1 | K16: 1 | L16: 1 | N16: 2
A17: 木塔乡 | E17: 1 | F17: 26 | I17: 1 | K17: 1 | L17: 1 | N17: 1
A18: 花园乡 | E18: 1 | F18: 25 | I18: 1 | K18: 1 | L18: 1 | N18: 5
A19: 青山乡 | E19: 1 | F19: 25 | I19: 1 | K19: 1 | L19: 1 | N19: 1
A20: 林业局 | I20: 1
A21: 金寺山林场 | B21: 1 | C21: 20 | I21: 1 | J21: 2 | L21: 6 | M21: 3 | N21: 22
A22: 东至梅城林场 | B22: 1 | C22: 20 | I22: 1 | J22: 1 | L22: 1 | N22: 7
A23: 香口林场 | B23: 1 | C23: 20 | I23: 2 | J23: 1 | L23: 1 | N23: 12

Sheet 表7规划建设内容
A1: 东至县森林防火“十四五”规划建设项目一览表
A2: 附表7 | H2: 单位：万元
A3: 建设内容 | B3: 单位 | C3: 近期（2021-2023） | D3: 中远期（2024-2025） | G3: 备注说明 | H3: 总投资 | K3: 近期投资（2016-2020） | N3: 远期投资（2021-2025） | S3: 投资 比例
A4: 一、预警监测系统建设 | E4: =#REF!+#REF!+#REF!+#REF!+#REF! -> #REF! | F4: =#REF!+#REF!+#REF!+#REF!+#REF! -> #REF! | H4: =#REF!+#REF!+#REF!+#REF! -> #REF! | I4: =#REF!+#REF!+#REF!+#REF! -> #REF! | J4: =#REF!+#REF!+#REF!+#REF! -> #REF! | K4: =#REF!+#REF!+#REF!+#REF! -> #REF! | L4: =#REF!+#REF!+#REF!+#REF! -> #REF! | M4: =#REF!+#REF!+#REF!+#REF! -> #REF! | N4: =#REF!+#REF!+#REF!+#REF! -> #REF! | O4: =#REF!+#REF!+#REF!+#REF! -> #REF! | P4: =#REF!+#REF!+#REF!+#REF! -> #REF!
A5: 1、森林火险综合监测站 | B5: 座 | C5: 北低山丘陵地区（天台山森林公园）建设1处。 | D5: 南部丘陵山区各建设1处。 | S5: 6：4
A6: 2、视频监控系统 | B6: 套 | C6: 尧渡以北低山丘陵地区建设1套，南部丘陵山区各建设1套，共2套。 | D6: 北部沿江沿湖地区建设1套，东部石灰岩山区建设1套，共2套。 | S6: 6：4
A7: 3、瞭望塔 | B7: 处 | C7: 修缮4处。
A8: 4、森林火灾风险隐患排查 | B8: 个 | C8: 森林可燃物72个标准地、6个大样地的调查
A9: 二、森林防火信息处理与决策指挥系统
A10: 1、改造县级森林防火指挥中心及配套的应用系统 | B10: 套 | C10: 县森林防火指挥部1套。
A11: 2、防火指挥车 | B11: 辆 | C11: 县森林防火指挥部1辆。
A12: 三、森林专业防扑火队建设
A13: 1、防火专业队伍营房 | B13: 平方米 | C13: 80平方米。
A14: 2、防火训练基地 | B14: 处 | C14: 500平方米。
A15: 四、森林消防能力建设
A16: 1、各类扑火物资 | B16: 台（套、把） | C16: 森林消防专业和半专业队伍人均1把，共440把。 | D16: 森林消防专业和半专业队伍人均1把，共440把。
A17: 2、运兵车 | B17: 辆 | C17: 北部沿江沿湖地区、尧渡以北低山丘陵地区、东部石灰岩山区、南部丘陵山区各1辆，共4辆。
A18: 3、消防车 | B18: 辆 | D18: 北部沿江沿湖地区、尧渡以北低山丘陵地区、东部石灰岩山区、南部丘陵山区各1辆，共4辆。
A19: 4、高扬程灭火水泵 | C19: 北部沿江沿湖地区、尧渡以北低山丘陵地区、东部石灰岩山区、南部丘陵山区各1台，共4台。
A20: 5、新建和改造物资储备库房建设 | B20: 座 | C20: 北部沿江沿湖地区、尧渡以北低山丘陵地区、东部石灰岩山区、南部丘陵山区各1座，共4座。 | D20: 县森林防火指挥部1座。
A21: 五、森林航空消防能力建设
A22: 1、航空站
A23: 2、无人机系统 | C23: 每个乡镇（场、苗圃）配备1架，19架小型无人机，
A24: 六、森林防火通信系统建设 | S24: 6：4
A25: 1、手持设备 | B25: 台 | C25: 北部沿江沿湖地区140台、尧渡以北低山丘陵地区60台、东部石灰岩山区40台、南部丘陵山区140台，防火指挥部20台，共400台。 | F25: =Sheet3!#REF!+Sheet3!#REF!+Sheet3!#REF! -> #REF! | G25: 6+N系统内容，原有内容删除 | H25: 3000 | I25: =H25*0.8 -> 2400 | J25: =H25*0.2 -> 600 | K25: 2000 | L25: =K25*0.8 -> 1600 | M25: =K25*0.2 -> 400 | N25: =H25-K25 -> 1000 | O25: =N25*0.8 -> 800 | P25: =N25*0.2 -> 200 | S25: 8：2
A26: 2、车载设备 | B26: 台 | C26: 县森林防火指挥部1台。 | S26: 6：4
A27: 3、北斗车载系统 | B27: 套 | D27: 县森林防火指挥部1套。 | E27: =E28+#REF!+#REF! -> #REF! | F27: =F28+#REF!+#REF! -> #REF! | H27: =H28+#REF!+#REF! -> #REF! | I27: =H27*0.8 -> #REF! | J27: =H27*0.2 -> #REF! | K27: =K28+#REF!+#REF! -> #REF! | L27: =K27*0.8 -> #REF! | M27: =K27*0.2 -> #REF! | N27: =N28+#REF!+#REF! -> #REF! | O27: =N27*0.8 -> #REF! | P27: =N27*0.2 -> #REF!
A28: 4、北斗手持机 | B28: 台 | D28: 县森林防火指挥部5台。 | F28: =J28*0.9 -> 9000 | H28: 50000 | I28: =H28*0.8 -> 40000 | J28: =H28*0.2 -> 10000 | K28: 30000 | L28: =K28*0.8 -> 24000 | M28: =K28*0.2 -> 6000 | N28: =H28-K28 -> 20000 | O28: =N28*0.8 -> 16000 | P28: =N28*0.2 -> 4000 | S28: 8：2
A29: 七、林火阻隔系统建设 | S29: 6：4
A30: 1、防火隔离带改造提升 | B30: 千米 | C30: 尧渡以北低山丘陵地区：尧渡镇27.13千米；东部石灰岩山区：洋湖镇7.86千米，葛公镇15.5千米，共50.49千米。 | D30: 北部沿江沿湖地区：东流镇15.14千米，香隅镇19.57千米；南部丘陵山区：官港镇2.38千米，泥溪镇16.45千米，花园乡1.07千米，共54.61千米。 | S30: 6：4
A31: 2、工程隔离带质量提升 | B31: 千米 | C31: 南部丘陵山区：官港镇6.09千米，昭潭镇21.82千米，共27.91千米。 | D31: 南部丘陵山区：花园乡9.06千米，木塔乡26.86千米，青山乡2.27千米，共38.19千米。 | S31: 8：2
A32: 3、新建生物防火林带 | B32: 千米 | C32: 尧渡以北低山丘陵地区：尧渡镇35.1千米；东部石灰岩山区：洋湖镇28.1千米，葛公镇11.4千米，共74.6千米。 | D32: 北部沿江沿湖地区：胜利镇10.8千米，香隅镇12.9千米，香口林场1.6千米；南部丘陵山区：昭潭镇6.1千米，官港镇20千米，花园乡12.2千米，共63.6千米。 | E32: =#REF!+#REF!+#REF!+#REF! -> #REF! | F32: =#REF!+#REF!+#REF!+#REF! -> #REF! | G32: 该项内容无法按建设任务分开，建议按照建设内容罗列，如果按照这个内容可以让各个地方再细化 | H32: =#REF!+#REF!+#REF!+#REF! -> #REF! | I32: =#REF!+#REF!+#REF!+#REF! -> #REF! | J32: =#REF!+#REF!+#REF!+#REF! -> #REF! | K32: =#REF!+#REF!+#REF!+#REF! -> #REF! | L32: =#REF!+#REF!+#REF!+#REF! -> #REF! | M32: =#REF!+#REF!+#REF!+#REF! -> #REF! | N32: =#REF!+#REF!+#REF!+#REF! -> #REF! | O32: =#REF!+#REF!+#REF!+#REF! -> #REF! | P32: =#REF!+#REF!+#REF!+#REF! -> #REF! | S32: 8：2
A33: 4、森林防火应急道路 | B33: 千米 | C33: 东部石灰岩山区：洋湖镇34.8千米；北部沿江沿湖地区：香口林场7.9千米；尧渡以北低山丘陵地区：金寺山林场16.5千米，梅城林场19.5千米，尧渡镇2.1千米，共80.8千米。 | D33: 南部丘陵山区：木塔镇40千米，昭潭镇26.3千米，青山乡30.6千米，共96.9千米。
A34: 八、森林防火宣传教育体系建设
A35: 大型宣传牌 | B35: 个 | C35: 尧渡以北低山丘陵地区和南部丘陵山区各建设1个。 | D35: 北部沿江沿湖地区和东部石灰岩山区各建设1个。 | S35: 8：2
A36: 电子显示屏 | B36: 项 | C36: 尧渡以北低山丘陵地区和南部丘陵山区各建设1个。 | D36: 北部沿江沿湖地区和东部石灰岩山区各建设1个。 | E36: =E37+#REF! -> #REF! | F36: =F37+#REF! -> #REF! | H36: =H37+#REF! -> #REF! | I36: =I37+#REF! -> #REF! | J36: =J37+#REF! -> #REF! | K36: =K37+#REF! -> #REF! | L36: =L37+#REF! -> #REF! | M36: =M37+#REF! -> #REF! | N36: =N37+#REF! -> #REF! | O36: =O37+#REF! -> #REF! | P36: =P37+#REF! -> #REF!
A37: 防火宣传车 | B37: 座 | C37: 县森林防火指挥部1辆。 | F37: =J37 -> 33000 | G37: 未实施还是没统计（国家没有） | H37: 165000 | I37: =H37*0.8 -> 132000 | J37: =H37*0.2 -> 33000 | K37: 85000 | L37: =K37*0.8 -> 68000 | M37: =K37*0.2 -> 17000 | N37: =H37-K37 -> 80000 | O37: =N37*0.8 -> 64000 | P37: =N37*0.2 -> 16000 | S37: 8：2
A38: 智能语音系统 | B38: 套 | C38: 尧渡以北低山丘陵地区：建设6套；南部丘陵山区：建设14套；共建设20套。 | D38: 北部沿江沿湖地区：10套；东部石灰岩山区：建设6套；共建设16套。 | S38: 6：4
A39: 九、重点区域防火建设
A40: 焚烧池 | B40: 个 | C40: 北部沿江沿湖地区：50个；尧渡以北低山丘陵地区：30个；共80个。 | D40: 东部石灰岩山区：20个；南部丘陵山区：40个；共60个。
A41: 新建塘坝 | B41: 座 | C41: 南部丘陵山区：建设14座。 | D41: 东部石灰岩山区：建设6座。
A42: 新建蓄水池（桶） | B42: 个 | C42: 尧渡以北低山丘陵地区：建设6个；南部丘陵山区：建设14个；共建设20个。 | D42: 北部沿江沿湖地区：7个；东部石灰岩山区：建设6个；共建设13个。

Sheet 附表2
A1: 森林火险预警监测系统现状统计表
A2: 附表2
A3: 项目名称 | B3: 森林火险预警系统 | F3: 卫星林火监测系统 | I3: 林火视频监控系统 | L3: 瞭望塔（台）建设 | Q3: 火情瞭望监测覆盖面积（林地面积） | T3: 火情瞭望监测覆盖率
B4: 国家级预警管理平台 | C4: 省级预警管理平台 | D4: 森林火险预警模型 | E4: 森林火险综合检测站 | F4: 卫星数据接收处理系统 | G4: 卫星资源数据共享分发平台 | H4: 分中心的数据上传系统 | I4: 新建 | J4: 覆盖面积（林地面积） | K4: 覆盖率 | L4: 新建 | M4: 改造 | N4: 望远镜、红外探测仪 | O4: 覆盖面积（林地面积） | P4: 覆盖率 | Q4: 规划实施前 | R4: 2020年 | S4: 预计规划期末 | T4: 规划实施前 | U4: 2020年 | V4: 预计规划期末
B5: 套 | C5: 套 | D5: 套 | E5: 个 | F5: 套 | G5: 套 | H5: 套 | I5: 套 | J5: 公顷 | K5: % | L5: 座 | M5: 座 | N5: 个 | O5: 公顷 | P5: % | Q5: 公顷 | R5: 公顷 | S5: 公顷 | T5: % | U5: % | V5: %
A6: 2016-2020年全省合计完成量 | B6: =SUM(B7:B19) -> 0 | C6: 0 | D6: =SUM(D7:D19) -> 1 | E6: =SUM(E7:E19) -> 8 | F6: =SUM(F7:F19) -> 0 | G6: =SUM(G7:G19) -> 0 | H6: =SUM(H7:H19) -> 0 | I6: =SUM(I7:I19) -> 254 | J6: =SUM(J7:J19) -> 1069285.7 | K6: 28 | L6: =SUM(L7:L19) -> 74 | M6: =SUM(M7:M19) -> 61 | N6: =SUM(N7:N19) -> 84 | O6: =SUM(O7:O19) -> 284067 | P6: 10 | Q6: 1479314 | R6: =SUM(R7:R19) -> 2601126 | S6: 3142988 | T6: 37 | U6: 66 | V6: 79
A7: 淮北市 | B7: 0 | C7: 0 | D7: 0 | E7: 0 | F7: 0 | G7: 0 | H7: 0 | I7: 1 | J7: 953.66 | K7: 95 | L7: 11 | M7: 0 | N7: 0 | O7: 2000 | Q7: 1052 | R7: 3052 | S7: 4050
A8: 宿州市 | B8: 0 | C8: 0 | D8: 0 | E8: 1 | F8: 0 | G8: 0 | H8: 0 | I8: 2 | J8: 5303 | K8: 48.56 | L8: 2 | M8: 0 | N8: 1 | O8: 400 | P8: 31.68 | Q8: 1353 | R8: 8056 | S8: 25765 | T8: 23.3 | U8: 57.34 | V8: 80.6
A9: 蚌埠市 | B9: 0 | C9: 0 | D9: 0 | E9: 0 | F9: 0 | G9: 0 | H9: 0 | I9: 5 | J9: 4420 | K9: 73.7 | L9: 2 | M9: 0 | N9: 0 | O9: 1000 | P9: 16.7 | Q9: 4258 | R9: 6732 | S9: 8972 | T9: 0 | U9: 16.7 | V9: 100
A10: 淮南市 | B10: 0 | C10: 0 | D10: 0 | E10: 0 | F10: 0 | G10: 0 | H10: 0 | I10: 3 | J10: 52300 | K10: 60 | L10: 2 | M10: 0 | N10: 0 | O10: 1100 | Q10: 42630 | R10: 53400 | S10: 70000
A11: 滁州市 | B11: 0 | C11: 0 | D11: 0 | E11: 0 | F11: 0 | G11: 0 | H11: 0 | I11: 1 | J11: 77928 | K11: 71 | L11: 4 | M11: 23 | N11: 52 | O11: 97926 | P11: 90 | Q11: 89063 | R11: 132856 | S11: 109500 | T11: 81 | U11: 91 | V11: 95
A12: 六安市 | B12: 0 | C12: 0 | D12: 0 | E12: 5 | F12: 0 | G12: 0 | H12: 0 | I12: 2 | J12: 126458 | K12: 18.9 | L12: 6 | M12: 1 | N12: 0 | O12: 15100 | P12: 3.48 | Q12: 234568 | R12: 398516 | S12: 459824 | T12: 43.8 | U12: 58.8 | V12: 70
A13: 马鞍山市 | B13: 0 | C13: 0 | D13: 0 | E13: 1 | F13: 0 | G13: 0 | H13: 0 | I13: 1 | J13: 4000 | K13: 95 | L13: 0 | M13: 4 | N13: 2 | O13: 24000 | P13: 73 | Q13: 29852 | R13: 39800 | S13: 90000
A14: 芜湖市 | B14: 0 | C14: 0 | D14: 0 | E14: 0 | F14: 0 | G14: 0 | H14: 0 | I14: 1 | J14: 28260 | K14: 18.4 | L14: 3 | M14: 0 | N14: 3 | O14: 7500 | P14: 4.9 | Q14: 12056 | R14: 31285 | S14: 60000
A15: 安庆市 | B15: 0 | C15: 0 | D15: 0 | E15: 1 | F15: 0 | G15: 0 | H15: 0 | I15: 186 | J15: 189756 | K15: 0 | L15: 35 | M15: 2 | N15: 16 | O15: 30257 | Q15: 248976 | R15: 468245 | S15: 576826
A16: 铜陵市 | B16: 0 | C16: 0 | D16: 0 | E16: 0 | F16: 0 | G16: 0 | H16: 0 | I16: 1 | J16: 7300 | K16: 19 | L16: 0 | M16: 0 | N16: 0 | O16: 0 | P16: 0 | Q16: 32048 | R16: 43219 | S16: 52897 | T16: 0 | U16: 8 | V16: 10
A17: 宣城市 | B17: 0 | C17: 0 | D17: 0 | E17: 0 | F17: 0 | G17: 0 | H17: 0 | I17: 4 | J17: 120214 | K17: 0 | L17: 8 | M17: 17 | N17: 0 | O17: 25498 | Q17: 256815 | R17: 486579 | S17: 598756 | T17: 10 | U17: 10 | V17: 15
A18: 池州市 | B18: 0 | C18: 0 | D18: 1 | E18: 0 | F18: 0 | G18: 0 | H18: 0 | I18: 37 | J18: 265514 | K18: 52 | L18: 1 | M18: 14 | N18: 10 | O18: 79286 | P18: 24 | Q18: 236879 | R18: 446708 | S18: 549800 | T18: 45 | U18: 80 | V18: 100
A19: 黄山市 | B19: 0 | C19: 0 | D19: 0 | E19: 0 | F19: 0 | G19: 0 | H19: 0 | I19: 10 | J19: 186879 | K19: 95 | L19: 0 | M19: 0 | N19: 0 | O19: 0 | P19: 0 | Q19: 289764 | R19: 482678 | S19: 536598 | T19: 10 | U19: 10 | V19: 10
A20: 其中：森林火灾高风险区完成量 | B20: 0 | C20: 0 | D20: 0 | E20: 7 | F20: 0 | G20: 0 | H20: 0 | I20: 238 | J20: 456345.5 | L20: 49 | M20: 44 | N20: 83 | O20: 254069 | Q20: 1427582.5 | R20: 2581914.3 | S20: 2896432 | T20: 40 | U20: 71 | V20: 80
A21: 截至目前现有数量 | B21: =SUM(B22:B34) -> 0 | C21: 1 | D21: =SUM(D22:D34) -> 1 | E21: =SUM(E22:E34) -> 45 | F21: =SUM(F22:F34) -> 0 | G21: =SUM(G22:G34) -> 0 | H21: =SUM(H22:H34) -> 0 | I21: =SUM(I22:I34) -> 268 | J21: =SUM(J22:J34) -> 1724654.7 | K21: 44 | L21: =SUM(L22:L34) -> 171 | M21: =SUM(M22:M34) -> 82 | N21: =SUM(N22:N34) -> 135 | O21: =SUM(O22:O34) -> 879288 | P21: 24 | Q21: 1479314 | R21: =SUM(R22:R34) -> 2601126 | S21: 3142988 | T21: 37 | U21: 66 | V21: 79
A22: 淮北市 | B22: 0 | C22: 0 | D22: 0 | E22: 0 | F22: 0 | G22: 0 | H22: 0 | I22: 1 | J22: 953.66 | K22: 95 | L22: 11 | M22: 0 | N22: 0 | O22: 2000 | Q22: 1052 | R22: 3052 | S22: 4050
A23: 宿州市 | B23: 0 | C23: 0 | D23: 0 | E23: 1 | F23: 0 | G23: 0 | H23: 0 | I23: 3 | J23: 6056 | K23: 62.25 | L23: 5 | M23: 0 | N23: 1 | O23: 1000 | P23: 45.32 | Q23: 1353 | R23: 8056 | S23: 25765 | T23: 23.3 | U23: 57.34 | V23: 80.6
A24: 蚌埠市 | B24: 0 | C24: 0 | D24: 0 | E24: 0 | F24: 0 | G24: 0 | H24: 0 | I24: 5 | J24: 4420 | K24: 73.7 | L24: 2 | M24: 0 | N24: 0 | O24: 1000 | P24: 16.7 | Q24: 4258 | R24: 6732 | S24: 8972 | T24: 0 | U24: 16.7 | V24: 100
A25: 淮南市 | B25: 0 | C25: 0 | D25: 0 | E25: 0 | F25: 0 | G25: 0 | H25: 0 | I25: 3 | J25: 52300 | K25: 602 | L25: 2 | M25: 0 | N25: 0 | O25: 1100 | Q25: 42630 | R25: 53400 | S25: 70000
A26: 滁州市 | B26: 0 | C26: 0 | D26: 0 | E26: 0 | F26: 0 | G26: 0 | H26: 0 | I26: 1 | J26: 77928 | K26: 71 | L26: 4 | M26: 42 | N26: 52 | O26: 97926 | P26: 90 | Q26: 89063 | R26: 132856 | S26: 109500 | T26: 81 | U26: 91 | V26: 95
A27: 六安市 | B27: 0 | C27: 0 | D27: 0 | E27: 13 | F27: 0 | G27: 0 | H27: 0 | I27: 2 | J27: 245687 | K27: 18.9 | L27: 25 | M27: 1 | N27: 0 | O27: 135978 | P27: 3.48 | Q27: 234568 | R27: 398516 | S27: 459824 | T27: 43.8 | U27: 58.8 | V27: 70
A28: 芜湖市 | B28: 0 | C28: 0 | D28: 0 | E28: 0 | F28: 0 | G28: 0 | H28: 0 | I28: 1 | J28: 28260 | K28: 18.4 | L28: 5 | N28: 5 | O28: 11500 | P28: 7.5 | Q28: 29852 | R28: 39800 | S28: 90000
A29: 马鞍山市 | B29: 0 | C29: 0 | D29: 0 | E29: 1 | F29: 0 | G29: 0 | H29: 0 | I29: 1 | J29: 4000 | K29: 95 | L29: 0 | M29: 4 | N29: 2 | O29: 24000 | P29: 73 | Q29: 12056 | R29: 31285 | S29: 60000
A30: 安庆市 | B30: 0 | C30: 0 | D30: 0 | E30: 1 | F30: 0 | G30: 0 | H30: 0 | I30: 186 | J30: 389711 | L30: 48 | M30: 2 | N30: 16 | O30: 89776 | Q30: 248976 | R30: 468245 | S30: 576826
A31: 铜陵市 | B31: 0 | C31: 0 | D31: 0 | E31: 5 | F31: 0 | G31: 0 | H31: 0 | I31: 1 | J31: 40248 | L31: 0 | M31: 4 | N31: 0 | O31: 2589 | P31: 0.3 | Q31: 32048 | R31: 43219 | S31: 52897 | T31: 0 | U31: 8 | V31: 10
A32: 宣城市 | B32: 0 | C32: 0 | D32: 0 | E32: 15 | F32: 0 | G32: 0 | H32: 0 | I32: 8 | J32: 215648 | K32: 12 | L32: 67 | M32: 0 | N32: 9 | O32: 245000 | P32: 35.7 | Q32: 256815 | R32: 486579 | S32: 598756 | T32: 10 | U32: 10 | V32: 15
A33: 池州市 | B33: 0 | C33: 0 | D33: 1 | E33: 0 | F33: 0 | G33: 0 | H33: 0 | I33: 37 | J33: 326879 | K33: 52 | L33: 2 | M33: 14 | N33: 35 | O33: 119286 | P33: 38 | Q33: 236879 | R33: 446708 | S33: 549800 | T33: 45 | U33: 80 | V33: 100
A34: 黄山市 | B34: 0 | C34: 0 | D34: 0 | E34: 9 | F34: 0 | G34: 0 | H34: 0 | I34: 19 | J34: 332564 | K34: 95 | L34: 0 | M34: 15 | N34: 15 | O34: 148133 | P34: 20 | Q34: 289764 | R34: 482678 | S34: 536598 | T34: 10 | U34: 10 | V34: 10
A35: 其中：森林火灾高风险区完成量 | B35: 0 | C35: 0 | D35: 1 | E35: 30 | F35: 0 | G35: 0 | H35: 0 | I35: 246 | J35: 457545.5 | L35: 123 | M35: 78 | N35: 115 | O35: 402213 | Q35: 1427582.5 | R35: 3636499 | S35: 3636499 | T35: 40 | U35: 71 | V35: 80
A36: 注：1、全国森林防火规划（2016—2025年）以外的建设项目可自行增加列。
A37: 2、火险区综合治理等项目，按审批建设内容拆解填表。
A38: 3、本表需填报省级合计数、所辖地级市合计数，以及本省高危区、高风险区合计数。
A39: 4、林管局、林场等省/森工集团直属单位单独成行统计填报，保护区、森林公园等自然保护地数据由其所在地市一并统计填报。

Sheet 附表3
A1: 森林防火通信和信息指挥系统现状统计表
A2: 附表3
A3: 项目名称 | B3: 森林防火通信系统建设 | U3: 森林防火信息指挥系统建设 | AA3: 火场通讯覆盖面积（林地面积） | AD3: 火场通讯覆盖率
B4: 有线综合网建设 | C4: 火场通信网络建设 | J4: 卫星通信网络建设 | R4: 应急机动通信系统建设 | U4: 森林防火指挥中心建设 | Y4: 森林防火业务软件平台建设 | Z4: 运维管理系统建设 | AA4: 规划实施前 | AB4: 2020年 | AC4: 预计规划期末 | AD4: 规划实施前 | AE4: 2020年 | AF4: 预计规划期末
C5: 数字超短波固定基站(新建) | D5: 数字超短波固定基站(升级) | E5: 数字超短波基地台 | F5: 背负台 | G5: 车载台 | H5: 语音网关 | I5: 手持台 | J5: VSAT固定站 | K5: VSAT固定小站 | L5: 便携站及视频图传系统 | M5: BGAN系统 | N5: 海事卫星电话 | O5: 北斗指挥机系统 | P5: 北斗车载台（机载台） | Q5: 北斗手持机 | R5: 大型综合通信车 | S5: 中型综合通信车 | T5: 小型综合通信车 | U5: 国家级 | V5: 省级 | W5: 地级 | X5: 县级
B6: 套 | C6: 套 | D6: 套 | E6: 套 | F6: 套 | G6: 套 | H6: 套 | I6: 台 | J6: 套 | K6: 套 | L6: 套 | M6: 套 | N6: 套 | O6: 套 | P6: 套 | Q6: 套 | R6: 辆 | S6: 辆 | T6: 辆 | U6: 处 | V6: 套 | W6: 套 | X6: 套 | Y6: 套 | Z6: 套 | AA6: 公顷 | AB6: 公顷 | AC6: 公顷 | AD6: % | AE6: % | AF6: %
A7: 2016-2020年全省合计完成量 | B7: =SUM(B8:B15) -> 1 | C7: =SUM(C8:C15) -> 1 | D7: =SUM(D8:D15) -> 0 | E7: =SUM(E8:E15) -> 0 | F7: =SUM(F8:F15) -> 0 | G7: =SUM(G8:G15) -> 6 | H7: =SUM(H8:H15) -> 0 | I7: =SUM(I8:I15) -> 1164 | J7: =SUM(J8:J15) -> 0 | K7: 0 | L7: =SUM(L8:L15) -> 0 | M7: =SUM(M8:M15) -> 0 | N7: =SUM(N8:N15) -> 0 | O7: =SUM(O8:O15) -> 1 | P7: =SUM(P8:P15) -> 0 | Q7: =SUM(Q8:Q15) -> 1 | R7: =SUM(R8:R15) -> 0 | S7: =SUM(S8:S15) -> 0 | ... Z7: =SUM(Z8:Z15) -> 1 | AA7: 3685189 | AB7: 4493300 | AC7: 4493300 | AD7: 82 | AE7: 100 | AF7: 100
A8: 蚌埠市 | B8: 0 | C8: 0 | D8: 0 | E8: 0 | F8: 0 | G8: 0 | H8: 0 | I8: 66 | J8: 0 | K8: 0 | L8: 0 | M8: 0 | N8: 0 | O8: 0 | P8: 0 | Q8: 0 | R8: 0 | S8: 0 | T8: 0 | U8: 0 | V8: 0 | W8: 0 | X8: 0 | Y8: 0 | Z8: 0
A9: 淮南市 | B9: 0 | C9: 0 | D9: 0 | E9: 0 | F9: 0 | G9: 2 | H9: 0 | I9: 10 | J9: 0 | K9: 0 | L9: 0 | M9: 0 | N9: 0 | O9: 0 | P9: 0 | Q9: 0 | R9: 0 | S9: 0 | T9: 0 | U9: 0 | V9: 0 | W9: 0 | X9: 0 | Y9: 0 | Z9: 0
A10: 安庆市 | B10: 0 | C10: 0 | D10: 0 | E10: 0 | F10: 0 | G10: 0 | H10: 0 | I10: 60 | J10: 0 | K10: 0 | L10: 0 | M10: 0 | N10: 0 | O10: 0 | P10: 0 | Q10: 0 | R10: 0 | S10: 0 | T10: 0 | U10: 0 | V10: 0 | W10: 0 | X10: 4 | Y10: 2 | Z10: 0
A11: 六安市 | B11: 0 | C11: 0 | D11: 0 | E11: 0 | F11: 0 | G11: 0 | H11: 0 | I11: 0 | J11: 0 | K11: 0 | L11: 0 | M11: 0 | N11: 0 | O11: 0 | P11: 0 | Q11: 0 | R11: 0 | S11: 0 | T11: 0 | U11: 0 | V11: 0 | W11: 1 | X11: 1 | Y11: 3 | Z11: 0
A12: 芜湖市 | B12: 1 | C12: 0 | D12: 0 | E12: 0 | F12: 0 | G12: 0 | H12: 0 | I12: 120 | J12: 0 | K12: 0 | L12: 0 | M12: 0 | N12: 0 | O12: 0 | P12: 0 | Q12: 0 | R12: 0 | S12: 0 | T12: 0 | U12: 0 | V12: 0 | W12: 1 | X12: 0 | Y12: 1 | Z12: 1
A13: 马鞍山市 | B13: 0 | C13: 0 | D13: 0 | E13: 0 | F13: 0 | G13: 2 | H13: 0 | I13: 130 | J13: 0 | K13: 0 | L13: 0 | M13: 0 | N13: 0 | O13: 0 | P13: 0 | Q13: 0 | R13: 0 | S13: 0 | T13: 0 | U13: 0 | V13: 0 | W13: 0 | X13: 1 | Y13: 0 | Z13: 0
A14: 铜陵市 | B14: 0 | C14: 1 | D14: 0 | E14: 0 | F14: 0 | G14: 0 | H14: 0 | I14: 0 | J14: 0 | K14: 0 | L14: 0 | M14: 0 | N14: 0 | O14: 0 | P14: 0 | Q14: 0 | R14: 0 | S14: 0 | T14: 0 | U14: 0 | V14: 0 | W14: 0 | X14: 1 | Y14: 0 | Z14: 0
A15: 池州市 | B15: 0 | C15: 0 | D15: 0 | E15: 0 | F15: 0 | G15: 2 | H15: 0 | I15: 778 | J15: 0 | K15: 0 | L15: 0 | M15: 0 | N15: 0 | O15: 1 | P15: 0 | Q15: 1 | R15: 0 | S15: 0 | T15: 0 | U15: 0 | V15: 0 | W15: 0 | X15: 5 | Y15: 4 | Z15: 0
A16: 其中：森林火灾高风险区完成量 | B16: 0 | C16: 1 | D16: 0 | E16: 0 | F16: 0 | G16: 4 | H16: 0 | I16: 1070 | J16: 0 | K16: 0 | L16: 0 | M16: 0 | N16: 0 | O16: 1 | P16: 0 | Q16: 1 | R16: 0 | S16: 0 | T16: 0 | U16: 0 | V16: 0 | W16: 1 | X16: 12 | Y16: 9 | Z16: 0 | AA16: 2564895 | AB16: 3636499 | AC16: 3636499 | AD16: 75 | AE16: 100 | AF16: 100
A17: 截至目前现有数量 | B17: =SUM((B18:B26)) -> 1 | C17: =SUM((C18:C26)) -> 1 | D17: =SUM((D18:D26)) -> 0 | E17: =SUM((E18:E26)) -> 0 | F17: =SUM((F18:F26)) -> 0 | G17: =SUM((G18:G26)) -> 14 | H17: =SUM((H18:H26)) -> 0 | I17: =SUM((I18:I26)) -> 1216 | ... U17: =SUM((U18:U26)) -> 0 | V17: 1 | W17: =SUM((W18:W26)) -> 5 | X17: =SUM((X18:X26)) -> 23 | Y17: =SUM((Y18:Y26)) -> 18 | Z17: =SUM((Z18:Z26)) -> 5 | AA17: 3685189 | AB17: 4493300 | AC17: 4493300 | AD17: 82 | AE17: 100 | AF17: 100
A18: 蚌埠市 | B18: 0 | C18: 0 | D18: 0 | E18: 0 | F18: 0 | G18: 0 | H18: 0 | I18: 66 | J18: 0 | K18: 0 | L18: 0 | M18: 0 | N18: 0 | O18: 0 | P18: 0 | Q18: 0 | R18: 0 | S18: 0 | T18: 0 | U18: 0 | V18: 0 | W18: 0 | X18: 0 | Y18: 0 | Z18: 0
A19: 淮南市 | B19: 0 | C19: 0 | D19: 0 | E19: 0 | F19: 0 | G19: 2 | H19: 0 | I19: 10 | J19: 0 | K19: 0 | L19: 0 | M19: 0 | N19: 0 | O19: 0 | P19: 0 | Q19: 0 | R19: 0 | S19: 0 | T19: 0 | U19: 0 | V19: 0 | W19: 1 | X19: 7 | Y19: 0 | Z19: 0
A20: 安庆市 | B20: 0 | C20: 0 | D20: 0 | E20: 0 | F20: 0 | G20: 0 | H20: 0 | I20: 60 | J20: 0 | K20: 0 | L20: 0 | M20: 0 | N20: 0 | O20: 0 | P20: 0 | Q20: 0 | R20: 0 | S20: 0 | T20: 0 | U20: 0 | V20: 0 | W20: 1 | X20: 4 | Y20: 2 | Z20: 0
A21: 六安市 | B21: 0 | C21: 0 | D21: 0 | E21: 0 | F21: 0 | G21: 0 | H21: 0 | I21: 52 | J21: 0 | K21: 0 | L21: 0 | M21: 0 | N21: 1 | O21: 0 | P21: 0 | Q21: 1 | R21: 0 | S21: 0 | T21: 0 | U21: 0 | V21: 0 | W21: 1 | X21: 1 | Y21: 3 | Z21: 0
A22: 芜湖市 | B22: 1 | C22: 0 | D22: 0 | E22: 0 | F22: 0 | G22: 0 | H22: 0 | I22: 120 | J22: 0 | K22: 0 | L22: 0 | M22: 0 | N22: 0 | O22: 0 | P22: 0 | Q22: 0 | R22: 0 | S22: 0 | T22: 0 | U22: 0 | V22: 0 | W22: 1 | X22: 0 | Y22: 1 | Z22: 1
A23: 马鞍山市 | B23: 0 | C23: 0 | D23: 0 | E23: 0 | F23: 0 | G23: 2 | H23: 0 | I23: 130 | J23: 0 | K23: 0 | L23: 0 | M23: 0 | N23: 0 | O23: 0 | P23: 0 | Q23: 0 | R23: 0 | S23: 0 | T23: 0 | U23: 0 | V23: 0 | W23: 0 | X23: 1 | Y23: 0 | Z23: 0
A24: 铜陵市 | B24: 0 | C24: 1 | D24: 0 | E24: 0 | F24: 0 | G24: 3 | H24: 0 | I24: 0 | J24: 0 | K24: 0 | L24: 0 | M24: 0 | N24: 0 | O24: 0 | P24: 0 | Q24: 0 | R24: 0 | S24: 0 | T24: 0 | U24: 0 | V24: 0 | W24: 0 | X24: 1 | Y24: 0 | Z24: 0
A25: 池州市 | B25: 0 | C25: 0 | D25: 0 | E25: 0 | F25: 0 | G25: 2 | H25: 0 | I25: 778 | J25: 0 | K25: 0 | L25: 0 | M25: 0 | N25: 0 | O25: 1 | P25: 0 | Q25: 1 | R25: 0 | S25: 0 | T25: 0 | U25: 0 | V25: 0 | W25: 0 | X25: 5 | Y25: 4 | Z25: 0
A26: 黄山市 | B26: 0 | C26: 0 | D26: 0 | E26: 0 | F26: 0 | G26: 5 | H26: 0 | I26: 0 | J26: 0 | K26: 0 | L26: 0 | M26: 0 | N26: 1 | O26: 0 | P26: 0 | Q26: 2 | R26: 0 | S26: 0 | T26: 0 | U26: 0 | V26: 0 | W26: 1 | X26: 4 | Y26: 8 | Z26: 4
A27: 其中：森林火灾高风险区完成量 | B27: 0 | C27: 1 | D27: 0 | E27: 0 | F27: 0 | G27: 5 | H27: 0 | I27: 1070 | J27: 0 | K27: 0 | L27: 0 | M27: 0 | N27: 2 | O27: 1 | P27: 0 | Q27: 4 | R27: 0 | S27: 0 | T27: 0 | U27: 0 | V27: 0 | W27: 2 | X27: 12 | Y27: 15 | Z27: 4 | AA27: 2564895 | AB27: 3636499 | AC27: 3636499 | AD27: 75 | AE27: 100 | AF27: 100
A28: 注：1、全国森林防火规划（2016—2025年）以外的建设项目可自行增加列。
A29: 2、火险区综合治理等项目，按审批建设内容拆解填表。
A30: 3、本表需填报省级合计数、所辖地级市合计数，以及本省高危区、高风险区合计数。
A31: 4、林管局、林场等省/森工集团直属单位单独成行统计填报，保护区、森林公园等自然保护地数据由其所在地市一并统计填报。

Sheet 附表4
A1: 森林消防队伍能力建设现状统计表
A2: 附表4
A3: 项目名称 | B3: 专业队伍建设 | J3: 森林消防专业队伍标准化建设 | S3: 以水灭火设施设备建设 | V3: 大型装备建设 | X3: 森林防火野外实训基地 | Y3: 森林防火专业队伍配备数量 | AB3: 重点区域县级行政单位森林防火专业队伍配备率
B4: 合计 | C4: 其中归林草部门管理 | D4: 其中归应急部门管理 | E4: 其他（请备注说明） | F4: 合计 | G4: 其中归林草部门管理 | H4: 其中归应急部门管理 | I4: 其他（请备注说明） | J4: 完善提升专业队装备（标准化建设） | K4: 装备风力灭火机械化队伍 | L4: 风力灭火机、油锯、割灌机等基本灭火机具 | M4: 运兵车、机具车、消防艇等防火车辆 | N4: 队员安全防护装备和野外生存装备 | O4: 新建专业队营房 | P4: 新建专业队营房 | Q4: 改扩建专业队伍营房 | R4: 扑火前指挥基地 | S4: 装备以水灭火队伍 | T4: 以水灭火装备 | U4: 以水灭火水源地 | V4: 装备大型装备专业队伍 | W4: 配备大型装备 | X4: 国家森林防火野外实训基地 | Y4: 规划实施前 | Z4: 2020年 | AA4: 预计规划期末 | AB4: 规划实施前 | AC4: 2020年 | AD4: 预计规划期末
B5: 支 | C5: 支 | D5: 支 | E5: 支 | F5: 人 | G5: 人 | H5: 人 | I5: 人 | J5: 支 | K5: 支 | L5: 台 | M5: 辆 | N5: 套 | O5: 平方米 | P5: 座 | Q5: 平方米 | R5: 处 | S5: 支 | T5: 台 | U5: 处 | V5: 支 | W5: 辆 | X5: 处 | Y5: 支 | Z5: 支 | AA5: 支 | AB5: % | AC5: % | AD5: %
A6: 2016-2020年全省合计完成量 | B6: =SUM(B7:B16) -> 110 | C6: =SUM(C7:C16) -> 98 | D6: =SUM(D7:D16) -> 9 | E6: =SUM(E7:E16) -> 3 | F6: =SUM(F7:F16) -> 2879 | G6: =SUM(G7:G16) -> 2209 | H6: =SUM(H7:H16) -> 475 | I6: =SUM(I7:I16) -> 195 | ... O6: =SUM(O7:O16) -> 7464 | Q6: =SUM(Q7:Q16) -> 2353 | R6: =SUM(R7:R16) -> 4 | S6: =SUM(S7:S16) -> 36 | T6: =SUM(T7:T16) -> 452 | U6: =SUM(U7:U16) -> 1114 | V6: =SUM(V7:V16) -> 0 | W6: =SUM(W7:W16) -> 0 | X6: =SUM(X7:X16) -> 5 | ... AA6: =SUM(AA7:AA16) -> 146 | AB6: 80 | AC6: 100 | AD6: 100
A7: 蚌埠市 | B7: 2 | C7: 0 | D7: 2 | E7: 0 | F7: 50 | G7: 0 | H7: 50 | I7: 0 | J7: 2 | K7: 2 | L7: 50 | M7: 2 | N7: 50 | O7: 1000 | Q7: 0 | R7: 1 | S7: 3 | T7: 3 | U7: 9 | V7: 0 | W7: 0 | X7: 0 | Y7: 0 | Z7: 2 | AA7: 4 | AB7: 0 | AC7: 100 | AD7: 100
A8: 滁州市 | B8: 50 | C8: 50 | D8: 0 | E8: 0 | F8: 900 | G8: 900 | H8: 0 | I8: 0 | J8: 50 | K8: 50 | L8: 600 | M8: 30 | N8: 346 | O8: 400 | Q8: 300 | R8: 2 | S8: 12 | T8: 106 | U8: 29 | V8: 0 | W8: 0 | X8: 3 | Y8: 50 | Z8: 50 | AA8: 50 | AB8: 0 | AC8: 0 | AD8: 100
A9: 六安市 | B9: 0 | C9: 0 | D9: 0 | E9: 0 | F9: 0 | G9: 0 | H9: 0 | I9: 0 | J9: 0 | K9: 0 | L9: 626 | M9: 12 | N9: 340 | O9: 1043 | Q9: 0 | R9: 0 | S9: 0 | T9: 131 | U9: 0 | V9: 0 | W9: 0 | X9: 0 | Y9: 0 | Z9: 0 | AA9: 0
A10: 芜湖市 | B10: 6 | C10: 6 | D10: 0 | E10: 0 | F10: 136 | G10: 136 | H10: 0 | I10: 0 | J10: 0 | K10: 6 | L10: 217 | M10: 6 | N10: 136 | O10: 0 | Q10: 0 | R10: 0 | S10: 3 | T10: 32 | U10: 180 | V10: 0 | W10: 0 | X10: 0 | Y10: 9 | Z10: 6 | AA10: 6 | AB10: 100 | AC10: 100 | AD10: 100
A11: 宿州市 | B11: 7 | C11: 7 | D11: 0 | E11: 0 | F11: 167 | G11: 167 | H11: 0 | I11: 0 | J11: 7 | K11: 7 | L11: 150 | M11: 7 | N11: 150 | O11: 0 | Q11: 0 | R11: 0 | S11: 0 | T11: 0 | U11: 0 | V11: 0 | W11: 0 | X11: 0 | Y11: 7 | Z11: 7 | AA11: 7
A12: 马鞍山市 | B12: 12 | C12: 12 | D12: 0 | E12: 0 | F12: 302 | G12: 302 | H12: 0 | I12: 0 | J12: 5 | K12: 12 | L12: 471 | M12: 14 | N12: 0 | O12: 0 | Q12: 150 | R12: 0 | S12: 2 | T12: 10 | U12: 4 | V12: 0 | W12: 0 | X12: 2 | Y12: 12 | Z12: 15 | AA12: 18 | AB12: 59 | AC12: 76 | AD12: 100
A13: 铜陵市 | B13: 3 | C13: 2 | D13: 1 | E13: 0 | F13: 70 | G13: 45 | H13: 25 | I13: 0 | J13: 0 | K13: 2 | L13: 50 | M13: 1 | N13: 45 | O13: 0 | Q13: 0 | R13: 0 | S13: 1 | T13: 9 | U13: 100 | V13: 0 | W13: 0 | X13: 0 | Y13: 1 | Z13: 1 | AA13: 1 | AB13: 80 | AC13: 80 | AD13: 100
A14: 池州市 | B14: 10 | C14: 10 | D14: 0 | E14: 0 | F14: 345 | G14: 345 | H14: 0 | I14: 0 | J14: 35 | K14: 34 | L14: 390 | M14: 29 | N14: 1326 | O14: 1021 | Q14: 1397 | R14: 0 | S14: 4 | T14: 45 | U14: 42 | V14: 0 | W14: 0 | X14: 0 | Y14: 13 | Z14: 23 | AA14: 38 | AB14: 25 | AC14: 95 | AD14: 100
A15: 黄山市 | B15: 9 | C15: 7 | D15: 1 | E15: 1 | F15: 489 | G15: 149 | H15: 200 | I15: 140 | J15: 7 | K15: 7 | L15: 160 | M15: 0 | N15: 319 | O15: 0 | Q15: 6 | R15: 0 | S15: 7 | T15: 62 | U15: 692 | V15: 0 | W15: 0 | X15: 0 | Y15: 7 | Z15: 7 | AA15: 8 | AB15: 90 | AC15: 90 | AD15: 100
A16: 安庆市 | B16: 11 | C16: 4 | D16: 5 | E16: 2 | F16: 420 | G16: 165 | H16: 200 | I16: 55 | J16: 4 | K16: 226 | L16: 1734 | M16: 11 | N16: 323 | O16: 4000 | Q16: 500 | R16: 1 | S16: 4 | T16: 54 | U16: 58 | V16: 0 | W16: 0 | X16: 0 | Y16: 3 | Z16: 10 | AA16: 14 | AC16: 100 | AD16: 100
A17: 其中：森林火灾高风险区完成量 | B17: 78 | C17: 77 | D17: 1 | E17: 0 | F17: 2172 | G17: 1807 | H17: 225 | I17: 140 | J17: 90 | K17: 101 | L17: 1614 | M17: 77 | N17: 1783 | O17: 1421 | Q17: 1847 | R17: 2 | S17: 22 | T17: 202 | U17: 295 | V17: 0 | W17: 0 | X17: 5 | Y17: 68 | Z17: 77 | AA17: 92
A18: 截至目前现有数量 | B18: =SUM(B19:B29) -> 167 | C18: =SUM(C19:C29) -> 133 | D18: =SUM(D19:D29) -> 29 | E18: =SUM(E19:E29) -> 5 | F18: =SUM(F19:F29) -> 3762 | G18: =SUM(G19:G29) -> 2852 | H18: =SUM(H19:H29) -> 632 | I18: =SUM(I19:I29) -> 278 | ... O18: =SUM(O19:O29) -> 9644 | Q18: =SUM(Q19:Q29) -> 2753 | R18: =SUM(R19:R29) -> 4 | S18: =SUM(S19:S29) -> 73 | T18: =SUM(T19:T29) -> 581 | U18: =SUM(U19:U29) -> 1738 | V18: =SUM(V19:V29) -> 0 | W18: =SUM(W19:W29) -> 0 | X18: =SUM(X19:X29) -> 5 | ... AA18: =SUM(AA19:AA29) -> 176 | AB18: 80 | AC18: 100 | AD18: 100
A19: 蚌埠市 | B19: 2 | C19: 0 | D19: 2 | E19: 0 | F19: 50 | G19: 0 | H19: 50 | I19: 0 | J19: 2 | K19: 2 | L19: 50 | M19: 2 | N19: 50 | O19: 1000 | Q19: 0 | R19: 1 | S19: 3 | T19: 3 | U19: 9 | V19: 0 | W19: 0 | X19: 0 | Y19: 0 | Z19: 2 | AA19: 4 | AB19: 0 | AC19: 100 | AD19: 100
A20: 宿州市 | B20: 7 | C20: 7 | D20: 0 | E20: 0 | F20: 167 | G20: 167 | H20: 0 | I20: 0 | J20: 7 | K20: 7 | L20: 150 | M20: 7 | N20: 150 | O20: 0 | Q20: 0 | R20: 0 | S20: 0 | T20: 0 | U20: 0 | V20: 0 | W20: 0 | X20: 0 | Y20: 7 | Z20: 7 | AA20: 7
A21: 滁州市 | B21: 50 | C21: 50 | D21: 0 | E21: 0 | F21: 900 | G21: 900 | H21: 0 | I21: 0 | J21: 50 | K21: 50 | L21: 600 | M21: 30 | N21: 346 | O21: 400 | Q21: 300 | R21: 2 | S21: 12 | T21: 106 | U21: 29 | V21: 0 | W21: 0 | X21: 3 | Y21: 50 | Z21: 50 | AA21: 50 | AB21: 0 | AC21: 0 | AD21: 100
A22: 六安市 | B22: 25 | C22: 7 | D22: 18 | E22: 0 | F22: 228 | G22: 78 | H22: 150 | I22: 0 | J22: 3 | K22: 25 | L22: 1523 | M22: 30 | N22: 570 | O22: 1693 | Q22: 0 | R22: 0 | S22: 1 | T22: 131 | U22: 50 | V22: 0 | W22: 0 | X22: 0 | Y22: 19 | Z22: 24 | AA22: 27 | AB22: 84 | AC22: 94 | AD22: 100
A23: 芜湖市 | B23: 6 | C23: 6 | D23: 0 | E23: 0 | F23: 136 | G23: 136 | H23: 0 | I23: 0 | J23: 0 | K23: 6 | L23: 217 | M23: 6 | N23: 136 | O23: 0 | Q23: 0 | R23: 0 | S23: 3 | T23: 32 | U23: 180 | V23: 0 | W23: 0 | X23: 0 | Y23: 9 | Z23: 6 | AA23: 6 | AB23: 100 | AC23: 100 | AD23: 100
A24: 马鞍山市 | B24: 12 | C24: 12 | D24: 0 | E24: 0 | F24: 302 | G24: 302 | H24: 0 | I24: 0 | J24: 5 | K24: 12 | L24: 471 | M24: 14 | N24: 0 | O24: 0 | Q24: 150 | R24: 0 | S24: 2 | T24: 10 | U24: 4 | V24: 0 | W24: 0 | X24: 2
A25: 铜陵市 | B25: 5 | C25: 4 | D25: 1 | E25: 0 | F25: 140 | G25: 115 | H25: 25 | I25: 0 | J25: 0 | K25: 19 | L25: 84 | M25: 3 | N25: 75 | O25: 230 | Q25: 100 | R25: 0 | S25: 5 | T25: 42 | U25: 615 | V25: 0 | W25: 0 | X25: 0 | Y25: 4 | Z25: 5 | AA25: 5 | AB25: 80 | AC25: 80 | AD25: 100
A26: 池州市 | B26: 23 | C26: 23 | D26: 0 | E26: 0 | F26: 601 | G26: 601 | H26: 0 | I26: 0 | J26: 35 | K26: 34 | L26: 390 | M26: 29 | N26: 1326 | O26: 1021 | Q26: 1397 | R26: 0 | S26: 4 | T26: 45 | U26: 42 | V26: 0 | W26: 0 | X26: 0 | Y26: 13 | Z26: 23 | AA26: 38 | AB26: 59 | AC26: 95 | AD26: 100
A27: 黄山市 | B27: 9 | C27: 7 | D27: 1 | E27: 1 | F27: 489 | G27: 149 | H27: 200 | I27: 140 | J27: 7 | K27: 7 | L27: 160 | M27: 0 | N27: 319 | O27: 0 | Q27: 6 | R27: 0 | S27: 7 | T27: 62 | U27: 692 | V27: 0 | W27: 0 | X27: 0 | Y27: 7 | Z27: 7 | AA27: 8 | AB27: 90 | AC27: 90 | AD27: 100
A28: 宣城市 | B28: 17 | C28: 13 | D28: 2 | E28: 2 | F28: 329 | G28: 239 | H28: 7 | I28: 83 | J28: 13 | K28: 15 | L28: 706 | M28: 29 | N28: 331 | O28: 1300 | Q28: 300 | R28: 0 | S28: 32 | T28: 96 | U28: 59 | V28: 0 | W28: 0 | X28: 0 | Y28: 15 | Z28: 17 | AA28: 17 | AB28: 88.2 | AC28: 100 | AD28: 100
A29: 安庆市 | B29: 11 | C29: 4 | D29: 5 | E29: 2 | F29: 420 | G29: 165 | H29: 200 | I29: 55 | J29: 4 | K29: 226 | L29: 1734 | M29: 11 | N29: 323 | O29: 4000 | Q29: 500 | R29: 1 | S29: 4 | T29: 54 | U29: 58 | V29: 0 | W29: 0 | X29: 0 | Y29: 3 | Z29: 10 | AA29: 14 | AC29: 100 | AD29: 100
A30: 其中：森林火灾高风险区完成量 | B30: =(((68+(SUM(B31:B35)))+23)+11)+17 -> 119 | C30: =(((67+(SUM(C31:C35)))+23)+4)+13 -> 107 | D30: =(((1+(SUM(D31:D35)))+0)+5)+2 -> 8 | E30: =(((0+(SUM(E31:E35)))+0)+2)+2 -> 4 | F30: 3177 | G30: =((((1313+(SUM(G31:G35)))+601)+165)+239)+149 -> 2467 | H30: =((((25+(SUM(H31:H35)))+0)+200)+7)+200 -> 432 | I30: =((((0+(SUM(I31:I35)))+0)+55)+83)+140 -> 278 | J30: =(((55+(SUM(J31:J35)))+35)+4)+13 -> 107 | K30: =(((67+(SUM(K31:K35)))+34)+226)+15 -> 342 | L30: =(((1224+(SUM(L31:L35)))+390)+1734)+706 -> 4054 | M30: =(((48+(SUM(M31:M35)))+29)+11)+29 -> 117 | N30: =(((457+(SUM(N31:N35)))+1326)+323)+331 -> 2437 | O30: =(((400+(SUM(O31:O35)))+1021)+4000)+1300 -> 6721 | Q30: =(((450+(SUM(Q31:Q35)))+1397)+500)+300 -> 2647 | R30: =(((2+(SUM(R31:R35)))+0)+1)+0 -> 3 | S30: =(((18+(SUM(S31:S35)))+4)+4)+32 -> 58 | T30: =(((157+(SUM(T31:T35)))+45)+54)+96 -> 352 | U30: =(((253+(SUM(U31:U35)))+42)+58)+59 -> 412 | V30: =(((0+(SUM(V31:V35)))+0)+0)+0 -> 0 | W30: =(((0+(SUM(W31:W35)))+0)+0)+0 -> 0 | X30: =(((5+(SUM(X31:X35)))+0)+0)+0 -> 5 | Y30: 99 | Z30: =(((54+(SUM(Z31:Z35)))+23)+10)+17 -> 104 | AA30: 161
A31: 注：1、已建专业队需单独附批复文件（政府、政府主管部门或国有林局下发的文件均可）。
A32: 2、全国森林防火规划（2016—2025年）以外的建设项目可自行增加列。
A33: 3、火险区综合治理等项目，按审批建设内容拆解填表。
A34: 4、本表需填报省级合计数、所辖地级市合计数，以及本省高危区、高风险区合计数。
A35: 5、林管局、林场等省/森工集团直属单位单独成行统计填报，保护区、森林公园等自然保护地数据由其所在地市一并统计填报。

Sheet 附表5
A1: 森林航空消防能力建设现状统计表
A2: 附表5
A3: 项目名称 | B3: 新建航站 | L3: 升级完善航站 | N3: 总站完善工程 | R3: 火场侦察系统 | S3: 无人机等新技术应用 | T3: 航空消防取水水源地 | U3: 航空消防覆盖面积（林地面积） | X3: 航空消防覆盖率
B4: 林－Ⅱ | D4: 林－Ⅲ | F4: 林－直Ⅰ | H4: 林－直Ⅱ | J4: 依托航站 | L4: 航站升级 | M4: 航站完善 | N4: 北方总站完善工程 | P4: 南方总站完善工程 | U4: 规划实施前 | V4: 2020年 | W4: 预计规划期末 | X4: 规划实施前 | Y4: 2020年 | Z4: 预计规划期末
B5: 个 | C5: 名称 | D5: 个 | E5: 名称 | F5: 个 | G5: 名称 | H5: 个 | I5: 名称 | J5: 个 | K5: 名称 | L5: 个 | M5: 个 | R5: 套 | S5: 套 | T5: 处 | U5: 公顷 | V5: 公顷 | W5: 公顷 | X5: % | Y5: % | Z5: %
A6: 2016-2020年全省合计完成量 | B6: 0 | D6: 0 | F6: 0 | H6: 0 | J6: 0 | L6: 0 | N6: 建设项目名称1 | O6: 建设项目工程量1 | P6: 建设项目名称1 | Q6: 建设项目工程量1 | R6: 0 | S6: 0 | T6: 0 | U6: 0 | V6: 0 | X6: 0 | Y6: 0
B7: 0 | D7: 0 | F7: 0 | H7: 0 | J7: 0 | L7: 0 | N7: 建设项目名称2 | O7: 建设项目工程量2 | P7: 建设项目名称2 | Q7: 建设项目工程量2 | R7: 0 | S7: 0 | T7: 0 | U7: 0 | V7: 0 | X7: 0 | Y7: 0
B8: 0 | D8: 0 | F8: 0 | H8: 0 | J8: 0 | L8: 0 | N8: 建设项目名称n | O8: 建设项目工程量n | P8: 建设项目名称n | Q8: 建设项目工程量n | R8: 0 | S8: 0 | T8: 0 | U8: 0 | V8: 0 | X8: 0 | Y8: 0
A9: 其中：森林火灾高危区完成量 | B9: 0 | D9: 0 | F9: 0 | H9: 0 | J9: 0 | L9: 0 | R9: 0 | S9: 0 | T9: 0 | U9: 0 | V9: 0 | X9: 0 | Y9: 0
A10: 其中：森林火灾高风险区完成量 | B10: 0 | D10: 0 | F10: 0 | H10: 0 | J10: 0 | L10: 0 | R10: 0 | S10: 0 | T10: 0 | U10: 0 | V10: 0 | X10: 0 | Y10: 0
A11: 截至目前现有数量 | B11: 0 | D11: 0 | F11: 0 | H11: 0 | J11: 0 | L11: 0 | N11: 建设项目名称1 | O11: 建设项目工程量1 | P11: 建设项目名称1 | Q11: 建设项目工程量1 | R11: 0 | S11: 0 | T11: 0 | U11: 0 | V11: 0 | X11: 0 | Y11: 0
B12: 0 | D12: 0 | F12: 0 | H12: 0 | J12: 0 | L12: 0 | N12: 建设项目名称2 | O12: 建设项目工程量2 | P12: 建设项目名称2 | Q12: 建设项目工程量2 | R12: 0 | S12: 0 | T12: 0 | U12: 0 | V12: 0 | X12: 0 | Y12: 0
B13: 0 | D13: 0 | F13: 0 | H13: 0 | J13: 0 | L13: 0 | N13: 建设项目名称n | O13: 建设项目工程量n | P13: 建设项目名称n | Q13: 建设项目工程量n | R13: 0 | S13: 0 | T13: 0 | U13: 0 | V13: 0 | X13: 0 | Y13: 0
A14: 其中：森林火灾高危区完成量 | B14: 0 | D14: 0 | F14: 0 | H14: 0 | J14: 0 | L14: 0 | R14: 0 | S14: 0 | T14: 0 | U14: 0 | V14: 0 | X14: 0 | Y14: 0
A15: 其中：森林火灾高风险区完成量 | B15: 0 | D15: 0 | F15: 0 | H15: 0 | J15: 0 | L15: 0 | R15: 0 | S15: 0 | T15: 0 | U15: 0 | V15: 0 | X15: 0 | Y15: 0
A16: 注：1、全国森林防火规划（2016—2025年）以外的建设项目可自行增加列。
A17: 2、火险区综合治理等项目，按审批建设内容拆解填表。
A18: 3、本表需填报省级合计数、所辖地级市合计数，以及本省高危区、高风险区合计数。

Sheet 附表6
A1: 林火阻隔系统建设现状统计表
A2: 附表6
A3: 项目名称 | B3: 合计 | C3: 工程阻隔带 | F3: 生物防火阻隔带 | I3: 边境防火隔离带 | Q3: 阻隔网密度
C4: 小计 | D4: 生土带 | E4: 防火线 | F4: 小计 | G4: 林内 | H4: 林缘 | I4: 合计 | J4: 中俄 | K4: 中蒙 | L4: 中缅 | M4: 中越 | N4: 中老 | O4: 中朝 | P4: 其他 | Q4: 规划实施前 | R4: 2020年 | S4: 预计规划期末
B5: 公里 | C5: 公里 | D5: 公里 | E5: 公里 | F5: 公里 | G5: 公里 | H5: 公里 | I5: 公里 | J5: 公里 | K5: 公里 | L5: 公里 | M5: 公里 | N5: 公里 | O5: 公里 | P5: 公里 | Q5: 米/公顷 | R5: 米/公顷 | S5: 米/公顷
A6: 2016-2020年全省合计完成量 | B6: =SUM(B7:B16) -> 4784.73 | C6: =SUM(C7:C16) -> 1780.8 | D6: =SUM(D7:D16) -> 456.8 | E6: =SUM(E7:E16) -> 1324 | F6: =SUM(F7:F16) -> 3003.93 | G6: =SUM(G7:G16) -> 1361.61 | H6: =SUM(H7:H16) -> 1642.32 | I6: 0 | J6: 0 | K6: 0 | L6: 0 | M6: 0 | N6: 0 | O6: 0 | P6: 0 | Q6: 2.49 | R6: 3.6 | S6: 4.9
A7: 合肥市 | B7: 283 | C7: 220 | D7: 100 | E7: 120 | F7: 63 | G7: 60 | H7: 3 | I7: 0 | J7: 0 | K7: 0 | L7: 0 | M7: 0 | N7: 0 | O7: 0 | P7: 0
A8: 蚌埠市 | B8: 473 | C8: 293 | D8: 138 | E8: 155 | F8: 180 | G8: 50 | H8: 130 | I8: 0 | J8: 0 | K8: 0 | L8: 0 | M8: 0 | N8: 0 | O8: 0 | P8: 0 | Q8: 11 | R8: 19.8 | S8: 19.8
A9: 淮南市 | B9: 15 | C9: 10 | D9: 0 | E9: 10 | F9: 5 | G9: 5 | H9: 0 | I9: 0 | J9: 0 | K9: 0 | L9: 0 | M9: 0 | N9: 0 | O9: 0 | P9: 0 | Q9: 2.6 | R9: 5.1
A10: 滁州市 | B10: 916 | C10: 553 | D10: 69 | E10: 484 | F10: 363 | G10: 196 | H10: 167 | I10: 0 | J10: 0 | K10: 0 | L10: 0 | M10: 0 | N10: 0 | O10: 0 | P10: 0 | Q10: 4 | R10: 5 | S10: 6
A11: 六安市 | B11: 479 | C11: 325 | D11: 0 | E11: 325 | F11: 154 | G11: 154 | H11: 0 | I11: 0 | J11: 0 | K11: 0 | L11: 0 | M11: 0 | N11: 0 | O11: 0 | P11: 0 | Q11: 2 | R11: 2.645 | S11: 5.35
A12: 芜湖市 | B12: 93 | C12: 0 | D12: 0 | E12: 0 | F12: 93 | G12: 0 | H12: 93 | I12: 0 | J12: 0 | K12: 0 | L12: 0 | M12: 0 | N12: 0 | O12: 0 | P12: 0 | Q12: 1.44 | R12: 2.35 | S12: 2.35
A13: 马鞍山市 | B13: 167 | C13: 20 | D13: 0 | E13: 20 | F13: 147 | G13: 86 | H13: 61 | I13: 0 | J13: 0 | K13: 0 | L13: 0 | M13: 0 | N13: 0 | O13: 0 | P13: 0 | Q13: 3 | R13: 4 | S13: 5
A14: 铜陵市 | B14: 1064 | C14: 24 | D14: 4 | E14: 20 | F14: 1040 | G14: 40 | H14: 1000 | I14: 0 | J14: 0 | K14: 0 | L14: 0 | M14: 0 | N14: 0 | O14: 0 | P14: 0 | Q14: 3 | R14: 3 | S14: 4
A15: 池州市 | B15: 145.8 | C15: 25.8 | D15: 25.8 | E15: 0 | F15: 120 | G15: 30 | H15: 90 | I15: 0 | J15: 0 | K15: 0 | L15: 0 | M15: 0 | N15: 0 | O15: 0 | P15: 0 | Q15: 0 | R15: 1.7 | S15: 19
A16: 安庆市 | B16: 1148.93 | C16: 310 | D16: 120 | E16: 190 | F16: 838.93 | G16: 740.61 | H16: 98.32 | I16: 0 | J16: 0 | K16: 0 | L16: 0 | M16: 0 | N16: 0 | O16: 0 | P16: 0
A17: 其中：森林火灾高风险区完成量 | B17: 4241.73 | C17: 1494.8 | D17: 318.8 | E17: 1176 | F17: 2746.93 | G17: 1266.61 | H17: 1480.32 | I17: 0 | J17: 0 | K17: 0 | L17: 0 | M17: 0 | N17: 0 | O17: 0 | P17: 0 | Q17: 2.7 | R17: 3.845 | S17: 4.7
A18: 其中：大别山森林防火重点区生物阻隔带建设 | B18: 454.31 | C18: 0 | D18: 0 | E18: 0 | F18: 451.31 | G18: 371.31 | H18: 80 | I18: 0 | J18: 0 | K18: 0 | L18: 0 | M18: 0 | N18: 0 | O18: 0 | P18: 0 | Q18: —— | R18: —— | S18: ——
A19: 截至目前现有数量 | B19: 14482.7 | C19: =SUM(C20:C31) -> 4157.7 | D19: =SUM(D20:D31) -> 516.8 | E19: =SUM(E20:E31) -> 3640.9 | F19: 10870.8 | G19: =SUM(G20:G31) -> 4162.2 | H19: =SUM(H20:H31) -> 6708.6 | I19: 0 | J19: 0 | K19: 0 | L19: 0 | M19: 0 | N19: 0 | O19: 0 | P19: 0 | Q19: 2.49 | R19: 3.6 | S19: 4.9
A20: 合肥市 | B20: 283 | C20: 220 | D20: 100 | E20: 120 | F20: 63 | G20: 60 | H20: 3 | I20: 0 | J20: 0 | K20: 0 | L20: 0 | M20: 0 | N20: 0 | O20: 0 | P20: 0
A21: 蚌埠市 | B21: 473 | C21: 293 | D21: 138 | E21: 155 | F21: 180 | G21: 50 | H21: 130 | I21: 0 | J21: 0 | K21: 0 | L21: 0 | M21: 0 | N21: 0 | O21: 0 | P21: 0 | Q21: 11 | R21: 19.8 | S21: 19.8
A22: 淮南市 | B22: 20 | C22: 15 | D22: 0 | E22: 15 | F22: 5 | G22: 5 | H22: 0 | I22: 0 | J22: 0 | K22: 0 | L22: 0 | M22: 0 | N22: 0 | O22: 0 | P22: 0 | R22: 5.1
A23: 滁州市 | B23: 1723 | C23: 1286 | D23: 69 | E23: 1217 | F23: 437 | G23: 270 | H23: 167 | I23: 0 | J23: 0 | K23: 0 | L23: 0 | M23: 0 | N23: 0 | O23: 0 | P23: 0 | Q23: 4 | R23: 5 | S23: 6
A24: 六安市 | B24: 1805 | C24: 1520 | D24: 0 | E24: 1520 | F24: 1350 | G24: 368 | H24: 982 | I24: 0 | J24: 0 | K24: 0 | L24: 0 | M24: 0 | N24: 0 | O24: 0 | P24: 0 | Q24: 2 | R24: 2.645 | S24: 5.35
A25: 芜湖市 | B25: 361 | C25: 0 | D25: 0 | E25: 0 | F25: 361 | G25: 0 | H25: 361 | I25: 0 | J25: 0 | K25: 0 | L25: 0 | M25: 0 | N25: 0 | O25: 0 | P25: 0
A26: 马鞍山市 | B26: 167 | C26: 20 | D26: 0 | E26: 20 | F26: 147 | G26: 86 | H26: 61 | I26: 0 | J26: 0 | K26: 0 | L26: 0 | M26: 0 | N26: 0 | O26: 0 | P26: 0
A27: 铜陵市 | B27: 3075.9 | C27: 462.9 | D27: 64 | E27: 398.9 | F27: 2613 | G27: 103 | H27: 2510 | I27: 0 | J27: 0 | K27: 0 | L27: 0 | M27: 0 | N27: 0 | O27: 0 | P27: 0 | Q27: 2 | R27: 2 | S27: 3
A28: 池州市 | B28: 815.1 | C28: 25.8 | D28: 25.8 | E28: 0 | F28: 789.3 | G28: 675.3 | H28: 114 | I28: 0 | J28: 0 | K28: 0 | L28: 0 | M28: 0 | N28: 0 | O28: 0 | P28: 0 | Q28: 0 | R28: 1.7 | S28: 19
A29: 黄山市 | B29: 1850.5 | C29: 5 | D29: 0 | E29: 5 | F29: 1845.5 | G29: 793.9 | H29: 1051.6 | I29: 0 | J29: 0 | K29: 0 | L29: 0 | M29: 0 | N29: 0 | O29: 0 | P29: 0 | Q29: 1.2 | R29: 1.8 | S29: 2.1
A30: 宣城市 | B30: 926 | C30: 0 | D30: 0 | E30: 0 | F30: 926 | G30: 662 | H30: 264
A31: 安庆市 | B31: 1148.93 | C31: 310 | D31: 120 | E31: 190 | F31: 2154 | G31: 1089 | H31: 1065 | I31: 0 | J31: 0 | K31: 0 | L31: 0 | M31: 0 | N31: 0 | O31: 0 | P31: 0
A32: 其中：森林火灾高风险区完成量 | B32: 13985 | C32: 4058 | D32: 198.8 | E32: 2186 | F32: 9927 | G32: 2021.2 | H32: 2599.6 | I32: 0 | J32: 0 | K32: 0 | L32: 0 | M32: 0 | N32: 0 | O32: 0 | P32: 0 | Q32: 2.7 | R32: 3.845 | S32: 4.7
A33: 其中：大别山森林防火重点区生物阻隔带建设 | B33: 3296.11 | F33: 3296.11 | G33: 2050.51 | H33: 1245.6 | I33: 0 | J33: 0 | K33: 0 | L33: 0 | M33: 0 | N33: 0 | O33: 0 | P33: 0 | Q33: —— | R33: —— | S33: ——
A34: 注：1、全国森林防火规划（2016—2025年）以外的建设项目可自行增加列。
A35: 2、大别山、武陵山、武夷山、南岭、大小兴安岭防火重点区详见全国森林防火重点区分布范围表，附表12。
A36: 3、火险区综合治理等项目，按审批建设内容拆解填表。
A37: 4、本表需填报省级合计数、所辖地级市合计数，以及本省高危区、高风险区合计数。
A38: 5、林管局、林场等省/森工集团直属单位单独成行统计填报，保护区、森林公园等自然保护地数据由其所在地市一并统计填报。

Sheet 附表7
A1: 森林防火应急道路建设现状统计表
A2: 附表7
A3: 项目名称 | B3: 合计 | C3: 新建和升级改造防火应急 道路 | F3: 森林防火应急道路重点建设项目 | L3: 国有林区路网密度（林地面积） | O3: 重点区域路网密度（林地面积）
C4: 小计 | D4: 联通断头路 | E4: 升级改造集材废弃路和简易路 | F4: 大小兴安岭新建 | G4: 大小兴安岭改建 | H4: 长白山完达山新建 | I4: 长白山完达山改建 | J4: 横断山脉新建 | K4: 横断山脉改建 | L4: 规划实施前 | M4: 2020年 | N4: 预计规划期末 | O4: 规划实施前 | P4: 2020年 | Q4: 预计规划期末
B5: 公里 | C5: 公里 | D5: 公里 | E5: 公里 | F5: 公里 | G5: 公里 | H5: 公里 | I5: 公里 | J5: 公里 | K5: 公里 | L5: 米/公顷 | M5: 米/公顷 | N5: 米/公顷 | O5: 米/公顷 | P5: 米/公顷 | Q5: 米/公顷
A6: 2016-2020年全省合计完成量 | B6: =SUM(B7:B17) -> 1217.236 | C6: =SUM(C7:C17) -> 1217.236 | D6: =SUM(D7:D17) -> 182.8 | E6: =SUM(E7:E17) -> 1034.436 | F6: 0 | G6: 0 | H6: 0 | I6: 0 | J6: 0 | K6: 0 | L6: 2.4 | M6: 2.7 | N6: 3.5 | O6: 0.98 | P6: 1.24 | Q6: 3.2
A7: 合肥市 | B7: 246.846 | C7: 246.846 | D7: 0 | E7: 246.846 | F7: 0 | G7: 0 | H7: 0 | I7: 0 | J7: 0 | K7: 0
A8: 亳州市 | B8: 40 | C8: 40 | D8: 0 | E8: 40 | F8: 0 | G8: 0 | H8: 0 | I8: 0 | J8: 0 | K8: 0
A9: 蚌埠市 | B9: 20 | C9: 20 | D9: 7 | E9: 13 | F9: 0 | G9: 0 | H9: 0 | I9: 0 | J9: 0 | K9: 0 | L9: 5 | M9: 12.9 | N9: 14 | O9: 8.2 | P9: 21.7 | Q9: 23
A10: 淮南市 | B10: 18 | C10: 18 | D10: 5 | E10: 13 | F10: 0 | G10: 0 | H10: 0 | I10: 0 | J10: 0 | K10: 0
A11: 滁州市 | B11: 228 | C11: 228 | D11: 48 | E11: 180 | F11: 0 | G11: 0 | H11: 0 | I11: 0 | J11: 0 | K11: 0 | L11: 2 | M11: 3.2 | N11: 3.5 | O11: 2 | P11: 3.2 | Q11: 3.5
A12: 六安市 | B12: 335.5 | C12: 335.5 | D12: 100.8 | E12: 234.7 | F12: 0 | G12: 0 | H12: 0 | I12: 0 | J12: 0 | K12: 0
A13: 芜湖市 | B13: 147 | C13: 147 | D13: 0 | E13: 147 | F13: 0 | G13: 0 | H13: 0 | I13: 0 | J13: 0 | K13: 0 | L13: 1 | M13: 2.5 | N13: 3.1 | O13: 1.3 | P13: 2.8 | Q13: 3
A14: 马鞍山市 | B14: 8 | C14: 8 | D14: 3 | E14: 5 | F14: 0 | G14: 0 | H14: 0 | I14: 0 | J14: 0 | K14: 0 | L14: 5.2 | M14: 6.3 | N14: 7 | O14: 13 | P14: 14.2 | Q14: 14.8
A15: 铜陵市 | B15: 65 | C15: 65 | D15: 4 | E15: 61 | F15: 0 | G15: 0 | H15: 0 | I15: 0 | J15: 0 | K15: 0 | L15: 20 | M15: 20 | N15: 25 | O15: 9 | P15: 9.2 | Q15: 9.2
A16: 池州市 | B16: 50 | C16: 50 | D16: 15 | E16: 35 | F16: 0 | G16: 0 | H16: 0 | I16: 0 | J16: 0 | K16: 0 | L16: 1.5 | M16: 4.56 | N16: 4.56 | O16: 1.5 | P16: 0.53 | Q16: 1
A17: 安庆市 | B17: 58.89 | C17: 58.89 | D17: 0 | E17: 58.89 | F17: 0 | G17: 0 | H17: 0 | I17: 0 | J17: 0 | K17: 0
A18: 其中：森林火灾高风险区完成量 | B18: 568.63 | C18: 568.63 | D18: 52 | E18: 516.63 | F18: 0 | G18: 0 | H18: 0 | I18: 0 | J18: 0 | K18: 0
A19: 截至目前现有数量 | B19: 4872.236 | C19: =SUM(C20:C30) -> 4872.236 | D19: =SUM(D20:D30) -> 1499.8 | E19: =SUM(E20:E30) -> 3372.436 | F19: 0 | G19: 0 | H19: 0 | I19: 0 | J19: 0 | K19: 0 | L19: 2.4 | M19: 2.7 | N19: 3.5 | O19: 0.98 | P19: 1.24 | Q19: 3.2
A20: 合肥市 | B20: 246.846 | C20: 246.846 | D20: 0 | E20: 246.846 | F20: 0 | G20: 0 | H20: 0 | I20: 0 | J20: 0 | K20: 0
A21: 亳州市 | B21: 40 | C21: 40 | D21: 0 | E21: 40 | F21: 0 | G21: 0 | H21: 0 | I21: 0 | J21: 0 | K21: 0
A22: 蚌埠市 | B22: 20 | C22: 20 | D22: 7 | E22: 13 | F22: 0 | G22: 0 | H22: 0 | I22: 0 | J22: 0 | K22: 0 | L22: 5 | M22: 12.9 | N22: 14 | O22: 8.2 | P22: 21.7 | Q22: 23
A23: 淮南市 | B23: 70 | C23: 70 | D23: 20 | E23: 50 | F23: 0 | G23: 0 | H23: 0 | I23: 0 | J23: 0 | K23: 0 | L23: 5.1 | M23: 18 | O23: 0.8 | P23: 2.1 | Q23: 3.1
A24: 滁州市 | B24: 228 | C24: 228 | D24: 48 | E24: 180 | F24: 0 | G24: 0 | H24: 0 | I24: 0 | J24: 0 | K24: 0 | L24: 2 | M24: 3.2 | N24: 3.5 | O24: 2 | P24: 3.2 | Q24: 3.5
A25: 六安市 | B25: 3287.5 | C25: 3287.5 | D25: 984.8 | E25: 2302.7 | F25: 0 | G25: 0 | H25: 0 | I25: 0 | J25: 0 | K25: 0 | L25: 1.85 | M25: 3.45 | N25: 3.75 | O25: 7.1 | P25: 8.07 | Q25: 10.5
A26: 芜湖市 | B26: 147 | C26: 147 | E26: 147 | F26: 0 | G26: 0 | H26: 0 | I26: 0 | J26: 0 | K26: 0
A27: 马鞍山市 | B27: 8 | C27: 8 | D27: 3 | E27: 5 | F27: 0 | G27: 0 | H27: 0 | I27: 0 | J27: 0 | K27: 0 | L27: 5.2 | M27: 6.3 | N27: 7 | O27: 13 | P27: 14.2 | Q27: 14.8
A28: 铜陵市 | B28: 250 | C28: 250 | D28: 60 | E28: 190 | F28: 0 | G28: 0 | H28: 0 | I28: 0 | J28: 0 | K28: 0
A29: 池州市 | B29: 75 | C29: 75 | D29: 25 | E29: 50 | F29: 0 | G29: 0 | H29: 0 | I29: 0 | J29: 0 | K29: 0 | L29: 1.5 | M29: 4.56 | N29: 4.56 | O29: 1.5 | P29: 0.53 | Q29: 1
A30: 安庆市 | B30: 499.89 | C30: 499.89 | D30: 352 | E30: 147.89 | F30: 0 | G30: 0 | H30: 0 | I30: 0 | J30: 0 | K30: 0
A31: 其中：森林火灾高风险区完成量 | B31: 4520 | C31: 4520 | D31: 1268 | E31: 3252 | F31: 0 | G31: 0 | H31: 0 | I31: 0 | J31: 0 | K31: 0 | L31: 2.4 | M31: 2.7 | N31: 3.5 | O31: 0.98 | P31: 1.24 | Q31: 3.2
A32: 注：1、全国森林防火规划（2016—2025年）以外的建设项目可自行增加列。
A33: 2、大小兴安岭、长白山完达山、横断山脉防火重点区详见全国森林防火重点区分布范围表，附表12。
A34: 3、火险区综合治理等项目，按审批建设内容拆解填表。
A35: 4、本表需填报省级合计数、所辖地级市合计数，以及本省高危区、高风险区合计数。
A36: 5、林管局、林场等省/森工集团直属单位单独成行统计填报，保护区、森林公园等自然保护地数据由其所在地市一并统计填报。

Sheet 十三五完成和十四五规划情况
A1: 附表9
A2: 重点建设任务完成和规划情况表
F3: 单位：万元
A4: 建设内容 | B4: （2016-2025年）规划任务 | C4: 十三五完成任务 | D4: 十四五规划任务 | E4: 备注说明 | F4: 总投资 | I4: 近期投资（2016-2020） | L4: 远期投资（2021-2025）
F5: 计 | G5: 中央 | H5: 地方 | I5: 计 | J5: 中央 | K5: 地方 | L5: 计 | M5: 中央 | N5: 地方
A6: 合 计 | F6: =F7+F12+F17+F22+F25+F29+F34+F39+F41+F43 -> 449400 | G6: =G7+G12+G17+G22+G25+G29+G34+G39+G41+G43 -> 332620 | H6: =H7+H12+H17+H22+H25+H29+H34+H39+H41+H43 -> 116780 | I6: =I7+I12+I17+I22+I25+I29+I34+I39+I41+I43 -> 223850 | J6: =J7+J12+J17+J22+J25+J29+J34+J39+J41+J43 -> 162630 | K6: =K7+K12+K17+K22+K25+K29+K34+K39+K41+K43 -> 61220 | L6: =L7+L12+L17+L22+L25+L29+L34+L39+L41+L43 -> 225550 | M6: =M7+M12+M17+M22+M25+M29+M34+M39+M41+M43 -> 169990 | N6: =N7+N12+N17+N22+N25+N29+N34+N39+N41+N43 -> 55560
A7: 1、森林火险预警监测系统 | F7: =F8+F10+F11+F9 -> 12250 | G7: =G8+G10+G11+G9 -> 9800 | H7: =H8+H10+H11+H9 -> 2450 | I7: =I8+I10+I11+I9 -> 7300 | J7: =J8+J10+J11+J9 -> 5840 | K7: =K8+K10+K11+K9 -> 1460 | L7: =L8+L10+L11+L9 -> 4950 | M7: =M8+M10+M11+M9 -> 3960 | N7: =N8+N10+N11+N9 -> 990
A8: 森林火险预警系统 | B8: 新建60个新型森林火险综合监测站 | C8: 完成8个新型森林火险综合监测站，池州市新增完成森林火险预警模型1套 | D8: 完成52个新型森林火险综合监测站 | F8: 600 | G8: =F8*0.8 -> 480 | H8: =F8*0.2 -> 120 | I8: 400 | J8: =I8*0.8 -> 320 | K8: =I8*0.2 -> 80 | L8: =F8-I8 -> 200 | M8: =L8*0.8 -> 160 | N8: =L8*0.2 -> 40
A9: 森林防火气象服务综合业务体系 | B9: 本期规划与气象部门联合建立一套完善的森林防火气象服务综合业务平台 | D9: 本期规划与气象部门联合建立一套完善的森林防火气象服务综合业务平台 | E9: 未实施（国家没有） 6+N中③火情预警监测分析系统：新建1套火灾预警监测分析系统。 ④基于卫星遥感预警监测系统：新建1套基于卫星遥感预警监测系统。 ⑤林火预警推送服务系统：新建1套全省统一的林火预警推送服务系统。就是一个综合平台体系 | F9: 1000 | G9: =F9*0.8 -> 800 | H9: =F9*0.2 -> 200 | I9: 600 | J9: =I9*0.8 -> 480 | K9: =I9*0.2 -> 120 | L9: =F9-I9 -> 400 | M9: =L9*0.8 -> 320 | N9: =L9*0.2 -> 80
A10: 林火视频监控系统 | B10: 新建视频监控系统200套 | C10: 完成视频监控系统254套，覆盖林地面积1069286公顷，覆盖率达到28%。 | E10: 已完成 | F10: 7500 | G10: =F10*0.8 -> 6000 | H10: =F10*0.2 -> 1500 | I10: 4500 | J10: =I10*0.8 -> 3600 | K10: =I10*0.2 -> 900 | L10: =F10-I10 -> 3000 | M10: =L10*0.8 -> 2400 | N10: =L10*0.2 -> 600
A11: 瞭望塔建设 | B11: 新建瞭望塔45座，并配备高倍望远镜、红外探测仪等100架（套）；改造瞭望塔及配套设施100座。 | C11: 完成新建瞭望塔（台）74座，改造瞭望塔（台）61座，配备高倍望远镜、红外探测仪等84架（套）；覆盖林地面积284067公顷。 | D11: 规划改造建瞭望塔（台）39座，配备高倍望远镜、红外探测仪等16架（套）。 | F11: 3150 | G11: =F11*0.8 -> 2520 | H11: =F11*0.2 -> 630 | I11: 1800 | J11: =I11*0.8 -> 1440 | K11: =I11*0.2 -> 360 | L11: =F11-I11 -> 1350 | M11: =L11*0.8 -> 1080 | N11: =L11*0.2 -> 270
A12: 2、森林防火通信系统建设 | F12: =SUM(F13:F16) -> 4000 | G12: =SUM(G13:G16) -> 3200 | H12: =SUM(H13:H16) -> 800 | I12: =SUM(I13:I16) -> 2100 | J12: =SUM(J13:J16) -> 1680 | K12: =SUM(K13:K16) -> 420 | L12: =SUM(L13:L16) -> 1900 | M12: =SUM(M13:M16) -> 1520 | N12: =SUM(N13:N16) -> 380
A13: 有线综合网络项目 | B13: 新建设省至各市、县（区）森林防火基础骨干网络 | C13: 完成森林防火有线综合网络项目1套（芜湖市） | D13: 新建设省至各市、县（区）森林防火基础骨干网络 | F13: 500 | G13: =F13*0.8 -> 400 | H13: =F13*0.2 -> 100 | I13: 300 | J13: =I13*0.8 -> 240 | K13: =I13*0.2 -> 60 | L13: =F13-I13 -> 200 | M13: =L13*0.8 -> 160 | N13: =L13*0.2 -> 40
A14: 火场通信网络建设 | B14: 规划升级和改造各级通信调度系统、新增手持台设备3500台、车载台设备200台、背负式设备150台、语音网关80套 | C14: 完成新建数字超短波固定基站1套，完成车载台设备6套，手持台设备1164台。 | D14: 规划升级和改造各级通信调度系统、新增手持台设备2336台、车载台设备194套、背负式设备150台、语音网关80 套。 | F14: 1100 | G14: =F14*0.8 -> 880 | H14: =F14*0.2 -> 220 | I14: 500 | J14: =I14*0.8 -> 400 | K14: =I14*0.2 -> 100 | L14: =F14-I14 -> 600 | M14: =L14*0.8 -> 480 | N14: =L14*0.2 -> 120
A15: 卫星通信网络建设项目 | B15: 新建VSAT卫星固定小站3个、VSAT卫星便携站18个、VSAT卫星电话3部、视频图传系统18套、BGAN系统18套、海事卫星电话56部、北斗指挥机系统56套、北斗车载系统122套及北斗手持机448套 | C15: 北斗指挥机系统1套，北斗手持机1套 | D15: 新建VSAT卫星固定小站3个、VSAT卫星便携站18个、VSAT卫星电话3部、视频图传系统18套、BGAN系统18套、海事卫星电话56部、北斗指挥机系统55套、北斗车载系统122套及北斗手持机447套 | F15: 1500 | G15: =F15*0.8 -> 1200 | H15: =F15*0.2 -> 300 | I15: 800 | J15: =I15*0.8 -> 640 | K15: =I15*0.2 -> 160 | L15: =F15-I15 -> 700 | M15: =L15*0.8 -> 560 | N15: =L15*0.2 -> 140
A16: 机动通信系统建设 | B16: 配置省级大型通信车1辆、中型通信车2辆、小型火场应急指挥车12辆含车载设备。 | D16: 配置省级大型通信车1辆、中型通信车2辆、小型火场应急指挥车12辆含车载设备。 | E16: 未实施 | F16: 900 | G16: =F16*0.8 -> 720 | H16: =F16*0.2 -> 180 | I16: 500 | J16: =I16*0.8 -> 400 | K16: =I16*0.2 -> 100 | L16: =F16-I16 -> 400 | M16: =L16*0.8 -> 320 | N16: =L16*0.2 -> 80
A17: 3、森林防火信息处理系统 | F17: =F18+F19+F20+F21 -> 13500 | G17: =G18+G19+G20+G21 -> 10800 | H17: =H18+H19+H20+H21 -> 2700 | I17: =I18+I19+I20+I21 -> 8200 | J17: =J18+J19+J20+J21 -> 6560 | K17: =K18+K19+K20+K21 -> 1640 | L17: =L18+L19+L20+L21 -> 5300 | M17: =M18+M19+M20+M21 -> 4240 | N17: =N18+N19+N20+N21 -> 1060
A18: 综合管控系统 | B18: 规划构建全省统一的森林防火大数据平台及业务软件16套,建设森林防火硬件、软件、数据一体化管控平台 | D18: 规划构建全省统一的森林防火大数据平台及业务软件16套,建设森林防火硬件、软件、数据一体化管控平台 | E18: 未实施 6+N中有相关内容，但表述不一致 | F18: 1500 | G18: =F18*0.8 -> 1200 | H18: =F18*0.2 -> 300 | I18: 1000 | J18: =I18*0.8 -> 800 | K18: =I18*0.2 -> 200 | L18: =F18-I18 -> 500 | M18: =L18*0.8 -> 400 | N18: =L18*0.2 -> 100
A19: 综合指挥系统 | B19: 新建设省级森林防火指挥中心二期项目，逐步更新市级森林防火指挥中心16套、新建县级森林防火指挥中心56套及配套的应用系统。 | C19: 更新市级森林防火指挥中心2套、新建县级森林防火指挥中心12套及配套的应用系统。 | D19: 新建设省级森林防火指挥中心二期项目，逐步更新市级森林防火指挥中心14套、新建县级森林防火指挥中心44套及配套的应用系统。 | F19: 10000 | G19: =F19*0.8 -> 8000 | H19: =F19*0.2 -> 2000 | I19: 6000 | J19: =I19*0.8 -> 4800 | K19: =I19*0.2 -> 1200 | L19: =F19-I19 -> 4000 | M19: =L19*0.8 -> 3200 | N19: =L19*0.2 -> 800
A20: 综合保障系统 | B20: 规划依托专业运维团队，建立有效的运维支撑体系 | C20: 新建运维管理系统建设1套（芜湖市） | D20: 规划依托专业运维团队，加强建立有效的运维支撑体系 | F20: 500 | G20: =F20*0.8 -> 400 | H20: =F20*0.2 -> 100 | I20: 300 | J20: =I20*0.8 -> 240 | K20: =I20*0.2 -> 60 | L20: =F20-I20 -> 200 | M20: =L20*0.8 -> 160 | N20: =L20*0.2 -> 40
A21: 专家决策支持系统建设 | B21: 规划对森林防火会商探讨、科学研究等方面进行相应的投入 | D21: 规划对森林防火会商探讨、科学研究等方面进行相应的投入 | E21: 未实施（国家没有） | F21: 1500 | G21: =F21*0.8 -> 1200 | H21: =F21*0.2 -> 300 | I21: 900 | J21: =I21*0.8 -> 720 | K21: =I21*0.2 -> 180 | L21: =F21-I21 -> 600 | M21: =L21*0.8 -> 480 | N21: =L21*0.2 -> 120
A22: 4、森林消防队伍建设 | F22: =F23+F24 -> 61000 | G22: =G23+G24 -> 47900 | H22: =H23+H24 -> 13100 | I22: =I23+I24 -> 31500 | J22: =J23+J24 -> 24750 | K22: =K23+K24 -> 6750 | L22: =L23+L24 -> 29500 | M22: =M23+M24 -> 23150 | N22: =N23+N24 -> 6350
A23: 武警森林部队建设 | B23: 规划支持武警森林驻皖部队能力建设，每年给予必要的财政保障 | D23: 规划支持武警森林驻皖部队能力建设，每年给予必要的财政保障 | E23: 未实施 | F23: 3000 | G23: 1500 | H23: 1500 | I23: 1500 | J23: 750 | K23: 750 | L23: 1500 | M23: 750 | N23: 750
A24: 专业森林消防队伍建设 | B24: 规划期内新组建森林火灾高风险区火险县（市、区）100人以上的专业森林消防队，一般森林火险区火险县（市、区）25人以上的专业森林消防队，共新建专业森林消防队105支，提高和完善现有182支森林消防队伍,新建营房143座，按年稳定补充各类扑火设备 | C24: 1、专业队伍建设：已组建专业队伍110支，合计2879人。 2、森林消防专业队伍标准化建设：完善提升专业队装备（标准化建设）110支,装备风力灭火机械化队伍346支，新建专业队营房7464平方米，改扩建专业队伍营房2353平方米，扑火前指挥基地4处。 3、以水灭火设施设备建设：装备以水灭火队伍36支，以水灭火装备452台，以水灭火水源地1114处。 4、森林防火野外实训基地：国家森林防火野外实训基地5处。 | D24: 规划期内新组建森林火灾高风险区火险县（市、区）100人以上的专业森林消防队，一般森林火险区火险县（市、区）25人以上的专业森林消防队，共提高和完善现有72支森林消防队伍,新建营房143座，按年稳定补充各类扑火设备 | E24: 十年规划新建营房是143座，十三五完成7464平方米，单位不一致，无法确认十四五实施任务。 能力提升工程中：森林消防专业队伍新增建设规模2107人，森林消防专业队伍营房新增建设规模119916平方米。训练场新增建设规模175500平方米。 | F24: 58000 | G24: =F24*0.8 -> 46400 | H24: =F24*0.2 -> 11600 | I24: 30000 | J24: =I24*0.8 -> 24000 | K24: =I24*0.2 -> 6000 | L24: =F24-I24 -> 28000 | M24: =L24*0.8 -> 22400 | N24: =L24*0.2 -> 5600
A25: 5、森林消防装备能力建设 | F25: =F26+F27+F28 -> 55950 | G25: =F25*0.8 -> 44760 | H25: =F25*0.2 -> 11190 | I25: =I26+I27+I28 -> 33100 | J25: =I25*0.8 -> 26480 | K25: =I25*0.2 -> 6620 | L25: =L26+L27+L28 -> 22850 | M25: =L25*0.8 -> 18280 | N25: =L25*0.2 -> 4570
A26: 扑火物资储备 | B26: 规划新增各类扑火物资5万台（套、把）和45辆森林防火指挥车、56辆运兵车、112辆消防车。 | C26: 已购买风力灭火机、油锯、割灌机等基本灭火机具4448台，队员安全防护装备和野外生存装备3035套，运兵车、机具车、消防艇等防火车辆112辆。 | D26: 规划新增各类扑火物资4.2万台（套、把），规划新增运兵车、机具车、消防艇等防火车辆101辆。 | F26: 50000 | G26: =F26*0.8 -> 40000 | H26: =F26*0.2 -> 10000 | I26: 30000 | J26: =I26*0.8 -> 24000 | K26: =I26*0.2 -> 6000 | L26: =F26-I26 -> 20000 | M26: =L26*0.8 -> 16000 | N26: =L26*0.2 -> 4000
A27: 物资储备库房建设 | B27: 规划期内改造、扩建现有的972座物资储备库 | D27: 规划期内改造、扩建现有的972座物资储备库 | E27: 未实施 能力提升工程中：共建设3处省级库，其中省中心库1处，面积为1500平方米，储备2000万元森林防火物资；省级分库2处，建设面积各500平方米，储备500万元森林防火物资。 | F27: 2950 | G27: =F27*0.8 -> 2360 | H27: =F27*0.2 -> 590 | I27: 1600 | J27: =I27*0.8 -> 1280 | K27: =I27*0.2 -> 320 | L27: =F27-I27 -> 1350 | M27: =L27*0.8 -> 1080 | N27: =L27*0.2 -> 270
A28: 森林公安执法队伍装备建设 | B28: 规划全省增补配备73辆刑事勘察车和730套刑事勘查设备 | D28: 规划全省增补配备73辆刑事勘察车和730套刑事勘查设备 | E28: 未实施，是否应删除 | F28: 3000 | G28: =F28*0.8 -> 2400 | H28: =F28*0.2 -> 600 | I28: 1500 | J28: =I28*0.8 -> 1200 | K28: =I28*0.2 -> 300 | L28: =F28-I28 -> 1500 | M28: =L28*0.8 -> 1200 | N28: =L28*0.2 -> 300
A29: 6、森林航空消防能力建设 | E29: 评估表中没有看到相关建设内容完成情况 | F29: =F30+F31+F32+F33 -> 27500 | G29: =G30+G31+G32+G33 -> 22000 | H29: =H30+H31+H32+H33 -> 5500 | I29: =I30+I31+I32+I33 -> 13750 | J29: =J30+J31+J32+J33 -> 11000 | K29: =K30+K31+K32+K33 -> 2750 | L29: =L30+L31+L32+L33 -> 13750 | M29: =M30+M31+M32+M33 -> 11000 | N29: =N30+N31+N32+N33 -> 2750
A30: 森林航空消防机源 | B30: 规划防火期内每年租用2-4架森林防火航护直升机及机组人员开展航空护林工作 | D30: 规划防火期内每年租用2-4架森林防火航护直升机及机组人员开展航空护林工作 | F30: 15000 | G30: =F30*0.8 -> 12000 | H30: =F30*0.2 -> 3000 | I30: 7500 | J30: =I30*0.8 -> 6000 | K30: =I30*0.2 -> 1500 | L30: =F30-I30 -> 7500 | M30: =L30*0.8 -> 6000 | N30: =L30*0.2 -> 1500
A31: 航站建设项目 | B31: 规划期内新建航空护林站（基地）2个（近期1个，远期1个），新建航空护林分基地5个（近期2个，远期3个） | D31: 规划期内新建航空护林站（基地）2个（近期1个，远期1个），新建航空护林分基地5个（近期2个，远期3个） | F31: 8500 | G31: =F31*0.8 -> 6800 | H31: =F31*0.2 -> 1700 | I31: 3750 | J31: =I31*0.8 -> 3000 | K31: =I31*0.2 -> 750 | L31: =F31-I31 -> 4750 | M31: =L31*0.8 -> 3800 | N31: =L31*0.2 -> 950
A32: 火场侦察系统 | B32: 规划直升机为载体，加载激光红外光电吊舱，利用卫星通信等信息传输技术建立火场侦察系统 | D32: 规划直升机为载体，加载激光红外光电吊舱，利用卫星通信等信息传输技术建立火场侦察系统 | F32: 1000 | G32: =F32*0.8 -> 800 | H32: =F32*0.2 -> 200 | I32: 500 | J32: =I32*0.8 -> 400 | K32: =I32*0.2 -> 100 | L32: =F32-I32 -> 500 | M32: =L32*0.8 -> 400 | N32: =L32*0.2 -> 100
A33: 森林防火无人机系统建设 | B33: 重点保护区新建18架中型森林防火无人机、50架小型无人机及附属航控设备。 | D33: 重点保护区新建18架中型森林防火无人机、50架小型无人机及附属航控设备。 | E33: 6+N系统可以完成该项任务，该项内容是否可以删除 | F33: 3000 | G33: =F33*0.8 -> 2400 | H33: =F33*0.2 -> 600 | I33: 2000 | J33: =I33*0.8 -> 1600 | K33: =I33*0.2 -> 400 | L33: =F33-I33 -> 1000 | M33: =L33*0.8 -> 800 | N33: =L33*0.2 -> 200
A34: 7、林火阻隔系统建设 | C34: 1、工程阻隔带：完成1780.8公里，其中生土带456.8公里，防火线1324公里。 2、生物防火阻隔带：完成3003.93公里，其中林内1361.61公里，林缘1642.32公里。 3、阻隔网密度：2020年为3.6米/公顷。 | E34: 该项内容无法按建设任务分开，建议按照建设内容罗列，如果按照这个内容可以让各个地方再细化 | F34: =F35+F36+F37+F38 -> 38700 | G34: =G35+G36+G37+G38 -> 30960 | H34: =H35+H36+H37+H38 -> 7740 | I34: =I35+I36+I37+I38 -> 1900 | J34: =J35+J36+J37+J38 -> 1520 | K34: =K35+K36+K37+K38 -> 380 | L34: =L35+L36+L37+L38 -> 36800 | M34: =M35+M36+M37+M38 -> 29440 | N34: =N35+N36+N37+N38 -> 7360
A35: 大别山森林防火重点区生物防火林带建设 | B35: 新建生物防火林带3000公里 | C35: 新建生物防火林带3000公里 | D35: 新建生物防火林带3000公里 | F35: 13500 | G35: =F35*0.8 -> 10800 | H35: =F35*0.2 -> 2700 | I35: 600 | J35: =I35*0.8 -> 480 | K35: =I35*0.2 -> 120 | L35: =F35-I35 -> 12900 | M35: =L35*0.8 -> 10320 | N35: =L35*0.2 -> 2580
A36: 皖南森林防火重点区生物防火林带建设 | B36: 新建生物防火林带3600公里 | C36: 新建生物防火林带3600公里 | D36: 新建生物防火林带3600公里 | F36: 16200 | G36: =F36*0.8 -> 12960 | H36: =F36*0.2 -> 3240 | I36: 600 | J36: =I36*0.8 -> 480 | K36: =I36*0.2 -> 120 | L36: =F36-I36 -> 15600 | M36: =L36*0.8 -> 12480 | N36: =L36*0.2 -> 3120
A37: 皖东森林防火重点区生物防火林带建设 | B37: 新建生物防火林带1000公里 | C37: 新建生物防火林带1000公里 | D37: 新建生物防火林带1000公里 | F37: 4500 | G37: =F37*0.8 -> 3600 | H37: =F37*0.2 -> 900 | I37: 400 | J37: =I37*0.8 -> 320 | K37: =I37*0.2 -> 80 | L37: =F37-I37 -> 4100 | M37: =L37*0.8 -> 3280 | N37: =L37*0.2 -> 820
A38: 沿江森林防火重点区生物防火林带建设 | B38: 新建生物防火林带1000公里 | C38: 新建生物防火林带1000公里 | D38: 新建生物防火林带1000公里 | F38: 4500 | G38: =F38*0.8 -> 3600 | H38: =F38*0.2 -> 900 | I38: 300 | J38: =I38*0.8 -> 240 | K38: =I38*0.2 -> 60 | L38: =F38-I38 -> 4200 | M38: =L38*0.8 -> 3360 | N38: =L38*0.2 -> 840
A39: 8、森林防火应急道路建设 | F39: =F40 -> 34000 | G39: =G40 -> 27200 | H39: =H40 -> 6800 | I39: =I40 -> 18000 | J39: =J40 -> 14400 | K39: =K40 -> 3600 | L39: =L40 -> 16000 | M39: =M40 -> 12800 | N39: =N40 -> 3200
A40: 森林防火应急道路建设项目建设 | B40: 本期规划在国有林场重点森林防火区域试点新建300公里防火应急道路建设，升级、改造防火应急道路500公里 | C40: 新建和升级改造防火应急道路1217.236公里，其中联通断头路182.8公里，升级改造集材废弃路和简易路1034.436公里。国有林区路网密度（林地面积）为2.7米/公顷，重点区域路网密度（林地面积）为1.24米/公顷。 | D40: 2025年规划国有林区路网密度（林地面积）为3.5米/公顷，重点区域路网密度（林地面积）为3.2米/公顷。 | F40: 34000 | G40: =F40*0.8 -> 27200 | H40: =F40*0.2 -> 6800 | I40: 18000 | J40: =I40*0.8 -> 14400 | K40: =I40*0.2 -> 3600 | L40: =F40-I40 -> 16000 | M40: =L40*0.8 -> 12800 | N40: =L40*0.2 -> 3200
A41: 9、森林防火宣传教育系统建设 | F41: =F42 -> 32500 | G41: =G42 -> 0 | H41: =H42 -> 32500 | I41: =I42 -> 20000 | J41: =J42 -> 0 | K41: =K42 -> 20000 | L41: =L42 -> 12500 | M41: =M42 -> 0 | N41: =N42 -> 12500
A42: 宣教系统建设 | B42: 新增大型宣传牌2500块、中小型宣传牌10000、宣传印刷品1000000份、森林防火检查站350座，其它宣传设备若干 | D42: 新增大型宣传牌2500块、中小型宣传牌10000、宣传印刷品1000000份、森林防火检查站351座，其它宣传设备若干 | E42: 未实施还是没统计（国家没有） | F42: 32500 | H42: =F42 -> 32500 | I42: 20000 | K42: =I42 -> 20000 | L42: =F42-I42 -> 12500 | N42: =L42 -> 12500
A43: 10、重点保护区域森林防火建设 | F43: =F44+F45 -> 170000 | G43: =G44+G45 -> 136000 | H43: =H44+H45 -> 34000 | I43: =I44+I45 -> 88000 | J43: =J44+J45 -> 70400 | K43: =K44+K45 -> 17600 | L43: =L44+L45 -> 82000 | M43: =M44+M45 -> 65600 | N43: =N44+N45 -> 16400
A44: 森林防火水网建设 | B44: 新建森林防火网1000公里，安装消防栓8000个，新建蓄水池5000个 | D44: 新建森林防火网1000公里，安装消防栓8000个，新建蓄水池5000个 | E44: 未实施还是没统计（国家没有） | F44: 165000 | G44: =F44*0.8 -> 132000 | H44: =F44*0.2 -> 33000 | I44: 85000 | J44: =I44*0.8 -> 68000 | K44: =I44*0.2 -> 17000 | L44: =F44-I44 -> 80000 | M44: =L44*0.8 -> 64000 | N44: =L44*0.2 -> 16000
A45: 大型灭火装备建设 | B45: 购置50台（套）大型森林灭火装备 | D45: 购置50台（套）大型森林灭火装备 | E45: 未实施还是没统计（国家没有） | F45: 5000 | G45: =F45*0.8 -> 4000 | H45: =F45*0.2 -> 1000 | I45: 3000 | J45: =I45*0.8 -> 2400 | K45: =I45*0.2 -> 600 | L45: =F45-I45 -> 2000 | M45: =L45*0.8 -> 1600 | N45: =L45*0.2 -> 400
A46: 11、安徽省“6+N”森林火灾领域应急系统建设
A47: 森林防火预警系统 | D47: ①无人机巡查系统：需配备6架固定翼及80架高性能六旋翼无人机、94架便携式四旋翼无人机。6台固定翼无人机部署为：6个重点火险市（安庆市、六安市、池州市、宣城市、黄山市、滁州市）各部署1架。80架六旋翼无人机部署为： 6个重点火险市（安庆市、六安市、池州市、宣城市、黄山市、滁州市）各部署2架，共12架；34个一级火险县（区、市）各部署2架，共68架。94架便携式四旋翼无人机部署为：除去6个重点火险市以外的10个市各部署2架，共20架；74个二级和三级火险县（区、市）各1架，共74架。 ②森林防火视频融合系统：维修县级视频监控点360个，新建视频融合系统1套，新建5202套视频监控点，在108个县（市、区）建立县级视频汇聚中心以及16个市级视频汇聚中心。 ③火情预警监测分析系统：新建1套火灾预警监测分析系统。 ④基于卫星遥感预警监测系统：新建1套基于卫星遥感预警监测系统。 ⑤林火预警推送服务系统：新建1套全省统一的林火预警推送服务系统。 | E47: 一期为32个Ⅰ级火险县及黄山、九华山风景区,，共新建野外视频监控点2554套。二期为24个Ⅱ级火险县、三期为50个Ⅲ级火险县。 建议书仅针对一期34个Ⅰ级火险县进行投资概算与建设（详见附件3），后续二期、三期根据要求逐年申报实施。 放森林火险预警监测系统
A48: 森林防火指挥调度系统 | D48: ①窄带集群呼叫系统：包括调度软件1套、手持终端设备253部。配置方式为省级3部、各市2部、108个森林火险县（市、区）各2部。 ②北斗应急通信系统：包括北斗应急指挥终端1台、北斗车载终端6台、北斗通信终端177台。配置方式为省级3台、16个市各配置2部终端，34个一级火险单位各配2部终端，74个二级和三级火险县（市、区）各1部。 ③卫星通信系统：由省级应急管理部门统一建设。 ④森林防火指挥调度中心：依托森林防火通信系统、全省林业大数据平台，充分利用内外部基础信息、业务信息，建设覆盖多级指挥中心的综合指挥调度平台，利用信息化手段提升森林防火监测、指挥管理能力，促进信息共享和资源整合。 | E48: 放森林防火信息处理系统
A49: 森林火灾抢险救援系统 | D49: ①扑火机具装备建设：高扬程灭火水泵182台，部署方式为6个重点火险市（安庆市、六安市、池州市、宣城市、黄山市、滁州市）各配置1台，34个一级火险县（市、区）各配3台，74个二级和三级火险县（市、区）各1台；新建102处蓄水池，部署方式为34个一级火险县（市、区）各新建3处；背负式卫星便携站6套，部署方式为6个重点火险市（安庆市、六安市、池州市、宣城市、黄山市、滁州市）各1套；卫星电话176台，部署方式为省级2台，16个市各配置2台，34个一级火险县（市、区）各配2台，74个二级和三级火险县（市、区）各1台；护林员5G巡护终端1436台，部署方式为16个市各配置1部终端，34个一级火险单位各配20部终端，74个二级和三级火险单位各10部。 | E49: 放森林消防装备能力建设
A50: 12、森林火灾应急救援能力建设提升工程
A51: 森林消防专业队伍建设 | D51: 森林消防专业队伍新增建设规模2107人，森林消防专业队伍营房新增建设规模119916平方米。训练场新增建设规模175500平方米。 | E51: 放森林消防队伍建设
A52: 森林防火救援基地建设 | D52: 森林防火救援基地规模按照200人专业森林消防队伍建设，共建营房面积4000平方米，训练场6000平方米。 | E52: 放森林消防队伍建设
A53: 森林防火物资储备中心建设 | D53: 共建设3处省级库，其中省中心库1处，面积为1500平方米，储备2000万元森林防火物资；省级分库2处，建设面积各500平方米，储备500万元森林防火物资。 | E53: 放森林消防装备能力建设

Sheet Sheet3
A1: 序号 | B1: 项目建设内容 | C1: 主要建设任务 | E1: 费用估算（万元） | I1: 备注
E2: 省 | F2: 市 | G2: 县 | H2: 总
A3: 第一部分：工程费用 | E3: 1226 | F3: 2382.8 | G3: 30167.8 | H3: 33776.6
A4: （一）基础设施 | E4: 140 | F4: 0 | G4: 0 | H4: 140
A5: 1 | B5: 省应急指挥中心建设 | C5: 现有指挥中心升级 | E5: 140 | F5: 0 | G5: 0 | H5: 140
A6: （二）硬件购置 | E6: 331 | F6: 2382.8 | G6: 30167.8 | H6: 32881.6
A7: 2 | B7: 应急指挥中心建设 | C7: 服务器扩容、网络设备、安全设备改造 | E7: 150 | F7: 0 | G7: 0 | H7: 150 | I7: 建设内容包括：新增服务器4台、路由器1台、接入交换机2台、光纤交换机1台、负载均衡1台、磁盘阵列2台、防火墙1台、网络安全审计1台、数据库审计1台、日志审计1台
A8: 3 | B8: 市级视频汇聚中心 | C8: 8个市级视频汇聚中心软硬件设备 | E8: 0 | F8: 700 | G8: 0 | H8: 700 | I8: 6个重点防火市各投资100万，芜湖市、铜陵市各50万
A9: 4 | B9: 县级视频汇聚中心 | C9: 34个一级火险县视频汇聚中心软硬件设备 | E9: 0 | F9: 0 | G9: 1650 | H9: 1650 | I9: 32个一级火险县分别投资50万，黄山、九华山分别投资25万
A10: 5 | B10: 监测预警平台建设 | C10: 无人机巡查系统 | D10: 固定翼垂直起降无人机（含培训） | F10: 720 | G10: 0 | H10: 720 | I10: 6个重点防火市各部署1架
A11: 6 | D11: 高性能六旋翼无人机(含培训) | F11: 240 | G11: 1360 | H11: 1600 | I11: 6个重点防火市各部署2架,34个一级火险单位各2架
A12: 7 | D12: 便携式四旋翼无人机（含培训） | F12: 200 | G12: 740 | H12: 940 | I12: 其余10个市各两架，二级和三级火险单位各一架
A13: 8 | C13: 森林防火视频融合系统 | D13: 维修现有视频监控点 | G13: 720 | H13: 720 | I13: 维修现有监控点360个点
A14: 9 | D14: 新增视频监控点 | E14: 0 | F14: 0 | G14: 22219.8 | H14: 22219.8 | I14: 一级火险县新建2554处视频监控点，建设费用包含1年铁塔和通信线路租赁费(租赁费用按1.7万元/点/年)
A15: 10 | B15: 指挥调度平台建设 | C15: 窄带集群呼叫系统 | D15: 调度软件 | E15: 150 | F15: 0 | G15: 0 | H15: 150
A16: 11 | D16: 终端设备 | E16: 3 | F16: 32 | G16: 216 | H16: 251 | I16: 16个市各配置2部终端，108个火险单位各配2部终端
A17: 12
A18: 13
A19: 14
A20: 15
A21: 16
A22: 17
A23: 18
A24: 19
A25: 20
A26: 21
A27: 22
A28: 23
A29: 24 | C29: 北斗应急通信系统 | D29: 北斗应急指挥终端 | E29: 20 | F29: 0 | G29: 0 | H29: 20
A30: 25 | D30: 北斗车载终端 | F30: 120 | G30: 0 | H30: 120 | I30: 6个重点火险市各部署一套
A31: 26 | D31: 北斗通信终端 | E31: 6 | F31: 64 | G31: 284 | H31: 354 | I31: 省级3部终端，16个市各配置2部终端，34个一级火险单位各配2部终端，74个二级和三级火险单位各一部
A32: 27 | B32: 抢险救援平台建设 | C32: 高扬程灭火水泵 | F32: 30 | G32: 880 | H32: 910 | I32: 6个重点火险市各配置1台，34个一级火险单位各配3台，74个二级和三级火险单位各一台
A33: 28 | C33: 蓄水池 | E33: 0 | F33: 0 | G33: 1530 | H33: 1530 | I33: 34个一级火险区各新建3处
A34: 29 | C34: 背负式卫星便携站 | F34: 240 | H34: 240 | I34: 6个重点火险市各一套
A35: 30 | C35: 卫星电话 | E35: 2 | F35: 32 | G35: 142 | H35: 176 | I35: 省级2部终端，16个市各配置2部终端，34个一级火险单位各配2部终端，74个二级和三级火险单位各一部
A36: 31 | C36: 护林员5G巡护终端（含通信费） | E36: 0 | F36: 4.8 | G36: 426 | H36: 430.8 | I36: 16个市各配置1部终端，34个一级火险单位各配20部终端，74个二级和三级火险单位各10部
A37: 32
A38: 33
A39: （三）软件开发 | E39: 655 | F39: 0 | G39: 0 | H39: 655
A40: 34 | B40: 应急管理应用支撑与系统集成 | C40: 省级视频融合平台 | E40: 200 | F40: 0 | G40: 0 | H40: 200
A41: 35 | C41: 火情预警监测分析系统 | E41: 20 | F41: 0 | G41: 0 | H41: 20
A42: 36 | C42: 林火预警推送服务系统 | E42: 20 | F42: 0 | G42: 0 | H42: 20
A43: 37 | C43: 森林防火融合指挥调度系统 | E43: 180 | F43: 0 | G43: 0 | H43: 180
A44: 38 | C44: 森林资源基础数据库建库 | E44: 50 | F44: 0 | G44: 0 | H44: 50
A45: 39 | C45: 数据交换与共享系统 | E45: 35 | F45: 0 | G45: 0 | H45: 35
A46: 40 | C46: 三维全景可视化系统 | E46: 150 | F46: 0 | G46: 0 | H46: 150
A47: （四）服务租赁 | E47: 100 | F47: 0 | G47: 0 | H47: 100
A48: 41 | B48: 应急指挥系统线路租赁费用 | C48: 专线租用（一年租用费） | E48: 100 | F48: 0 | G48: 0 | H48: 100
A49: 42
A50: 第二部分：工程其他费用 | E50: 215.6 | F50: 28.59 | G50: 362.01 | H50: 606.2
A51: 1 | B51: 工程设计费 | E51: 168.88 | H51: 168.88 | I51: 包括项目建议书、可研报告、初步设计、建设期技术咨询等费用，按照工程费用的0.5%
A52: 3 | B52: 工程监理费 | E52: 14.71 | F52: 28.59 | G52: 362.01 | H52: 405.32 | I52: 工程费用的1.2%
A53: 4 | B53: 等级保护测评费 | E53: 16 | H53: 16 | I53: 等保测评包括监测预警系统和指挥调度系统两大系统三级等保测评
A54: 5 | B54: 软件测试费 | E54: 16 | H54: 16
A55: 总投资费用 | E55: 1441.6 | F55: 2411.39 | G55: 30529.81 | H55: 34382.8

Sheet 附表8-1
A1: 附件8-1 基建资金落实与使用情况统计表
A2: 填表单位：安徽省
A3: 项目名称 | C3: 资金构成（万元）
C4: 中央投资（实际到位） | D4: 配套投资 | F4: 自行投资（与配套投资不交叉）
D5: 批复投资额 | E5: 实际到位额
A6: 基建资金合计 | C6: =C7+C16+C23+C41+C52+C61+C73 -> 5489.37 | D6: =D7+D16+D23+D41+D52+D61+D73 -> 2648.18 | E6: =E7+E16+E23+E41+E52+E61+E73 -> 1326.42 | F6: =F7+F16+F23+F41+F52+F61+F73 -> 22128.119
A7: 1-1 | B7: 2016-2020年预警监测系统建设全省合计 | C7: =SUM(C8:C14) -> 1664.12 | D7: =SUM(D8:D14) -> 1111.08 | E7: =SUM(E8:E14) -> 197.08 | F7: =SUM(F8:F14) -> 1724.3388
B8: 淮北市 | C8: 0 | D8: 0 | E8: 0 | F8: 1200
B9: 蚌埠市 | C9: 0 | D9: 0 | E9: 0 | F9: 211.2
B10: 淮南市 | C10: 0 | D10: 0 | E10: 0 | F10: 95
B11: 滁州市 | C11: 1460 | D11: 975 | E11: 61 | F11: 0
B12: 六安市 | C12: 0 | D12: 0 | E12: 0 | F12: 0
B13: 池州市 | C13: 0 | D13: 0 | E13: 0 | F13: 26.1388
B14: 黄山市 | C14: 204.12 | D14: 136.08 | E14: 136.08 | F14: 192
B15: 其中：森林火灾高风险区完成量 | C15: 1460 | D15: 2838 | E15: 61 | F15: 0
A16: 1-2 | B16: 2016-2020年森林防火通信与信息指挥系统建设全省合计 | C16: =SUM(C17:C22) -> 0 | D16: =SUM(D17:D22) -> 0 | E16: =SUM(E17:E22) -> 0 | F16: =SUM(F17:F22) -> 645
B17: 蚌埠市 | C17: 0 | D17: 0 | E17: 0 | F17: 3
B18: 淮南市 | C18: 0 | D18: 0 | E18: 0 | F18: 12
B19: 滁州市 | C19: 0 | D19: 0 | E19: 0 | F19: 20
B20: 芜湖市 | C20: 0 | D20: 0 | E20: 0 | F20: 590
B21: 池州市 | C21: 0 | D21: 0 | E21: 0 | F21: 0
B22: 其中：森林火灾高风险区完成量 | C22: 0 | D22: 0 | E22: 0 | F22: 20
A23: 1-3 | B23: 2016-2020年森林消防队伍能力建设全省合计 | C23: =SUM(C24:C30) -> 413.25 | D23: =SUM(D24:D30) -> 275.5 | E23: =SUM(E24:E30) -> 275.5 | F23: =SUM(F24:F30) -> 1148.13
B24: 滁州市 | C24: 0 | D24: 0 | E24: 0 | F24: 102
B25: 六安市 | C25: 0 | D25: 0 | E25: 0 | F25: 169.8
B26: 芜湖市 | C26: 0 | D26: 0 | E26: 0 | F26: 135
B27: 铜陵市 | C27: 0 | D27: 0 | E27: 0 | F27: 330
B28: 池州市 | C28: 0 | D28: 0 | E28: 0 | F28: 123
B29: 黄山市 | C29: 413.25 | D29: 275.5 | E29: 275.5 | F29: 0
B30: 安庆市 | C30: 0 | D30: 0 | E30: 0 | F30: 288.33
B31: 其中：森林火灾高风险区完成量 | C31: 0 | D31: 0 | E31: 0 | F31: 461.8
A32: 1-4 | B32: 2016-2020年森林航空消防能力建设全省合计 | C32: 0 | D32: 0 | E32: 0 | F32: 0
B33: XX（地级）市1 | C33: 0 | D33: 0 | E33: 0 | F33: 0
B34: XX（地级）市2 | C34: 0 | D34: 0 | E34: 0 | F34: 0
B35: …… | C35: 0 | D35: 0 | E35: 0 | F35: 0
B36: XX（地级）市/省直管市* | C36: 0 | D36: 0 | E36: 0 | F36: 0
B37: **林管局/林场1（省/森工集团直属） | C37: 0 | D37: 0 | E37: 0 | F37: 0
B38: **林管局/林场2（省/森工集团直属） | C38: 0 | D38: 0 | E38: 0 | F38: 0
B39: 其中：森林火灾高危区完成量 | C39: 0 | D39: 0 | E39: 0 | F39: 0
B40: 其中：森林火灾高风险区完成量 | C40: 0 | D40: 0 | E40: 0 | F40: 0
A41: 1-5 | B41: 2016-2020年林火阻隔系统建设全省合计 | C41: =SUM(C42:C50) -> 2350 | D41: =SUM(D42:D50) -> 586.6 | E41: =SUM(E42:E50) -> 178.84 | F41: =SUM(F42:F50) -> 3167.1
B42: 蚌埠市 | C42: 0 | D42: 0 | E42: 0 | F42: 320
B43: 淮南市 | C43: 0 | D43: 0 | E43: 0 | F43: 60
B44: 滁州市 | C44: 0 | D44: 0 | E44: 0 | F44: 350
B45: 六安市 | C45: 0 | D45: 0 | E45: 0 | F45: 323
B46: 芜湖市 | C46: 0 | D46: 0 | E46: 0 | F46: 930
B47: 铜陵市 | C47: 0 | D47: 0 | E47: 0 | F47: 800
B48: 安庆市 | C48: 2350 | D48: 586.6 | E48: 178.84 | F48: 0
B49: 池州市 | C49: 0 | D49: 0 | E49: 0 | F49: 2.5
B50: 黄山市 | C50: 0 | D50: 0 | E50: 0 | F50: 381.6
B51: 其中：森林火灾高风险区完成量 | C51: 2350 | D51: 586.6 | E51: 178.84 | F51: 1583
A52: 1-6 | B52: 2016-2020年防火应急道路建设全省合计 | C52: =SUM(C53:C59) -> 0 | D52: =SUM(D53:D59) -> 0 | E52: =SUM(E53:E59) -> 0 | F52: =SUM(F53:F59) -> 11285
B53: 蚌埠市 | C53: 0 | D53: 0 | E53: 0 | F53: 3055
B54: 淮南市 | C54: 0 | D54: 0 | E54: 0 | F54: 160
B55: 滁州市 | C55: 0 | D55: 0 | E55: 0 | F55: 650
B56: 六安市 | C56: 0 | D56: 0 | E56: 0 | F56: 55
B57: 芜湖市 | C57: 0 | D57: 0 | E57: 0 | F57: 5580
B58: 铜陵市 | C58: 0 | D58: 0 | E58: 0 | F58: 1600
B59: 安庆市 | C59: 0 | D59: 0 | E59: 0 | F59: 185
B60: 其中：森林火灾高风险区完成量 | C60: 0 | D60: 0 | E60: 0 | F60: 5025
A61: 1-7 | B61: 2016-2020年其他基础设施建设1 全省合计（例如宣传设施） | C61: =SUM(C62:C71) -> 70 | D61: =SUM(D62:D71) -> 14 | E61: =SUM(E62:E71) -> 14 | F61: =SUM(F62:F71) -> 989.55
B62: 蚌埠市 | C62: 0 | D62: 0 | E62: 0 | F62: 60
B63: 阜阳市 | C63: 0 | D63: 0 | E63: 0 | F63: 6
B64: 淮南市 | C64: 0 | D64: 0 | E64: 0 | F64: 72
B65: 滁州市 | C65: 0 | D65: 0 | E65: 0 | F65: 210
B66: 六安市 | C66: 0 | D66: 0 | E66: 0 | F66: 285.35
B67: 芜湖市 | C67: 0 | D67: 0 | E67: 0 | F67: 50
B68: 马鞍山市 | C68: 0 | D68: 0 | E68: 0 | F68: 60
B69: 铜陵市 | C69: 0 | D69: 0 | E69: 0 | F69: 225
B70: 池州市 | C70: 0 | D70: 0 | E70: 0 | F70: 1.2
B71: 黄山市 | C71: 70 | D71: 14 | E71: 14 | F71: 20
B72: 其中：森林火灾高风险区完成量 | C72: 70 | D72: 14 | E72: 14 | F72: 677.35
A73: 1-8 | B73: 2016-2020年其他基础设施建设2 全省合计（例如物资库） | C73: =SUM(C74:C83) -> 992 | D73: =SUM(D74:D83) -> 661 | E73: =SUM(E74:E83) -> 661 | F73: =SUM(F74:F83) -> 3169
B74: 亳州市 | C74: 0 | D74: 0 | E74: 0 | F74: 689
B75: 宿州市 | C75: 0 | D75: 0 | E75: 0 | F75: 0
B76: 阜阳市 | C76: 0 | D76: 0 | E76: 0 | F76: 5
B77: 淮南市 | C77: 0 | D77: 0 | E77: 0 | F77: 196
B78: 滁州市 | C78: 0 | D78: 0 | E78: 0 | F78: 278
B79: 六安市 | C79: 0 | D79: 0 | E79: 0 | F79: 110
B80: 芜湖市 | C80: 0 | D80: 0 | E80: 0 | F80: 174
B81: 马鞍山市 | C81: 0 | D81: 0 | E81: 0 | F81: 158
B82: 铜陵市 | C82: 0 | D82: 0 | E82: 0 | F82: 245
B83: 安庆市 | C83: 992 | D83: 661 | E83: 661 | F83: 1314
B84: 其中：森林火灾高风险区完成量 | C84: 992 | D84: 661 | E84: 661 | F84: 1972
A85: 注：1、全国森林防火规划（2016—2025年）以外的建设项目可自行增加列。
A86: 2、火险区综合治理等项目，按审批建设内容拆解填表。
A87: 3、其它基建费和其它财政费需说明具体内容与资金发生情况。
A88: 4、本表需填报省级合计数、所辖地级市合计数，以及本省高危区、高风险区合计数。
A89: 5、林管局、林场等省/森工集团直属单位单独成行统计填报，保护区、森林公园等自然保护地数据由其所在地市一并统计填报。

Sheet 附表8-2
A1: 附件8-2 财政资金落实与使用情况统计表
A2: 填表单位：安徽省
A3: 项目名称 | C3: 资金构成（万元）
C4: 合计 | D4: 中央财政资金 | E4: 地方财政资金
A6: 财政经费合计 | C6: =C7+C22+C30 -> 16460.952 | D6: =D7+D22+D30 -> 701.02 | E6: =E7+E22+E30 -> 15759.932
A7: 2-1 | B7: 2016-2020年森林防火物资储备费全省合计 | C7: =SUM(C8:C20) -> 10316.354 | D7: =SUM(D8:D20) -> 501.02 | E7: =SUM(E8:E20) -> 9815.3337
B8: 合肥市 | C8: 1071.191 | D8: 0 | E8: 1071.191
B9: 亳州市 | C9: 639 | D9: 0 | E9: 639
B10: 蚌埠市 | C10: 300 | D10: 0 | E10: 300
B11: 阜阳市 | C11: 20 | D11: 0 | E11: 20
B12: 淮南市 | C12: 128 | D12: 0 | E12: 128
B13: 滁州市 | C13: 515 | D13: 175 | E13: 340
B14: 六安市 | C14: 947.6627 | D14: 46.92 | E14: 900.7427
B15: 芜湖市 | C15: 510 | D15: 0 | E15: 510
B16: 马鞍山市 | C16: 300 | D16: 0 | E16: 300
B17: 铜陵市 | C17: 503 | D17: 0 | E17: 503
B18: 黄山市 | C18: =SUM(D18:E18) -> 3635.1 | D18: 239.1 | E18: 3396
B19: 安庆市 | C19: 917.4 | D19: 0 | E19: 917.4
B20: 池州市 | C20: 830 | D20: 40 | E20: 790
B21: 其中：森林火灾高风险区完成量 | C21: 2482.6627 | D21: 261.92 | E21: 3238.1427
A22: 2-2 | B22: 2016-2020年重特大森林火灾扑救准备金全省合计 | C22: 600 | D22: 0 | E22: 600
B23: 池州市 | C23: 500 | D23: 0 | E23: 500
B24: 安庆市 | C24: 100 | D24: 0 | E24: 100
B25: 其中：森林火灾高风险区完成量 | C25: 600 | D25: 0 | E25: 600
A26: 2-3 | B26: 2016-2020年边境防火隔离带补助经费全省合计 | C26: 0 | D26: 0 | E26: 0
A27: 2-4 | B27: 2016-2020年森林航空消防飞行补助费全省合计 | C27: 0 | D27: 0 | E27: 0
A28: 2-5 | B28: 2016-2020年航站地面保障补助全省合计 | C28: 0 | D28: 0 | E28: 0
A29: 2-6 | B29: 2016-2020年扑救重特大森林火灾补助费全省合计 | C29: 0 | D29: 0 | E29: 0
A30: 2-7 | B30: 2016-2020年其它财政费1 全省合计（例如宣传经费） | C30: =SUM(C31:C42) -> 5544.598 | D30: =SUM(D31:D42) -> 200 | E30: =SUM(E31:E42) -> 5344.598
B31: 合肥市 | C31: 154.648 | D31: 0 | E31: 154.648
B32: 亳州市 | C32: 90 | D32: 0 | E32: 90
B33: 宿州市 | C33: 495 | D33: 30 | E33: 465
B34: 阜阳市 | C34: 10 | D34: 0 | E34: 10
B35: 淮南市 | C35: 17 | D35: 0 | E35: 17
B36: 滁州市 | C36: 440 | D36: 0 | E36: 440
B37: 六安市 | C37: 19.15 | D37: 0 | E37: 19.15
B38: 马鞍山市 | C38: 60 | D38: 0 | E38: 60
B39: 铜陵市 | C39: 45 | D39: 0 | E39: 45
B40: 黄山市 | C40: =SUM(D40:E40) -> 3445.8 | D40: 70 | E40: 3375.8
B41: 安庆市 | C41: 618 | D41: 0 | E41: 618
B42: 池州市 | C42: 150 | D42: 100 | E42: 50
B43: 其中：森林火灾高风险区完成量 | C43: 675.45 | D43: 170 | E43: 1193.45
A44: 2-8 | B44: 2016-2020年其它财政费2 全省合计（例如购买服务经费） | C44: =SUM(C45:C54) -> 10953.555 | D44: =SUM(D45:D54) -> 112.5648 | E44: =SUM(E45:E54) -> 10840.99
B45: 合肥市 | C45: 56.64 | D45: 0 | E45: 56.64
B46: 亳州市 | C46: 600 | D46: 0 | E46: 600
B47: 阜阳市 | C47: 9 | D47: 0 | E47: 9
B48: 淮南市 | C48: 5 | D48: 0 | E48: 5
B49: 六安市 | C49: 186.9148 | D49: 42.5648 | E49: 144.35
B50: 马鞍山市 | C50: 158 | D50: 0 | E50: 158
B51: 铜陵市 | C51: 862 | D51: 0 | E51: 862
B52: 黄山市 | C52: 7713 | D52: 0 | E52: 7713
B53: 安庆市 | C53: 1293 | D53: 0 | E53: 1293
B54: 池州市 | C54: 70 | D54: 70 | E54: 0
B55: 其中：森林火灾高风险区完成量 | C55: 1729.9148 | D55: 42.5648 | E55: 1687.35
A56: 注：1、全国森林防火规划（2016—2025年）以外的建设项目可自行增加列。
A57: 2、火险区综合治理等项目，按审批建设内容拆解填表。
A58: 3、其它基建费和其它财政费需说明具体内容与资金发生情况。
A59: 4、本表需填报省级合计数、所辖地级市合计数，以及本省高危区、高风险区合计数。
A60: 5、林管局、林场等省/森工集团直属单位单独成行统计填报，保护区、森林公园等自然保护地数据由其所在地市一并统计填报。

Sheet 附表9.
A1: 附件9 森林资源与城镇接驳区域安全隐患摸底表
A2: 填表单位：安徽省
A3: 统计单位 | C3: 自然片林/林带与城镇边缘接驳隐患区 | I3: 拟采取的主要防控措施
C4: 总长度/公里 | D4: 其中：高危险长度/公里 | E4: 其中：居民点隐患区长度/公里（只统计地市、县区主城区居民点） | G4: 其中：重要设施隐患区情况
G5: 重要设施数量/个 | H5: 隐患区长度/公里
A6: 序号 | B6: 全省合计 | C6: =SUM(C7:C16) -> 1321 | D6: =SUM(D7:D16) -> 525.1 | E6: =SUM(E7:E16) -> 256.6 | F6: =SUM(F7:F16) -> 4.6 | G6: =SUM(G7:G16) -> 71 | H6: =SUM(H7:H16) -> 248.4 | I6: 组织开展隐患排查，加强林区周边用火管理，定期清除林下可燃物
A7: 1 | B7: 蚌埠市 | C7: 14 | D7: 0 | E7: 0 | F7: 0 | G7: 12 | H7: 14
A8: 2 | B8: 阜阳市 | C8: 30 | D8: 20 | E8: 10 | F8: 0 | G8: 0 | H8: 0
A9: 3 | B9: 滁州市 | C9: 400 | D9: 23 | E9: 34 | F9: 2 | G9: 4 | H9: 2
A10: 4 | B10: 六安市 | C10: 37.5 | D10: 15 | E10: 24 | F10: 0 | G10: 8 | H10: 23.5
A11: 5 | B11: 芜湖市 | C11: 10.4 | D11: 0 | E11: 10.4 | F11: 0 | G11: 0 | H11: 0
A12: 6 | B12: 安庆市 | C12: 0.5 | E12: 0 | F12: 0 | G12: 1 | H12: 0.5
A13: 7 | B13: 铜陵市 | C13: 34.7 | D13: 20.6 | E13: 20.6 | F13: 0 | G13: 21 | H13: 20.6
A14: 8 | B14: 池州市 | C14: 34.1 | D14: 1.5 | E14: 32.6 | F14: 2.6 | G14: 8 | H14: 24
A15: 9 | B15: 黄山市 | C15: 32 | D15: 0 | E15: 20 | F15: 0 | G15: 1 | H15: 2
A16: 10 | B16: 宣城市 | C16: 727.8 | D16: 445 | E16: 105 | F16: 0 | G16: 16 | H16: 161.8
A17: … | B17: 其中：森林火灾高风险区 | C17: 478.1 | D17: 43 | E17: 98.6 | F17: 4.6 | G17: 58 | H17: 54.6
A18: 注：1、片林/林带与城镇接驳区有效安全距离为50米，片林/林带与城镇居民点或重要设施间距离小于50米的林区，为隐患区域。
A19: 2、数据统计背景及目的：近年来，国外森林大火常常烧毁城镇，严重威胁人民生命财产安全；为有效防范城镇周边森林火灾，规划中期评估中拟对相关隐患区进行摸底调查。
A20: 3、高危险长度指急需开展隐患治理的区域，急需程度视地方实际情况自行确定；重要设施指加油站、医院、学校、博物馆、景点等公共场所及设施。

Sheet 附表10.
A1: 附件10 拟新增建设工程需求表
A2: 填表单位：安徽省
A3: 项目名称 | C3: 单位 | D3: 数量 | E3: 单价定额（万元） | F3: 投资构成（万元） | I3: 备注
F4: 合计 | G4: 中央投资 | H4: 地方配套
A5: 序号 | B5: 合计 | F5: 173400.05 | G5: 138720.04 | H5: 34680.01
A6: 一 | B6: 火灾风险防范工程 | F6: =F7+F12+F18+F22 -> 41358.8 | G6: =G7+G12+G18+G22 -> 33087.04 | H6: =H7+H12+H18+H22 -> 8271.76
A7: 1 | B7: 防火宣传体系 | F7: 3421 | G7: 2736.8 | H7: 684.2
A8: 1.1 | B8: 宣传车 | C8: 辆 | D8: 121 | E8: 15 | F8: 1815 | G8: =F8*0.8 -> 1452 | H8: =F8*0.2 -> 363
A9: 1.2 | B9: 大型防火宣传牌（注明规格尺寸） | C9: 处 | D9: 703 | E9: 1 | F9: 703 | G9: =F9*0.8 -> 562.4 | H9: =F9*0.2 -> 140.6
A10: 1.3 | B10: 进山入林口增设防火语音提示装备 | C10: 套 | D10: 1806 | E10: 0.5 | F10: 903 | G10: =F10*0.8 -> 722.4 | H10: =F10*0.2 -> 180.6
A11: 1.N | B11: ……
A12: 2 | B12: 火源管理系统 | F12: 32108.3 | G12: 25686.64 | H12: 6421.66
A13: 2.1 | B13: 简易卡点（注明规格尺寸） | C13: 处 | D13: 505 | E13: 2.5 | F13: 1262.5 | G13: =F13*0.8 -> 1010 | H13: =F13*0.2 -> 252.5
A14: 2.2 | B14: 流动检查点（注明规格尺寸） | C14: 处 | D14: 152 | E14: 1 | F14: 152 | G14: =F14*0.8 -> 121.6 | H14: =F14*0.2 -> 30.4
A15: 2.3 | B15: 处置突发火情蓄水池（注明规格尺寸） | C15: 座 | D15: 750 | E15: 10 | F15: 7500 | G15: =F15*0.8 -> 6000 | H15: =F15*0.2 -> 1500
A16: 2.4 | B16: 定点祭祀池（注明规格尺寸） | C16: 座 | D16: 974 | E16: 1 | F16: 974 | G16: =F16*0.8 -> 779.2 | H16: =F16*0.2 -> 194.8
A17: 2.5 | B17: 视频监控点 | D17: 2554 | E17: 8.7 | F17: 22219.8 | G17: =F17*0.8 -> 17775.84 | H17: =F17*0.2 -> 4443.96
A18: 3 | B18: 兼职防扑火队伍建设 | F18: 827 | G18: 661.6 | H18: 165.4
A19: 3.1 | B19: 新建兼职队伍装备（注明具体需求） | C19: 支 | D19: 121 | E19: 5 | F19: 605 | G19: =F19*0.8 -> 484 | H19: =F19*0.2 -> 121
A20: 3.2 | B20: 完善提升兼职队伍装备（注明具体需求） | C20: 支 | D20: 111 | E20: 2 | F20: 222 | G20: =F20*0.8 -> 177.6 | H20: =F20*0.2 -> 44.4
A21: 3.N | B21: ……
A22: 4 | B22: 护林（草）员巡护装备 | F22: 5002.5 | G22: 4002 | H22: 1000.5
A23: 4.1 | B23: 巡护和火情早期处理装备（注明具体需求） | C23: 套 | D23: 4747 | E23: 1 | F23: 4747 | G23: =F23*0.8 -> 3797.6 | H23: =F23*0.2 -> 949.4
A24: 4.2 | B24: 北斗终端等通信设备（注明具体需求） | C24: 套 | D24: 511 | E24: 0.5 | F24: 255.5 | G24: =F24*0.8 -> 204.4 | H24: =F24*0.2 -> 51.1
A25: 4.N | B25: ……
A26: 二 | B26: 防火物资库 | F26: 1463.28 | G26: =F26*0.8 -> 1170.624 | H26: =F26*0.2 -> 292.656
A27: 1 | B27: 国家级库 | I27: 合肥市新建一座1500m2的省中心库，在黄山市、安庆市岳西县各新建一座500m2的区域性物资储备库（不含土地费）
A28: 1.1 | B28: 土建工程 | C28: 平方米
A29: 1.N | B29: ……
A30: 2 | B30: 省级库
A31: 2.1 | B31: 土建工程 | C31: 平方米 | D31: 2500 | E31: 1463.28 | F31: 1463.28 | G31: =F31*0.8 -> 1170.624 | H31: =F31*0.2 -> 292.656
A32: 2.N | B32: ……
A33: 3 | B33: 市级库
A34: 3.1 | B34: 土建工程 | C34: 平方米
A35: 3.N | B35: ……
A36: 三 | B36: 地方森林消防队伍能力建设 | F36: 58549.22 | G36: 46839.376 | H36: 11709.844
A37: 1 | B37: 地方专业森林消防队伍
A38: 1.1 | B38: 省级地方专业森林消防队伍
A39: 1.2 | B39: 地（市）级地方专业森林消防队伍
A40: 1.3 | B40: 县级地方专业森林消防队伍 | C40: 人 | D40: 2107 | E40: 57021.22 | F40: 57021.22 | G40: =F40*0.8 -> 45616.976 | H40: =F40*0.2 -> 11404.244 | I40: 根据各县森林火险等级，建设营房（全省共118716平方米）和训练场（全省共175500平方米），并根据森林消防专业队伍实际配备相应物资装备（13780.39万元）
A41: 2 | B41: 现有队伍灭火装备现代化升级 | D41: 5
A42: 3 | B42: 大型特种灭火装备建设
A43: 4 | B43: 野外实训基地建设 | C43: 座 | D43: 1 | E43: 1528 | F43: 1528 | G43: =F43*0.8 -> 1222.4 | H43: =F43*0.2 -> 305.6 | I43: 在合肥建设地，营房建筑面积4000m2，训练场建筑面积6000m2（不含土地费）
A44: … | B44: ……
A45: 四 | B45: 防火应急道路建设 | D45: 1299.5 | E45: 42.5 | F45: 55228.75 | G45: =F45*0.8 -> 44183 | H45: =F45*0.2 -> 11045.75
A46: 五 | B46: 防火隔离带建设 | D46: 5600 | E46: 3 | F46: 16800 | G46: =F46*0.8 -> 13440 | H46: =F46*0.2 -> 3360
A47: … | B47: ……
A48: 注：表内工程为举例代拟，各提报单位根据实际增项，增项请在备注中简要说明需要建设的理由。

Sheet 附表11.
A1: 附件11 森林防火重点区域建设分区调整需求表
A2: 填表单位：安徽省
A3: 序号 | B3: 地市 | C3: 县（区、市） | D3: 原火险分区 | G3: 调整后火险分区 | J3: 调整原因（按照规划中分区标准说明原因） | K3: 备注
D4: 一般火险区 | E4: 高风险区 | F4: 高危区 | G4: 一般火险区 | H4: 高风险区 | I4: 高危区 | K4: 备注
B5: 合计
A6: 1 | B6: 蚌埠市 | C6: 怀远县 | E6: √ | G6: √ | J6: 行政区域调整
C7: 禹会区 | D7: √ | H7: √ | J7: 行政区域调整
A18: 注：1、拟调整重点区域分布需满足《全国森林防火规划（2016—2025年）》中“三、总体思路 （五）建设分区与布局”的分区依据和标准。
A19: 2、有调整意向的省在“原火险分区”与“调整后火险分区”相应单元格内勾选，无调整意向的省此表不需填报。

Sheet 十四五建设任务
A1: 附表9
A2: “十四五”重点建设任务投资估算表
C3: 单位：万元
A4: 建设内容 | B4: 规划任务 | C4: 总投资 | H4: 2021-2025年
C5: 计 | D5: 中央 | E5: 省级 | F5: 市级 | G5: 县级 | H5: 计 | I5: 中央 | J5: 省级 | K5: 市级 | L5: 县级
A6: 合 计 | C6: =#REF!+#REF!+C7+C12+C17+C20+C23+C27+C32+C34+C36 -> #REF! | D6: =#REF!+#REF!+D23+D27+D32+D34+D36 -> #REF! | E6: =#REF!+#REF!+E23+E27+E32+E34+E36 -> #REF! | F6: =#REF!+#REF!+F23+F27+F32+F34+F36 -> #REF! | G6: =#REF!+#REF!+G23+G27+G32+G34+G36 -> #REF! | H6: =#REF!+#REF!+H23+H27+H32+H34+H36 -> #REF! | I6: =#REF!+#REF!+I23+I27+I32+I34+I36 -> #REF! | J6: =#REF!+#REF!+J23+J27+J32+J34+J36 -> #REF! | K6: =#REF!+#REF!+K23+K27+K32+K34+K36 -> #REF! | L6: =#REF!+#REF!+L23+L27+L32+L34+L36 -> #REF!
A7: 3、森林防火通信系统建设 | M7: =H7/C7*100 -> #DIV/0! | P7: =M7*O7/100 -> #DIV/0!
A8: 有线综合网络项目 | B8: 新建设省至各市、县（区）森林防火基础骨干网络 | C8: =H8 -> 200 | D8: =I8 -> 160 | E8: =J8 -> 40 | H8: 200 | I8: 160 | J8: 40 | M8: =H8/C8*100 -> 100 | P8: =M8*O8/100 -> 0
A9: 火场通信网络建设 | B9: 规划升级和改造各级通信调度系统、新增手持台设备1909台、车载台设备110台、背负式设备82台、语音网关44套 | C9: =H9 -> 600 | D9: =I9 -> 480 | E9: =J9 -> 120 | H9: 600 | I9: 480 | J9: 120 | M9: =H9/C9*100 -> 100 | O9: 80 | P9: =M9*O9/100 -> 80
A10: 卫星通信网络建设项目 | B10: 新建VSAT卫星固定小站1个、VSAT卫星便携站8个、VSAT卫星电话1部、视频图传系统8套、BGAN系统8套、海事卫星电话26部、北斗指挥机系统26套、北斗车载系统57套及北斗手持机209套 | C10: =H10 -> 700 | D10: =I10 -> 560 | E10: =J10 -> 140 | H10: 700 | I10: 560 | J10: 140 | M10: =H10/C10*100 -> 100 | O10: 448 | P10: =M10*O10/100 -> 448
A11: 机动通信系统建设 | B11: 配置省级大型通信车1辆、中型通信车1辆、小型火场应急指挥车6辆含车载设备。 | C11: =H11 -> 400 | D11: =I11 -> 320 | E11: =J11 -> 80 | H11: 400 | I11: 320 | J11: 80 | M11: =H11/C11*100 -> 100 | O11: 12 | P11: =M11*O11/100 -> 12
A12: 4、森林防火信息处理系统 | M12: =H12/C12*100 -> #DIV/0! | P12: =M12*O12/100 -> #DIV/0!
A13: 综合管控系统 | B13: 规划构建全省统一的森林防火大数据平台及业务软件5套,建设森林防火硬件、软件、数据一体化管控平台 | C13: =H13 -> 500 | D13: =I13 -> 400 | E13: =J13 -> 100 | H13: 500 | I13: 400 | J13: 100 | M13: =H13/C13*100 -> 100 | O13: 16 | P13: =M13*O13/100 -> 16
A14: 综合指挥系统 | B14: 新建设省级森林防火指挥中心二期项目，逐步更新市级森林防火指挥中心5套、新建县级森林防火指挥中心22套及配套的应用系统。 | C14: =H14 -> 4000 | D14: =I14 -> 3200 | E14: =J14 -> 800 | H14: 4000 | I14: 3200 | J14: 800 | M14: =H14/C14*100 -> 100 | O14: 56 | P14: =M14*O14/100 -> 56
A15: 综合保障系统 | B15: 规划依托专业运维团队，建立有效的运维支撑体系 | C15: =H15 -> 200 | D15: =I15 -> 160 | E15: =J15 -> 40 | H15: 200 | I15: 160 | J15: 40 | M15: =H15/C15*100 -> 100 | P15: =M15*O15/100 -> 0
A16: 专家决策支持系统建设 | B16: 规划对森林防火会商探讨、科学研究等方面进行相应的投入 | C16: =H16 -> 600 | D16: =I16 -> 480 | E16: =J16 -> 120 | H16: 600 | I16: 480 | J16: 120 | M16: =H16/C16*100 -> 100 | P16: =M16*O16/100 -> 0
A17: 5、森林消防队伍建设 | M17: =H17/C17*100 -> #DIV/0! | P17: =M17*O17/100 -> #DIV/0!
A18: 武警森林部队建设 | B18: 规划支持武警森林驻皖部队能力建设，每年给予必要的财政保障 | C18: =H18 -> 1500 | D18: =I18 -> 750 | E18: =J18 -> 750 | H18: 1500 | I18: 750 | J18: 750 | M18: =H18/C18*100 -> 100 | P18: =M18*O18/100 -> 0
A19: 专业森林消防队伍建设 | B19: 规划期内新组建森林火灾高风险区火险县（市、区）100人以上的专业森林消防队，一般森林火险区火险县（市、区）25人以上的专业森林消防队，共新建专业森林消防队50支，提高和完善现有88支森林消防队伍,新建营房69座，按年稳定补充各类扑火设备 | C19: =H19 -> 28000 | D19: =I19 -> 22400 | E19: =J19 -> 5600 | H19: 28000 | I19: 22400 | J19: 5600 | M19: =H19/C19*100 -> 100 | O19: 143 | P19: =M19*O19/100 -> 143
A20: 6、森林消防装备能力建设 | M20: =H20/C20*100 -> #DIV/0! | P20: =M20*O20/100 -> #DIV/0!
A21: 扑火物资储备 | B21: 规划新增各类扑火物资2万台（套、把）和18辆森林防火指挥车、22辆运兵车、45辆消防车 | C21: =H21 -> 20000 | D21: =I21 -> 16000 | E21: =J21 -> 4000 | H21: 20000 | I21: 16000 | J21: 4000 | M21: =H21/C21*100 -> 100 | O21: 112 | P21: =M21*O21/100 -> 112
A22: 物资储备库房建设 | B22: 规划期内改造、扩建现有的445座物资储备库 | C22: =H22 -> 1350 | D22: =I22 -> 1080 | E22: =J22 -> 270 | H22: 1350 | I22: 1080 | J22: 270 | M22: =H22/C22*100 -> 100 | O22: 972 | P22: =M22*O22/100 -> 972
A23: 3、森林航空消防能力建设 | C23: =H23 -> 13750 | D23: =I23 -> 11000 | E23: =J23 -> 2750 | H23: 13750 | I23: 11000 | J23: 2750 | M23: =H23/C23*100 -> 100 | P23: =M23*O23/100 -> 0
A24: 森林航空消防机源 | B24: 规划防火期内每年租用2-4架森林防火航护直升机及机组人员开展航空护林工作 | C24: =H24 -> 7500 | D24: =I24 -> 6000 | E24: =J24 -> 1500 | H24: 7500 | I24: 6000 | J24: 1500 | M24: =H24/C24*100 -> 100 | P24: =M24*O24/100 -> 0
A25: 航站建设项目 | B25: 规划期内新建航空护林站（基地）1个，新建航空护林分基地2个 | C25: =H25 -> 4750 | D25: =I25 -> 3800 | E25: =J25 -> 950 | H25: 4750 | I25: 3800 | J25: 950 | M25: =H25/C25*100 -> 100 | P25: =M25*O25/100 -> 0
A26: 火场侦察系统 | B26: 规划直升机为载体，加载激光红外光电吊舱，利用卫星通信等信息传输技术建立火场侦察系统 | C26: =H26 -> 500 | D26: =I26 -> 400 | E26: =J26 -> 100 | H26: 500 | I26: 400 | J26: 100 | M26: =H26/C26*100 -> 100 | P26: =M26*O26/100 -> 0
A27: 4、林火阻隔系统建设 | C27: =SUM(C28:C31) -> 18400 | D27: =SUM(D28:D31) -> 14720 | E27: =SUM(E28:E31) -> 3680 | F27: =SUM(F28:F31) -> 0 | G27: =SUM(G28:G31) -> 0 | H27: =SUM(H28:H31) -> 18400 | I27: =SUM(I28:I31) -> 14720 | J27: =SUM(J28:J31) -> 3680 | ... L27: =SUM(L28:L31) -> 0 | M27: =H27/C27*100 -> 100 | P27: =M27*O27/100 -> 0
A28: 大别山森林防火重点区生物防火林带建设 | B28: 新建生物防火林带2867公里 | C28: 6450 | D28: 5160 | E28: 1290 | H28: =C28 -> 6450 | I28: =D28 -> 5160 | J28: =E28 -> 1290 | M28: =H28/C28*100 -> 100 | O28: 3000 | P28: =M28*O28/100 -> 3000
A29: 皖南森林防火重点区生物防火林带建设 | B29: 新建生物防火林带3467公里 | C29: 7800 | D29: 6240 | E29: 1560 | H29: =C29 -> 7800 | I29: =D29 -> 6240 | J29: =E29 -> 1560 | M29: =H29/C29*100 -> 100 | O29: 3600 | P29: =M29*O29/100 -> 3600
A30: 皖东森林防火重点区生物防火林带建设 | B30: 新建生物防火林带911公里 | C30: 2050 | D30: 1640 | E30: 410 | H30: =C30 -> 2050 | I30: =D30 -> 1640 | J30: =E30 -> 410 | M30: =H30/C30*100 -> 100 | O30: 1000 | P30: =M30*O30/100 -> 1000
A31: 沿江森林防火重点区生物防火林带建设 | B31: 新建生物防火林带933公里 | C31: 2100 | D31: 1680 | E31: 420 | H31: =C31 -> 2100 | I31: =D31 -> 1680 | J31: =E31 -> 420 | M31: =H31/C31*100 -> 100 | O31: 1000 | P31: =M31*O31/100 -> 1000
A32: 6、森林防火应急道路建设 | C32: =SUM(C33) -> 8000 | D32: =SUM(D33) -> 7200 | E32: =SUM(E33) -> 800 | F32: =SUM(F33) -> 0 | G32: =SUM(G33) -> 0 | H32: =SUM(H33) -> 8000 | I32: =SUM(I33) -> 7200 | J32: =SUM(J33) -> 800 | K32: =SUM(K33) -> 0 | M32: =H32/C32*100 -> 100 | P32: =M32*O32/100 -> 0
A33: 森林防火应急道路建设项目建设 | B33: 本期规划在国有林场重点森林防火区域试点新建141公里防火应急道路建设，升级、改造防火应急道路235公里 | C33: 8000 | D33: 7200 | E33: 800 | H33: =C33 -> 8000 | I33: =D33 -> 7200 | J33: =E33 -> 800 | M33: =H33/C33*100 -> 100 | O33: 500 | P33: =M33*O33/100 -> 500
A34: 7、森林防火宣传教育系统建设 | C34: =H34 -> 12500 | D34: =I34 -> 0 | E34: =J34 -> 12500 | H34: 12500 | I34: 0 | J34: 12500 | M34: =H34/C34*100 -> 100 | P34: =M34*O34/100 -> 0
A35: 宣教系统建设 | B35: 新增大型宣传牌962块、中小型宣传牌3846块、宣传印刷品384615份、森林防火检查站135座，其它宣传设备若干 | C35: =H35 -> 12500 | D35: =I35 -> 0 | E35: =J35 -> 12500 | H35: 12500 | J35: 12500 | M35: =H35/C35*100 -> 100 | O35: 350 | P35: =M35*O35/100 -> 350
A36: 8、重点保护区域森林防火建设 | C36: =SUM(C37:C38) -> 41000 | D36: =SUM(D37:D38) -> 32800 | E36: =SUM(E37:E38) -> 8200 | F36: =SUM(F37:F38) -> 0 | G36: =SUM(G37:G38) -> 0 | H36: =SUM(H37:H38) -> 41000 | I36: =SUM(I37:I38) -> 32800 | J36: =SUM(J37:J38) -> 8200 | ... L36: =SUM(L37:L38) -> 0 | M36: =H36/C36*100 -> 100 | P36: =M36*O36/100 -> 0
A37: 森林防火水网建设 | B37: 新建森林防火网485公里，安装消防栓3879个，新建蓄水池2424个 | C37: 40000 | D37: 32000 | E37: 8000 | H37: =C37 -> 40000 | I37: =D37 -> 32000 | J37: =E37 -> 8000 | M37: =H37/C37*100 -> 100 | O37: 5000 | P37: =M37*O37/100 -> 5000
A38: 大型灭火装备建设 | B38: 购置20台（套）大型森林灭火装备 | C38: 1000 | D38: 800 | E38: 200 | H38: =C38 -> 1000 | I38: =D38 -> 800 | J38: =E38 -> 200 | M38: =H38/C38*100 -> 100 | O38: 50 | P38: =M38*O38/100 -> 50
A39: 1、安徽省“6+N”重点领域森林火灾领域应急系统 | C39: =C40+C41+C42 -> 126969.31 | D39: =D40+D41+D42 -> 0 | E39: =E40+E41+E42 -> 14979.94 | F39: =F40+F41+F42 -> 3573.014 | G39: =G40+G41+G42 -> 108416.35 | H39: =H40+H41+H42 -> 126969.31 | I39: =I40+I41+I42 -> 0 | J39: =J40+J41+J42 -> 14979.94 | ... Q39: =Q40+Q41+Q42 -> 0
A40: 工程费用包括森林防火预警系统、森林防火指挥调度系统和森林火灾抢险救援系统三大系统的基础设施建设、硬件购置、软件开发和服务租赁等建设内容。 | B40: 1、森林防火预警系统：①配备7架固定翼及82架高性能六旋翼无人机、96架便携式四旋翼无人机。②新建视频融合系统1套，新建5202套视频监控点，在108个县（市、区）建立县级视频汇聚中心以及16个市级视频汇聚中心。③新建1套火灾预警监测分析系统。④新建1套基于卫星遥感预警监测系统。⑤新建1套全省统一的林火预警推送服务系统。 2、森林防火指挥调度系统：①窄带集群呼叫系统包括调度软件1套、手持终端设备253部。②新建应急指挥车通信系统2套。③北斗应急通信系统包括北斗应急指挥终端1台、北斗车载终端7台、北斗通信终端179台。 3、森林火灾抢险救援系统：需装备的灭火机具包括：高扬程灭火水泵182台，新建102处蓄水池，卫星电话160台，护林员5G巡护终端1436台等。 | C40: =SUM(D40:G40) -> 116156.49 | E40: 13106.69 | F40: 3287.8 | G40: 99762 | H40: =C40 -> 116156.49 | I40: =D40 -> 0 | J40: =E40 -> 13106.69 | K40: =F40 -> 3287.8 | L40: =G40 -> 99762
A41: 工程建设其他费用 | B41: 工程设计费、建设单位管理费、工程监理费、等级保护测评费、软件测试费和招投标费 | C41: =SUM(D41:G41) -> 4766.66 | E41: 1159.92 | F41: 115.07 | G41: 3491.67 | H41: =C41 -> 4766.66 | I41: =D41 -> 0 | J41: =E41 -> 1159.92 | K41: =F41 -> 115.07 | L41: =G41 -> 3491.67
A42: 基本预备费 | C42: =SUM(D42:G42) -> 6046.156 | E42: 713.33 | F42: 170.144 | G42: 5162.682 | H42: =C42 -> 6046.156 | I42: =D42 -> 0 | J42: =E42 -> 713.33 | K42: =F42 -> 170.144 | L42: =G42 -> 5162.682
A43: 2、森林火灾应急救援能力建设提升工程 | C43: =C44+C45+C46 -> 62415.695 | D43: =D44+D45+D46 -> 0 | E43: =E44+E45+E46 -> 5394.48 | F43: =F44+F45+F46 -> 0 | G43: =G44+G45+G46 -> 57021.215 | H43: =H44+H45+H46 -> 62415.695 | I43: =I44+I45+I46 -> 0 | J43: =J44+J45+J46 -> 5394.48 | ... L43: =L44+L45+L46 -> 57021.215
A44: 工程费用包括森林消防专业队伍建设、应急救援基地建设和区域性物资储备中心建设的基础设施建设、设备购置及人员培训 | C44: =SUM(D44:G44) -> 57157.23 | E44: ='[1]8资金估算表'!$H$5 -> 4940 | G44: ='[1]8资金估算表'!$I$5 -> 52217.23 | H44: =C44 -> 57157.23 | I44: =D44 -> 0 | J44: =E44 -> 4940 | K44: =F44 -> 0 | L44: =G44 -> 52217.23
A45: 工程建设其他费用 | B45: 工程设计费、建设单位管理费、工程监理费、消防工程设计备案和招投标费 | C45: =SUM(D45:G45) -> 2286.2892 | E45: ='[1]8资金估算表'!$H$19 -> 197.6 | G45: ='[1]8资金估算表'!$I$19 -> 2088.6892 | H45: =C45 -> 2286.2892 | I45: =D45 -> 0 | J45: =E45 -> 197.6 | K45: =F45 -> 0 | L45: =G45 -> 2088.6892
A46: 基本预备费 | C46: =SUM(D46:G46) -> 2972.176 | E46: ='[1]8资金估算表'!$H$25 -> 256.88 | G46: ='[1]8资金估算表'!$I$25 -> 2715.296 | H46: =C46 -> 2972.176 | I46: =D46 -> 0 | J46: =E46 -> 256.88 | K46: =F46 -> 0 | L46: =G46 -> 2715.296

Sheet Sheet1
A1: 森林防火预警系统 | B1: ①无人机巡查系统：需配备6架固定翼及80架高性能六旋翼无人机、94架便携式四旋翼无人机。6台固定翼无人机部署为：6个重点火险市（安庆市、六安市、池州市、宣城市、黄山市、滁州市）各部署1架。80架六旋翼无人机部署为： 6个重点火险市（安庆市、六安市、池州市、宣城市、黄山市、滁州市）各部署2架，共12架；34个一级火险县（区、市）各部署2架，共68架。94架便携式四旋翼无人机部署为：除去6个重点火险市以外的10个市各部署2架，共20架；74个二级和三级火险县（区、市）各1架，共74架。 ②森林防火视频融合系统：新建视频融合系统1套，新建5202套视频监控点，在108个县（市、区）建立县级视频汇聚中心以及16个市级视频汇聚中心。 ③火情预警监测分析系统：新建1套火灾预警监测分析系统。 ④基于卫星遥感预警监测系统：新建1套基于卫星遥感预警监测系统。 ⑤林火预警推送服务系统：新建1套全省统一的林火预警推送服务系统。
A2: 森林防火指挥调度系统 | B2: ①窄带集群呼叫系统：包括调度软件1套、手持终端设备253部。配置方式为省级3部、各市2部、108个森林火险县（市、区）各2部。 ②应急指挥车通信系统：新建应急指挥车通信系统2套。包含中型抢险救援指挥车一辆、机动抢险救援指挥车一辆以及车载平台子系统、信息采集子系统、信息处理子系统、指挥控制子系统、车载卫星通信子系统等子系统各1套，共2套。 ③北斗应急通信系统：包括北斗应急指挥终端1台、北斗车载终端6台、北斗通信终端177台。配置方式为省级3台、16个市各配置2部终端，34个一级火险单位各配2部终端，74个二级和三级火险县（市、区）各1部。 ④卫星通信系统：由省级应急管理部门统一建设。 ⑤森林防火指挥调度中心：依托森林防火通信系统、全省林业大数据平台，充分利用内外部基础信息、业务信息，建设覆盖多级指挥中心的综合指挥调度平台，利用信息化手段提升森林防火监测、指挥管理能力，促进信息共享和资源整合。
A3: 森林火灾抢险救援系统 | B3: ①扑火机具装备建设：高扬程灭火水泵182台，部署方式为6个重点火险市（安庆市、六安市、池州市、宣城市、黄山市、滁州市）各配置1台，34个一级火险县（市、区）各配3台，74个二级和三级火险县（市、区）各1台；新建102处蓄水池，部署方式为34个一级火险县（市、区）各新建3处；背负式卫星便携站6套，部署方式为6个重点火险市（安庆市、六安市、池州市、宣城市、黄山市、滁州市）各1套；卫星电话176台，部署方式为省级2台，16个市各配置2台，34个一级火险县（市、区）各配2台，74个二级和三级火险县（市、区）各1台；护林员5G巡护终端1436台，部署方式为16个市各配置1部终端，34个一级火险单位各配20部终端，74个二级和三级火险单位各10部。
A4: 2、森林火灾应急救援能力建设提升工程
A5: 森林消防专业队伍建设 | B5: 森林消防专业队伍新增建设规模2107人，森林消防专业队伍营房新增建设规模119916平方米。训练场新增建设规模175500平方米。
A6: 森林防火救援基地建设 | B6: 森林防火救援基地规模按照200人专业森林消防队伍建设，共建营房面积4000平方米，训练场6000平方米。
A7: 森林防火物资储备中心建设 | B7: 共建设3处省级库，其中省中心库1处，面积为1500平方米，储备2000万元森林防火物资；省级分库2处，建设面积各500平方米，储备500万元森林防火物资。

Sheet 规划任务过渡表
A1: 重点建设任务完成和规划情况表
A2: 附表9 | F2: 单位：万元
A3: 建设内容 | B3: （2016-2025年）规划任务 | C3: 十三五完成任务 | D3: 十四五规划任务 | E3: 备注说明 | F3: 总投资 | I3: 近期投资（2016-2020） | L3: 远期投资（2021-2025）
F4: 计 | G4: 中央 | H4: 地方 | I4: 计 | J4: 中央 | K4: 地方 | L4: 计 | M4: 中央 | N4: 地方
A5: 合 计 | F5: =F6+F12+F17+F22+F25+F29+F34+F39+F41+F43 -> 449400 | G5: =G6+G12+G17+G22+G25+G29+G34+G39+G41+G43 -> 332620 | H5: =H6+H12+H17+H22+H25+H29+H34+H39+H41+H43 -> 116780 | I5: =I6+I12+I17+I22+I25+I29+I34+I39+I41+I43 -> 223850 | J5: =J6+J12+J17+J22+J25+J29+J34+J39+J41+J43 -> 162630 | K5: =K6+K12+K17+K22+K25+K29+K34+K39+K41+K43 -> 61220 | L5: =L6+L12+L17+L22+L25+L29+L34+L39+L41+L43 -> 225550 | M5: =M6+M12+M17+M22+M25+M29+M34+M39+M41+M43 -> 169990 | N5: =N6+N12+N17+N22+N25+N29+N34+N39+N41+N43 -> 55560
A6: 1、森林火险预警监测系统 | F6: =F7+F9+F10+F8 -> 12250 | G6: =G7+G9+G10+G8 -> 9800 | H6: =H7+H9+H10+H8 -> 2450 | I6: =I7+I9+I10+I8 -> 7300 | J6: =J7+J9+J10+J8 -> 5840 | K6: =K7+K9+K10+K8 -> 1460 | L6: =L7+L9+L10+L8 -> 4950 | M6: =M7+M9+M10+M8 -> 3960 | N6: =N7+N9+N10+N8 -> 990
A7: 森林火险预警系统 | B7: 新建60个新型森林火险综合监测站 | C7: 完成8个新型森林火险综合监测站，池州市新增完成森林火险预警模型1套 | D7: ⑦综合监测站建设;新建52个新型森林火险综合监测站 | F7: 600 | G7: =F7*0.8 -> 480 | H7: =F7*0.2 -> 120 | I7: 400 | J7: =I7*0.8 -> 320 | K7: =I7*0.2 -> 80 | L7: =F7-I7 -> 200 | M7: =L7*0.8 -> 160 | N7: =L7*0.2 -> 40
A8: 森林防火气象服务综合业务体系 | B8: 本期规划与气象部门联合建立一套完善的森林防火气象服务综合业务平台 | D8: 本期规划与气象部门联合建立一套完善的森林防火气象服务综合业务平台 | E8: 未实施（国家没有） 6+N中③火情预警监测分析系统：新建1套火灾预警监测分析系统。 ④基于卫星遥感预警监测系统：新建1套基于卫星遥感预警监测系统。 ⑤林火预警推送服务系统：新建1套全省统一的林火预警推送服务系统。就是一个综合平台体系 | F8: 1000 | G8: =F8*0.8 -> 800 | H8: =F8*0.2 -> 200 | I8: 600 | J8: =I8*0.8 -> 480 | K8: =I8*0.2 -> 120 | L8: =F8-I8 -> 400 | M8: =L8*0.8 -> 320 | N8: =L8*0.2 -> 80
A9: 林火视频监控系统 | B9: 新建视频监控系统200套 | C9: 完成视频监控系统254套，覆盖林地面积1069286公顷，覆盖率达到28%。 | E9: 已完成 | F9: 7500 | G9: =F9*0.8 -> 6000 | H9: =F9*0.2 -> 1500 | I9: 4500 | J9: =I9*0.8 -> 3600 | K9: =I9*0.2 -> 900 | L9: =F9-I9 -> 3000 | M9: =L9*0.8 -> 2400 | N9: =L9*0.2 -> 600
A10: 瞭望塔建设 | B10: 新建瞭望塔45座，并配备高倍望远镜、红外探测仪等100架（套）；改造瞭望塔及配套设施100座。 | C10: 完成新建瞭望塔（台）74座，改造瞭望塔（台）61座，配备高倍望远镜、红外探测仪等84架（套）；覆盖林地面积284067公顷。 | D10: ⑥瞭望塔建设：规划改造建瞭望塔（台）39座，配备高倍望远镜、红外探测仪等16架（套）。 | F10: 3150 | G10: =F10*0.8 -> 2520 | H10: =F10*0.2 -> 630 | I10: 1800 | J10: =I10*0.8 -> 1440 | K10: =I10*0.2 -> 360 | L10: =F10-I10 -> 1350 | M10: =L10*0.8 -> 1080 | N10: =L10*0.2 -> 270
A11: 森林防火预警系统 | D11: ①无人机巡查系统：需配备6架固定翼及80架高性能六旋翼无人机、94架便携式四旋翼无人机。6台固定翼无人机部署为：6个重点火险市（安庆市、六安市、池州市、宣城市、黄山市、滁州市）各部署1架。80架六旋翼无人机部署为： 6个重点火险市（安庆市、六安市、池州市、宣城市、黄山市、滁州市）各部署2架，共12架；34个一级火险县（区、市）各部署2架，共68架。94架便携式四旋翼无人机部署为：除去6个重点火险市以外的10个市各部署2架，共20架；74个二级和三级火险县（区、市）各1架，共74架。 ②森林防火视频融合系统：维修县级视频监控点360个，新建视频融合系统1套，新建5202套视频监控点，在108个县（市、区）建立县级视频汇聚中心以及16个市级视频汇聚中心。 ③火情预警监测分析系统：新建1套火灾预警监测分析系统。 ④基于卫星遥感预警监测系统：新建1套基于卫星遥感预警监测系统。 ⑤林火预警推送服务系统：新建1套全省统一的林火预警推送服务系统。 | E11: 一期为32个Ⅰ级火险县及黄山、九华山风景区,，共新建野外视频监控点2554套。二期为24个Ⅱ级火险县、三期为50个Ⅲ级火险县。 建议书仅针对一期34个Ⅰ级火险县进行投资概算与建设（详见附件3），后续二期、三期根据要求逐年申报实施。 放森林火险预警监测系统 | O11: 6+N
A12: 2、森林防火通信系统建设 | F12: =SUM(F13:F16) -> 4000 | G12: =SUM(G13:G16) -> 3200 | H12: =SUM(H13:H16) -> 800 | I12: =SUM(I13:I16) -> 2100 | J12: =SUM(J13:J16) -> 1680 | K12: =SUM(K13:K16) -> 420 | L12: =SUM(L13:L16) -> 1900 | M12: =SUM(M13:M16) -> 1520 | N12: =SUM(N13:N16) -> 380
A13: 有线综合网络项目 | B13: 新建设省至各市、县（区）森林防火基础骨干网络 | C13: 完成森林防火有线综合网络项目1套（芜湖市） | D13: 新建设省至各市、县（区）森林防火基础骨干网络 | F13: 500 | G13: =F13*0.8 -> 400 | H13: =F13*0.2 -> 100 | I13: 300 | J13: =I13*0.8 -> 240 | K13: =I13*0.2 -> 60 | L13: =F13-I13 -> 200 | M13: =L13*0.8 -> 160 | N13: =L13*0.2 -> 40
A14: 火场通信网络建设 | B14: 规划升级和改造各级通信调度系统、新增手持台设备3500台、车载台设备200台、背负式设备150台、语音网关80套 | C14: 完成新建数字超短波固定基站1套，完成车载台设备6套，手持台设备1164台。 | D14: 规划升级和改造各级通信调度系统、新增手持台设备2336台、车载台设备194套、背负式设备150台、语音网关80 套。 | F14: 1100 | G14: =F14*0.8 -> 880 | H14: =F14*0.2 -> 220 | I14: 500 | J14: =I14*0.8 -> 400 | K14: =I14*0.2 -> 100 | L14: =F14-I14 -> 600 | M14: =L14*0.8 -> 480 | N14: =L14*0.2 -> 120
A15: 卫星通信网络建设项目 | B15: 新建VSAT卫星固定小站3个、VSAT卫星便携站18个、VSAT卫星电话3部、视频图传系统18套、BGAN系统18套、海事卫星电话56部、北斗指挥机系统56套、北斗车载系统122套及北斗手持机448套 | C15: 北斗指挥机系统1套，北斗手持机1套 | D15: 新建VSAT卫星固定小站3个、VSAT卫星便携站18个、VSAT卫星电话3部、视频图传系统18套、BGAN系统18套、海事卫星电话56部、北斗指挥机系统55套、北斗车载系统122套及北斗手持机447套 | F15: 1500 | G15: =F15*0.8 -> 1200 | H15: =F15*0.2 -> 300 | I15: 800 | J15: =I15*0.8 -> 640 | K15: =I15*0.2 -> 160 | L15: =F15-I15 -> 700 | M15: =L15*0.8 -> 560 | N15: =L15*0.2 -> 140
A16: 机动通信系统建设 | B16: 配置省级大型通信车1辆、中型通信车2辆、小型火场应急指挥车12辆含车载设备。 | D16: 配置省级大型通信车1辆、中型通信车2辆、小型火场应急指挥车12辆含车载设备。 | E16: 未实施 | F16: 900 | G16: =F16*0.8 -> 720 | H16: =F16*0.2 -> 180 | I16: 500 | J16: =I16*0.8 -> 400 | K16: =I16*0.2 -> 100 | L16: =F16-I16 -> 400 | M16: =L16*0.8 -> 320 | N16: =L16*0.2 -> 80
A17: 3、森林防火信息处理系统 | F17: =F18+F19+F20+F21 -> 13500 | G17: =G18+G19+G20+G21 -> 10800 | H17: =H18+H19+H20+H21 -> 2700 | I17: =I18+I19+I20+I21 -> 8200 | J17: =J18+J19+J20+J21 -> 6560 | K17: =K18+K19+K20+K21 -> 1640 | L17: =L18+L19+L20+L21 -> 5300 | M17: =M18+M19+M20+M21 -> 4240 | N17: =N18+N19+N20+N21 -> 1060
A18: 综合管控系统 | B18: 规划构建全省统一的森林防火大数据平台及业务软件16套,建设森林防火硬件、软件、数据一体化管控平台 | D18: 规划构建全省统一的森林防火大数据平台及业务软件16套,建设森林防火硬件、软件、数据一体化管控平台 | E18: 未实施 6+N中有相关内容，但表述不一致 | F18: 1500 | G18: =F18*0.8 -> 1200 | H18: =F18*0.2 -> 300 | I18: 1000 | J18: =I18*0.8 -> 800 | K18: =I18*0.2 -> 200 | L18: =F18-I18 -> 500 | M18: =L18*0.8 -> 400 | N18: =L18*0.2 -> 100
A19: 综合指挥系统 | B19: 新建设省级森林防火指挥中心二期项目，逐步更新市级森林防火指挥中心16套、新建县级森林防火指挥中心56套及配套的应用系统。 | C19: 更新市级森林防火指挥中心2套、新建县级森林防火指挥中心12套及配套的应用系统。 | D19: 新建设省级森林防火指挥中心二期项目，逐步更新市级森林防火指挥中心14套、新建县级森林防火指挥中心44套及配套的应用系统。 | F19: 10000 | G19: =F19*0.8 -> 8000 | H19: =F19*0.2 -> 2000 | I19: 6000 | J19: =I19*0.8 -> 4800 | K19: =I19*0.2 -> 1200 | L19: =F19-I19 -> 4000 | M19: =L19*0.8 -> 3200 | N19: =L19*0.2 -> 800
A20: 综合保障系统 | B20: 规划依托专业运维团队，建立有效的运维支撑体系 | C20: 新建运维管理系统建设1套（芜湖市） | D20: 规划依托专业运维团队，加强建立有效的运维支撑体系 | F20: 500 | G20: =F20*0.8 -> 400 | H20: =F20*0.2 -> 100 | I20: 300 | J20: =I20*0.8 -> 240 | K20: =I20*0.2 -> 60 | L20: =F20-I20 -> 200 | M20: =L20*0.8 -> 160 | N20: =L20*0.2 -> 40
A21: 专家决策支持系统建设 | B21: 规划对森林防火会商探讨、科学研究等方面进行相应的投入 | D21: 规划对森林防火会商探讨、科学研究等方面进行相应的投入 | E21: 未实施（国家没有） | F21: 1500 | G21: =F21*0.8 -> 1200 | H21: =F21*0.2 -> 300 | I21: 900 | J21: =I21*0.8 -> 720 | K21: =I21*0.2 -> 180 | L21: =F21-I21 -> 600 | M21: =L21*0.8 -> 480 | N21: =L21*0.2 -> 120
A22: 4、森林消防队伍建设 | F22: =F23+F24 -> 61000 | G22: =G23+G24 -> 47900 | H22: =H23+H24 -> 13100 | I22: =I23+I24 -> 31500 | J22: =J23+J24 -> 24750 | K22: =K23+K24 -> 6750 | L22: =L23+L24 -> 29500 | M22: =M23+M24 -> 23150 | N22: =N23+N24 -> 6350
A23: 武警森林部队建设 | B23: 规划支持武警森林驻皖部队能力建设，每年给予必要的财政保障 | D23: 规划支持武警森林驻皖部队能力建设，每年给予必要的财政保障 | E23: 未实施 | F23: 3000 | G23: 1500 | H23: 1500 | I23: 1500 | J23: 750 | K23: 750 | L23: 1500 | M23: 750 | N23: 750
A24: 专业森林消防队伍建设 | B24: 规划期内新组建森林火灾高风险区火险县（市、区）100人以上的专业森林消防队，一般森林火险区火险县（市、区）25人以上的专业森林消防队，共新建专业森林消防队105支，提高和完善现有182支森林消防队伍,新建营房143座，按年稳定补充各类扑火设备 | C24: 1、专业队伍建设：已组建专业队伍110支，合计2879人。 2、森林消防专业队伍标准化建设：完善提升专业队装备（标准化建设）110支,装备风力灭火机械化队伍346支，新建专业队营房7464平方米，改扩建专业队伍营房2353平方米，扑火前指挥基地4处。 3、以水灭火设施设备建设：装备以水灭火队伍36支，以水灭火装备452台，以水灭火水源地1114处。 4、森林防火野外实训基地：国家森林防火野外实训基地5处。 | D24: 规划期内新组建森林火灾高风险区火险县（市、区）100人以上的专业森林消防队，一般森林火险区火险县（市、区）25人以上的专业森林消防队，共提高和完善现有72支森林消防队伍,新建营房143座，按年稳定补充各类扑火设备 | E24: 十年规划新建营房是143座，十三五完成7464平方米，单位不一致，无法确认十四五实施任务。 能力提升工程中：森林消防专业队伍新增建设规模2107人，森林消防专业队伍营房新增建设规模119916平方米。训练场新增建设规模175500平方米。 | F24: 58000 | G24: =F24*0.8 -> 46400 | H24: =F24*0.2 -> 11600 | I24: 30000 | J24: =I24*0.8 -> 24000 | K24: =I24*0.2 -> 6000 | L24: =F24-I24 -> 28000 | M24: =L24*0.8 -> 22400 | N24: =L24*0.2 -> 5600
A25: 5、森林消防装备能力建设 | F25: =F26+F27+F28 -> 55950 | G25: =F25*0.8 -> 44760 | H25: =F25*0.2 -> 11190 | I25: =I26+I27+I28 -> 33100 | J25: =I25*0.8 -> 26480 | K25: =I25*0.2 -> 6620 | L25: =L26+L27+L28 -> 22850 | M25: =L25*0.8 -> 18280 | N25: =L25*0.2 -> 4570
A26: 扑火物资储备 | B26: 规划新增各类扑火物资5万台（套、把）和45辆森林防火指挥车、56辆运兵车、112辆消防车。 | C26: 已购买风力灭火机、油锯、割灌机等基本灭火机具4448台，队员安全防护装备和野外生存装备3035套，运兵车、机具车、消防艇等防火车辆112辆。 | D26: 规划新增各类扑火物资4.2万台（套、把），规划新增运兵车、机具车、消防艇等防火车辆101辆。 | F26: 50000 | G26: =F26*0.8 -> 40000 | H26: =F26*0.2 -> 10000 | I26: 30000 | J26: =I26*0.8 -> 24000 | K26: =I26*0.2 -> 6000 | L26: =F26-I26 -> 20000 | M26: =L26*0.8 -> 16000 | N26: =L26*0.2 -> 4000
A27: 物资储备库房建设 | B27: 规划期内改造、扩建现有的972座物资储备库 | D27: 规划期内改造、扩建现有的972座物资储备库 | E27: 未实施 能力提升工程中：共建设3处省级库，其中省中心库1处，面积为1500平方米，储备2000万元森林防火物资；省级分库2处，建设面积各500平方米，储备500万元森林防火物资。 | F27: 2950 | G27: =F27*0.8 -> 2360 | H27: =F27*0.2 -> 590 | I27: 1600 | J27: =I27*0.8 -> 1280 | K27: =I27*0.2 -> 320 | L27: =F27-I27 -> 1350 | M27: =L27*0.8 -> 1080 | N27: =L27*0.2 -> 270
A28: 森林公安执法队伍装备建设 | B28: 规划全省增补配备73辆刑事勘察车和730套刑事勘查设备 | D28: 规划全省增补配备73辆刑事勘察车和730套刑事勘查设备 | E28: 未实施，是否应删除 | F28: 3000 | G28: =F28*0.8 -> 2400 | H28: =F28*0.2 -> 600 | I28: 1500 | J28: =I28*0.8 -> 1200 | K28: =I28*0.2 -> 300 | L28: =F28-I28 -> 1500 | M28: =L28*0.8 -> 1200 | N28: =L28*0.2 -> 300
A29: 6、森林航空消防能力建设 | E29: 评估表中没有看到相关建设内容完成情况 | F29: =F30+F31+F32+F33 -> 27500 | G29: =G30+G31+G32+G33 -> 22000 | H29: =H30+H31+H32+H33 -> 5500 | I29: =I30+I31+I32+I33 -> 13750 | J29: =J30+J31+J32+J33 -> 11000 | K29: =K30+K31+K32+K33 -> 2750 | L29: =L30+L31+L32+L33 -> 13750 | M29: =M30+M31+M32+M33 -> 11000 | N29: =N30+N31+N32+N33 -> 2750
A30: 森林航空消防机源 | B30: 规划防火期内每年租用2-4架森林防火航护直升机及机组人员开展航空护林工作 | D30: 规划防火期内每年租用2-4架森林防火航护直升机及机组人员开展航空护林工作 | F30: 15000 | G30: =F30*0.8 -> 12000 | H30: =F30*0.2 -> 3000 | I30: 7500 | J30: =I30*0.8 -> 6000 | K30: =I30*0.2 -> 1500 | L30: =F30-I30 -> 7500 | M30: =L30*0.8 -> 6000 | N30: =L30*0.2 -> 1500
A31: 航站建设项目 | B31: 规划期内新建航空护林站（基地）2个（近期1个，远期1个），新建航空护林分基地5个（近期2个，远期3个） | D31: 规划期内新建航空护林站（基地）2个（近期1个，远期1个），新建航空护林分基地5个（近期2个，远期3个） | F31: 8500 | G31: =F31*0.8 -> 6800 | H31: =F31*0.2 -> 1700 | I31: 3750 | J31: =I31*0.8 -> 3000 | K31: =I31*0.2 -> 750 | L31: =F31-I31 -> 4750 | M31: =L31*0.8 -> 3800 | N31: =L31*0.2 -> 950
A32: 火场侦察系统 | B32: 规划直升机为载体，加载激光红外光电吊舱，利用卫星通信等信息传输技术建立火场侦察系统 | D32: 规划直升机为载体，加载激光红外光电吊舱，利用卫星通信等信息传输技术建立火场侦察系统 | F32: 1000 | G32: =F32*0.8 -> 800 | H32: =F32*0.2 -> 200 | I32: 500 | J32: =I32*0.8 -> 400 | K32: =I32*0.2 -> 100 | L32: =F32-I32 -> 500 | M32: =L32*0.8 -> 400 | N32: =L32*0.2 -> 100
A33: 森林防火无人机系统建设 | B33: 重点保护区新建18架中型森林防火无人机、50架小型无人机及附属航控设备。 | D33: 重点保护区新建18架中型森林防火无人机、50架小型无人机及附属航控设备。 | E33: 6+N系统可以完成该项任务，该项内容是否可以删除 | F33: 3000 | G33: =F33*0.8 -> 2400 | H33: =F33*0.2 -> 600 | I33: 2000 | J33: =I33*0.8 -> 1600 | K33: =I33*0.2 -> 400 | L33: =F33-I33 -> 1000 | M33: =L33*0.8 -> 800 | N33: =L33*0.2 -> 200
A34: 7、林火阻隔系统建设 | C34: 1、工程阻隔带：完成1780.8公里，其中生土带456.8公里，防火线1324公里。 2、生物防火阻隔带：完成3003.93公里，其中林内1361.61公里，林缘1642.32公里。 3、阻隔网密度：2020年为3.6米/公顷。 | E34: 该项内容无法按建设任务分开，建议按照建设内容罗列，如果按照这个内容可以让各个地方再细化 | F34: =F35+F36+F37+F38 -> 38700 | G34: =G35+G36+G37+G38 -> 30960 | H34: =H35+H36+H37+H38 -> 7740 | I34: =I35+I36+I37+I38 -> 1900 | J34: =J35+J36+J37+J38 -> 1520 | K34: =K35+K36+K37+K38 -> 380 | L34: =L35+L36+L37+L38 -> 36800 | M34: =M35+M36+M37+M38 -> 29440 | N34: =N35+N36+N37+N38 -> 7360
A35: 大别山森林防火重点区生物防火林带建设 | B35: 新建生物防火林带3000公里 | C35: 新建生物防火林带3000公里 | D35: 新建生物防火林带3000公里 | F35: 13500 | G35: =F35*0.8 -> 10800 | H35: =F35*0.2 -> 2700 | I35: 600 | J35: =I35*0.8 -> 480 | K35: =I35*0.2 -> 120 | L35: =F35-I35 -> 12900 | M35: =L35*0.8 -> 10320 | N35: =L35*0.2 -> 2580
A36: 皖南森林防火重点区生物防火林带建设 | B36: 新建生物防火林带3600公里 | C36: 新建生物防火林带3600公里 | D36: 新建生物防火林带3600公里 | F36: 16200 | G36: =F36*0.8 -> 12960 | H36: =F36*0.2 -> 3240 | I36: 600 | J36: =I36*0.8 -> 480 | K36: =I36*0.2 -> 120 | L36: =F36-I36 -> 15600 | M36: =L36*0.8 -> 12480 | N36: =L36*0.2 -> 3120
A37: 皖东森林防火重点区生物防火林带建设 | B37: 新建生物防火林带1000公里 | C37: 新建生物防火林带1000公里 | D37: 新建生物防火林带1000公里 | F37: 4500 | G37: =F37*0.8 -> 3600 | H37: =F37*0.2 -> 900 | I37: 400 | J37: =I37*0.8 -> 320 | K37: =I37*0.2 -> 80 | L37: =F37-I37 -> 4100 | M37: =L37*0.8 -> 3280 | N37: =L37*0.2 -> 820
A38: 沿江森林防火重点区生物防火林带建设 | B38: 新建生物防火林带1000公里 | C38: 新建生物防火林带1000公里 | D38: 新建生物防火林带1000公里 | F38: 4500 | G38: =F38*0.8 -> 3600 | H38: =F38*0.2 -> 900 | I38: 300 | J38: =I38*0.8 -> 240 | K38: =I38*0.2 -> 60 | L38: =F38-I38 -> 4200 | M38: =L38*0.8 -> 3360 | N38: =L38*0.2 -> 840
A39: 8、森林防火应急道路建设 | F39: =F40 -> 34000 | G39: =G40 -> 27200 | H39: =H40 -> 6800 | I39: =I40 -> 18000 | J39: =J40 -> 14400 | K39: =K40 -> 3600 | L39: =L40 -> 16000 | M39: =M40 -> 12800 | N39: =N40 -> 3200
A40: 森林防火应急道路建设项目建设 | B40: 本期规划在国有林场重点森林防火区域试点新建300公里防火应急道路建设，升级、改造防火应急道路500公里 | C40: 新建和升级改造防火应急道路1217.236公里，其中联通断头路182.8公里，升级改造集材废弃路和简易路1034.436公里。国有林区路网密度（林地面积）为2.7米/公顷，重点区域路网密度（林地面积）为1.24米/公顷。 | D40: 2025年规划国有林区路网密度（林地面积）为3.5米/公顷，重点区域路网密度（林地面积）为3.2米/公顷。 | F40: 34000 | G40: =F40*0.8 -> 27200 | H40: =F40*0.2 -> 6800 | I40: 18000 | J40: =I40*0.8 -> 14400 | K40: =I40*0.2 -> 3600 | L40: =F40-I40 -> 16000 | M40: =L40*0.8 -> 12800 | N40: =L40*0.2 -> 3200
A41: 9、森林防火宣传教育系统建设 | F41: =F42 -> 32500 | G41: =G42 -> 0 | H41: =H42 -> 32500 | I41: =I42 -> 20000 | J41: =J42 -> 0 | K41: =K42 -> 20000 | L41: =L42 -> 12500 | M41: =M42 -> 0 | N41: =N42 -> 12500
A42: 宣教系统建设 | B42: 新增大型宣传牌2500块、中小型宣传牌10000、宣传印刷品1000000份、森林防火检查站350座，其它宣传设备若干 | D42: 新增大型宣传牌2500块、中小型宣传牌10000、宣传印刷品1000000份、森林防火检查站351座，其它宣传设备若干 | E42: 未实施还是没统计（国家没有） | F42: 32500 | H42: =F42 -> 32500 | I42: 20000 | K42: =I42 -> 20000 | L42: =F42-I42 -> 12500 | N42: =L42 -> 12500
A43: 10、重点保护区域森林防火建设 | F43: =F44+F45 -> 170000 | G43: =G44+G45 -> 136000 | H43: =H44+H45 -> 34000 | I43: =I44+I45 -> 88000 | J43: =J44+J45 -> 70400 | K43: =K44+K45 -> 17600 | L43: =L44+L45 -> 82000 | M43: =M44+M45 -> 65600 | N43: =N44+N45 -> 16400
A44: 森林防火水网建设 | B44: 新建森林防火网1000公里，安装消防栓8000个，新建蓄水池5000个 | D44: 新建森林防火网1000公里，安装消防栓8000个，新建蓄水池5000个 | E44: 未实施还是没统计（国家没有） | F44: 165000 | G44: =F44*0.8 -> 132000 | H44: =F44*0.2 -> 33000 | I44: 85000 | J44: =I44*0.8 -> 68000 | K44: =I44*0.2 -> 17000 | L44: =F44-I44 -> 80000 | M44: =L44*0.8 -> 64000 | N44: =L44*0.2 -> 16000
A45: 大型灭火装备建设 | B45: 购置50台（套）大型森林灭火装备 | D45: 购置50台（套）大型森林灭火装备 | E45: 未实施还是没统计（国家没有） | F45: 5000 | G45: =F45*0.8 -> 4000 | H45: =F45*0.2 -> 1000 | I45: 3000 | J45: =I45*0.8 -> 2400 | K45: =I45*0.2 -> 600 | L45: =F45-I45 -> 2000 | M45: =L45*0.8 -> 1600 | N45: =L45*0.2 -> 400
A46: 11、安徽省“6+N”森林火灾领域应急系统建设
A47: 森林防火预警系统 | D47: ①无人机巡查系统：需配备6架固定翼及80架高性能六旋翼无人机、94架便携式四旋翼无人机。6台固定翼无人机部署为：6个重点火险市（安庆市、六安市、池州市、宣城市、黄山市、滁州市）各部署1架。80架六旋翼无人机部署为： 6个重点火险市（安庆市、六安市、池州市、宣城市、黄山市、滁州市）各部署2架，共12架；34个一级火险县（区、市）各部署2架，共68架。94架便携式四旋翼无人机部署为：除去6个重点火险市以外的10个市各部署2架，共20架；74个二级和三级火险县（区、市）各1架，共74架。 ②森林防火视频融合系统：维修县级视频监控点360个，新建视频融合系统1套，新建5202套视频监控点，在108个县（市、区）建立县级视频汇聚中心以及16个市级视频汇聚中心。 ③火情预警监测分析系统：新建1套火灾预警监测分析系统。 ④基于卫星遥感预警监测系统：新建1套基于卫星遥感预警监测系统。 ⑤林火预警推送服务系统：新建1套全省统一的林火预警推送服务系统。 | E47: 一期为32个Ⅰ级火险县及黄山、九华山风景区,，共新建野外视频监控点2554套。二期为24个Ⅱ级火险县、三期为50个Ⅲ级火险县。 建议书仅针对一期34个Ⅰ级火险县进行投资概算与建设（详见附件3），后续二期、三期根据要求逐年申报实施。 放森林火险预警监测系统
A48: 森林防火指挥调度系统 | D48: ①窄带集群呼叫系统：包括调度软件1套、手持终端设备253部。配置方式为省级3部、各市2部、108个森林火险县（市、区）各2部。 ②北斗应急通信系统：包括北斗应急指挥终端1台、北斗车载终端6台、北斗通信终端177台。配置方式为省级3台、16个市各配置2部终端，34个一级火险单位各配2部终端，74个二级和三级火险县（市、区）各1部。 ③卫星通信系统：由省级应急管理部门统一建设。 ④森林防火指挥调度中心：依托森林防火通信系统、全省林业大数据平台，充分利用内外部基础信息、业务信息，建设覆盖多级指挥中心的综合指挥调度平台，利用信息化手段提升森林防火监测、指挥管理能力，促进信息共享和资源整合。 | E48: 放森林防火信息处理系统
A49: 森林火灾抢险救援系统 | D49: ①扑火机具装备建设：高扬程灭火水泵182台，部署方式为6个重点火险市（安庆市、六安市、池州市、宣城市、黄山市、滁州市）各配置1台，34个一级火险县（市、区）各配3台，74个二级和三级火险县（市、区）各1台；新建102处蓄水池，部署方式为34个一级火险县（市、区）各新建3处；背负式卫星便携站6套，部署方式为6个重点火险市（安庆市、六安市、池州市、宣城市、黄山市、滁州市）各1套；卫星电话176台，部署方式为省级2台，16个市各配置2台，34个一级火险县（市、区）各配2台，74个二级和三级火险县（市、区）各1台；护林员5G巡护终端1436台，部署方式为16个市各配置1部终端，34个一级火险单位各配20部终端，74个二级和三级火险单位各10部。 | E49: 放森林消防装备能力建设
A50: 12、森林火灾应急救援能力建设提升工程
A51: 森林消防专业队伍建设 | D51: 森林消防专业队伍新增建设规模2107人，森林消防专业队伍营房新增建设规模119916平方米。训练场新增建设规模175500平方米。 | E51: 放森林消防队伍建设
A52: 森林防火救援基地建设 | D52: 森林防火救援基地规模按照200人专业森林消防队伍建设，共建营房面积4000平方米，训练场6000平方米。 | E52: 放森林消防队伍建设
A53: 森林防火物资储备中心建设 | D53: 共建设3处省级库，其中省中心库1处，面积为1500平方米，储备2000万元森林防火物资；省级分库2处，建设面积各500平方米，储备500万元森林防火物资。 | E53: 放森林消防装备能力建设

Sheet 附表9备份
A1: 安徽省“十四五”森林防火规划建设任务及投资估算表
A2: 附表9 | I2: 单位：万元
A3: 建设内容 | B3: （2016-2025年）规划任务 | C3: 十三五完成任务 | D3: 十四五规划任务 | E3: 投资（万元） | H3: 备注说明 | I3: 总投资 | L3: 近期投资（2016-2020） | O3: 远期投资（2021-2025）
E4: 计 | F4: 中央 | G4: 地方 | I4: 计 | J4: 中央 | K4: 地方 | L4: 计 | M4: 中央 | N4: 地方 | O4: 计 | P4: 中央 | Q4: 地方
A5: 1、森林火险预警监测系统 | I5: =I6+I8+I9+I7 -> 12250 | J5: =J6+J8+J9+J7 -> 9800 | K5: =K6+K8+K9+K7 -> 2450 | L5: =L6+L8+L9+L7 -> 7300 | M5: =M6+M8+M9+M7 -> 5840 | N5: =N6+N8+N9+N7 -> 1460 | O5: =O6+O8+O9+O7 -> 4950 | P5: =P6+P8+P9+P7 -> 3960 | Q5: =Q6+Q8+Q9+Q7 -> 990
A6: 森林火险预警系统 | B6: 新建60个新型森林火险综合监测站 | C6: 完成8个新型森林火险综合监测站，池州市新增完成森林火险预警模型1套 | D6: ⑦综合监测站建设;新建52个新型森林火险综合监测站 | I6: 600 | J6: =I6*0.8 -> 480 | K6: =I6*0.2 -> 120 | L6: 400 | M6: =L6*0.8 -> 320 | N6: =L6*0.2 -> 80 | O6: =I6-L6 -> 200 | P6: =O6*0.8 -> 160 | Q6: =O6*0.2 -> 40
A7: 森林防火气象服务综合业务体系 | B7: 本期规划与气象部门联合建立一套完善的森林防火气象服务综合业务平台 | D7: 本期规划与气象部门联合建立一套完善的森林防火气象服务综合业务平台 | H7: 未实施（国家没有） 6+N中③火情预警监测分析系统：新建1套火灾预警监测分析系统。 ④基于卫星遥感预警监测系统：新建1套基于卫星遥感预警监测系统。 ⑤林火预警推送服务系统：新建1套全省统一的林火预警推送服务系统。就是一个综合平台体系 | I7: 1000 | J7: =I7*0.8 -> 800 | K7: =I7*0.2 -> 200 | L7: 600 | M7: =L7*0.8 -> 480 | N7: =L7*0.2 -> 120 | O7: =I7-L7 -> 400 | P7: =O7*0.8 -> 320 | Q7: =O7*0.2 -> 80
A8: 林火视频监控系统 | B8: 新建视频监控系统200套 | C8: 完成视频监控系统254套，覆盖林地面积1069286公顷，覆盖率达到28%。 | H8: 已完成 | I8: 7500 | J8: =I8*0.8 -> 6000 | K8: =I8*0.2 -> 1500 | L8: 4500 | M8: =L8*0.8 -> 3600 | N8: =L8*0.2 -> 900 | O8: =I8-L8 -> 3000 | P8: =O8*0.8 -> 2400 | Q8: =O8*0.2 -> 600
A9: 瞭望塔建设 | B9: 新建瞭望塔45座，并配备高倍望远镜、红外探测仪等100架（套）；改造瞭望塔及配套设施100座。 | C9: 完成新建瞭望塔（台）74座，改造瞭望塔（台）61座，配备高倍望远镜、红外探测仪等84架（套）；覆盖林地面积284067公顷。 | D9: ⑥瞭望塔建设：规划改造建瞭望塔（台）39座，配备高倍望远镜、红外探测仪等16架（套）。 | I9: 3150 | J9: =I9*0.8 -> 2520 | K9: =I9*0.2 -> 630 | L9: 1800 | M9: =L9*0.8 -> 1440 | N9: =L9*0.2 -> 360 | O9: =I9-L9 -> 1350 | P9: =O9*0.8 -> 1080 | Q9: =O9*0.2 -> 270
A10: 森林防火预警系统 | D10: ①无人机巡查系统：需配备6架固定翼及80架高性能六旋翼无人机、94架便携式四旋翼无人机。6台固定翼无人机部署为：6个重点火险市（安庆市、六安市、池州市、宣城市、黄山市、滁州市）各部署1架。80架六旋翼无人机部署为： 6个重点火险市（安庆市、六安市、池州市、宣城市、黄山市、滁州市）各部署2架，共12架；34个一级火险县（区、市）各部署2架，共68架。94架便携式四旋翼无人机部署为：除去6个重点火险市以外的10个市各部署2架，共20架；74个二级和三级火险县（区、市）各1架，共74架。 ②森林防火视频融合系统：维修县级视频监控点360个，新建视频融合系统1套，新建5202套视频监控点，在108个县（市、区）建立县级视频汇聚中心以及16个市级视频汇聚中心。 ③火情预警监测分析系统：新建1套火灾预警监测分析系统。 ④基于卫星遥感预警监测系统：新建1套基于卫星遥感预警监测系统。 ⑤林火预警推送服务系统：新建1套全省统一的林火预警推送服务系统。 | H10: 一期为32个Ⅰ级火险县及黄山、九华山风景区,，共新建野外视频监控点2554套。二期为24个Ⅱ级火险县、三期为50个Ⅲ级火险县。 建议书仅针对一期34个Ⅰ级火险县进行投资概算与建设（详见附件3），后续二期、三期根据要求逐年申报实施。 放森林火险预警监测系统 | R10: 6+N
A11: 2、森林防火通信系统建设 | I11: =SUM(I12:I15) -> 4000 | J11: =SUM(J12:J15) -> 3200 | K11: =SUM(K12:K15) -> 800 | L11: =SUM(L12:L15) -> 2100 | M11: =SUM(M12:M15) -> 1680 | N11: =SUM(N12:N15) -> 420 | O11: =SUM(O12:O15) -> 1900 | P11: =SUM(P12:P15) -> 1520 | Q11: =SUM(Q12:Q15) -> 380
A12: 有线综合网络项目 | B12: 新建设省至各市、县（区）森林防火基础骨干网络 | C12: 完成森林防火有线综合网络项目1套（芜湖市） | D12: 新建设省至各市、县（区）森林防火基础骨干网络 | I12: 500 | J12: =I12*0.8 -> 400 | K12: =I12*0.2 -> 100 | L12: 300 | M12: =L12*0.8 -> 240 | N12: =L12*0.2 -> 60 | O12: =I12-L12 -> 200 | P12: =O12*0.8 -> 160 | Q12: =O12*0.2 -> 40
A13: 火场通信网络建设 | B13: 规划升级和改造各级通信调度系统、新增手持台设备3500台、车载台设备200台、背负式设备150台、语音网关80套 | C13: 完成新建数字超短波固定基站1套，完成车载台设备6套，手持台设备1164台。 | D13: 规划升级和改造各级通信调度系统、新增手持台设备2336台、车载台设备194套、背负式设备150台、语音网关80 套。 | I13: 1100 | J13: =I13*0.8 -> 880 | K13: =I13*0.2 -> 220 | L13: 500 | M13: =L13*0.8 -> 400 | N13: =L13*0.2 -> 100 | O13: =I13-L13 -> 600 | P13: =O13*0.8 -> 480 | Q13: =O13*0.2 -> 120
A14: 卫星通信网络建设项目 | B14: 新建VSAT卫星固定小站3个、VSAT卫星便携站18个、VSAT卫星电话3部、视频图传系统18套、BGAN系统18套、海事卫星电话56部、北斗指挥机系统56套、北斗车载系统122套及北斗手持机448套 | C14: 北斗指挥机系统1套，北斗手持机1套 | D14: 新建VSAT卫星固定小站3个、VSAT卫星便携站18个、VSAT卫星电话3部、视频图传系统18套、BGAN系统18套、海事卫星电话56部、北斗指挥机系统55套、北斗车载系统122套及北斗手持机447套 | I14: 1500 | J14: =I14*0.8 -> 1200 | K14: =I14*0.2 -> 300 | L14: 800 | M14: =L14*0.8 -> 640 | N14: =L14*0.2 -> 160 | O14: =I14-L14 -> 700 | P14: =O14*0.8 -> 560 | Q14: =O14*0.2 -> 140
A15: 机动通信系统建设 | B15: 配置省级大型通信车1辆、中型通信车2辆、小型火场应急指挥车12辆含车载设备。 | D15: 配置省级大型通信车1辆、中型通信车2辆、小型火场应急指挥车12辆含车载设备。 | H15: 未实施 | I15: 900 | J15: =I15*0.8 -> 720 | K15: =I15*0.2 -> 180 | L15: 500 | M15: =L15*0.8 -> 400 | N15: =L15*0.2 -> 100 | O15: =I15-L15 -> 400 | P15: =O15*0.8 -> 320 | Q15: =O15*0.2 -> 80
A16: 3、森林防火信息处理系统 | I16: =I17+I18+I19+I20 -> 13500 | J16: =J17+J18+J19+J20 -> 10800 | K16: =K17+K18+K19+K20 -> 2700 | L16: =L17+L18+L19+L20 -> 8200 | M16: =M17+M18+M19+M20 -> 6560 | N16: =N17+N18+N19+N20 -> 1640 | O16: =O17+O18+O19+O20 -> 5300 | P16: =P17+P18+P19+P20 -> 4240 | Q16: =Q17+Q18+Q19+Q20 -> 1060
A17: 综合管控系统 | B17: 规划构建全省统一的森林防火大数据平台及业务软件16套,建设森林防火硬件、软件、数据一体化管控平台 | D17: 规划构建全省统一的森林防火大数据平台及业务软件16套,建设森林防火硬件、软件、数据一体化管控平台 | H17: 未实施 6+N中有相关内容，但表述不一致 | I17: 1500 | J17: =I17*0.8 -> 1200 | K17: =I17*0.2 -> 300 | L17: 1000 | M17: =L17*0.8 -> 800 | N17: =L17*0.2 -> 200 | O17: =I17-L17 -> 500 | P17: =O17*0.8 -> 400 | Q17: =O17*0.2 -> 100
A18: 综合指挥系统 | B18: 新建设省级森林防火指挥中心二期项目，逐步更新市级森林防火指挥中心16套、新建县级森林防火指挥中心56套及配套的应用系统。 | C18: 更新市级森林防火指挥中心2套、新建县级森林防火指挥中心12套及配套的应用系统。 | D18: 新建设省级森林防火指挥中心二期项目，逐步更新市级森林防火指挥中心14套、新建县级森林防火指挥中心44套及配套的应用系统。 | I18: 10000 | J18: =I18*0.8 -> 8000 | K18: =I18*0.2 -> 2000 | L18: 6000 | M18: =L18*0.8 -> 4800 | N18: =L18*0.2 -> 1200 | O18: =I18-L18 -> 4000 | P18: =O18*0.8 -> 3200 | Q18: =O18*0.2 -> 800
A19: 综合保障系统 | B19: 规划依托专业运维团队，建立有效的运维支撑体系 | C19: 新建运维管理系统建设1套（芜湖市） | D19: 规划依托专业运维团队，加强建立有效的运维支撑体系 | I19: 500 | J19: =I19*0.8 -> 400 | K19: =I19*0.2 -> 100 | L19: 300 | M19: =L19*0.8 -> 240 | N19: =L19*0.2 -> 60 | O19: =I19-L19 -> 200 | P19: =O19*0.8 -> 160 | Q19: =O19*0.2 -> 40
A20: 专家决策支持系统建设 | B20: 规划对森林防火会商探讨、科学研究等方面进行相应的投入 | D20: 规划对森林防火会商探讨、科学研究等方面进行相应的投入 | H20: 未实施（国家没有） | I20: 1500 | J20: =I20*0.8 -> 1200 | K20: =I20*0.2 -> 300 | L20: 900 | M20: =L20*0.8 -> 720 | N20: =L20*0.2 -> 180 | O20: =I20-L20 -> 600 | P20: =O20*0.8 -> 480 | Q20: =O20*0.2 -> 120
A21: 森林防火指挥调度系统 | D21: ①窄带集群呼叫系统：包括调度软件1套、手持终端设备253部。配置方式为省级3部、各市2部、108个森林火险县（市、区）各2部。 ②北斗应急通信系统：包括北斗应急指挥终端1台、北斗车载终端6台、北斗通信终端177台。配置方式为省级3台、16个市各配置2部终端，34个一级火险单位各配2部终端，74个二级和三级火险县（市、区）各1部。 ③卫星通信系统：由省级应急管理部门统一建设。 ④森林防火指挥调度中心：依托森林防火通信系统、全省林业大数据平台，充分利用内外部基础信息、业务信息，建设覆盖多级指挥中心的综合指挥调度平台，利用信息化手段提升森林防火监测、指挥管理能力，促进信息共享和资源整合。 | H21: 放森林防火信息处理系统 | R21: 6+N
A22: 4、森林消防队伍建设 | I22: =I23+I24 -> 61000 | J22: =J23+J24 -> 47900 | K22: =K23+K24 -> 13100 | L22: =L23+L24 -> 31500 | M22: =M23+M24 -> 24750 | N22: =N23+N24 -> 6750 | O22: =O23+O24 -> 29500 | P22: =P23+P24 -> 23150 | Q22: =Q23+Q24 -> 6350
A23: 武警森林部队建设 | B23: 规划支持武警森林驻皖部队能力建设，每年给予必要的财政保障 | D23: 规划支持武警森林驻皖部队能力建设，每年给予必要的财政保障 | H23: 未实施 | I23: 3000 | J23: 1500 | K23: 1500 | L23: 1500 | M23: 750 | N23: 750 | O23: 1500 | P23: 750 | Q23: 750
A24: 专业森林消防队伍建设 | B24: 规划期内新组建森林火灾高风险区火险县（市、区）100人以上的专业森林消防队，一般森林火险区火险县（市、区）25人以上的专业森林消防队，共新建专业森林消防队105支，提高和完善现有182支森林消防队伍,新建营房143座，按年稳定补充各类扑火设备 | C24: 1、专业队伍建设：已组建专业队伍110支，合计2879人。 2、森林消防专业队伍标准化建设：完善提升专业队装备（标准化建设）110支,装备风力灭火机械化队伍346支，新建专业队营房7464平方米，改扩建专业队伍营房2353平方米，扑火前指挥基地4处。 3、以水灭火设施设备建设：装备以水灭火队伍36支，以水灭火装备452台，以水灭火水源地1114处。 4、森林防火野外实训基地：国家森林防火野外实训基地5处。 | D24: 规划期内新组建森林火灾高风险区火险县（市、区）100人以上的专业森林消防队，一般森林火险区火险县（市、区）25人以上的专业森林消防队，共提高和完善现有72支森林消防队伍,新建营房143座，按年稳定补充各类扑火设备 | H24: 十年规划新建营房是143座，十三五完成7464平方米，单位不一致，无法确认十四五实施任务。 能力提升工程中：森林消防专业队伍新增建设规模2107人，森林消防专业队伍营房新增建设规模119916平方米。训练场新增建设规模175500平方米。 | I24: 58000 | J24: =I24*0.8 -> 46400 | K24: =I24*0.2 -> 11600 | L24: 30000 | M24: =L24*0.8 -> 24000 | N24: =L24*0.2 -> 6000 | O24: =I24-L24 -> 28000 | P24: =O24*0.8 -> 22400 | Q24: =O24*0.2 -> 5600
A25: 森林消防专业队伍建设 | D25: 森林消防专业队伍新增建设规模2107人，森林消防专业队伍营房新增建设规模119916平方米。训练场新增建设规模175500平方米。 | H25: 放森林消防队伍建设 | R25: 能力提升
A26: 森林防火救援基地建设 | D26: 森林防火救援基地规模按照200人专业森林消防队伍建设，共建营房面积4000平方米，训练场6000平方米。 | H26: 放森林消防队伍建设 | R26: 能力提升
A27: 5、森林消防装备能力建设 | I27: =I28+I29+I30 -> 55950 | J27: =I27*0.8 -> 44760 | K27: =I27*0.2 -> 11190 | L27: =L28+L29+L30 -> 33100 | M27: =L27*0.8 -> 26480 | N27: =L27*0.2 -> 6620 | O27: =O28+O29+O30 -> 22850 | P27: =O27*0.8 -> 18280 | Q27: =O27*0.2 -> 4570
A28: 扑火物资储备 | B28: 规划新增各类扑火物资5万台（套、把）和45辆森林防火指挥车、56辆运兵车、112辆消防车。 | C28: 已购买风力灭火机、油锯、割灌机等基本灭火机具4448台，队员安全防护装备和野外生存装备3035套，运兵车、机具车、消防艇等防火车辆112辆。 | D28: 规划新增各类扑火物资4.2万台（套、把），规划新增运兵车、机具车、消防艇等防火车辆101辆。 | I28: 50000 | J28: =I28*0.8 -> 40000 | K28: =I28*0.2 -> 10000 | L28: 30000 | M28: =L28*0.8 -> 24000 | N28: =L28*0.2 -> 6000 | O28: =I28-L28 -> 20000 | P28: =O28*0.8 -> 16000 | Q28: =O28*0.2 -> 4000
A29: 物资储备库房建设 | B29: 规划期内改造、扩建现有的972座物资储备库 | D29: 规划期内改造、扩建现有的972座物资储备库 | H29: 未实施 能力提升工程中：共建设3处省级库，其中省中心库1处，面积为1500平方米，储备2000万元森林防火物资；省级分库2处，建设面积各500平方米，储备500万元森林防火物资。 | I29: 2950 | J29: =I29*0.8 -> 2360 | K29: =I29*0.2 -> 590 | L29: 1600 | M29: =L29*0.8 -> 1280 | N29: =L29*0.2 -> 320 | O29: =I29-L29 -> 1350 | P29: =O29*0.8 -> 1080 | Q29: =O29*0.2 -> 270
A30: 森林公安执法队伍装备建设 | B30: 规划全省增补配备73辆刑事勘察车和730套刑事勘查设备 | D30: 规划全省增补配备73辆刑事勘察车和730套刑事勘查设备 | H30: 未实施，是否应删除 | I30: 3000 | J30: =I30*0.8 -> 2400 | K30: =I30*0.2 -> 600 | L30: 1500 | M30: =L30*0.8 -> 1200 | N30: =L30*0.2 -> 300 | O30: =I30-L30 -> 1500 | P30: =O30*0.8 -> 1200 | Q30: =O30*0.2 -> 300
A31: 森林火灾抢险救援系统 | D31: ①扑火机具装备建设：高扬程灭火水泵182台，部署方式为6个重点火险市（安庆市、六安市、池州市、宣城市、黄山市、滁州市）各配置1台，34个一级火险县（市、区）各配3台，74个二级和三级火险县（市、区）各1台；新建102处蓄水池，部署方式为34个一级火险县（市、区）各新建3处；背负式卫星便携站6套，部署方式为6个重点火险市（安庆市、六安市、池州市、宣城市、黄山市、滁州市）各1套；卫星电话176台，部署方式为省级2台，16个市各配置2台，34个一级火险县（市、区）各配2台，74个二级和三级火险县（市、区）各1台；护林员5G巡护终端1436台，部署方式为16个市各配置1部终端，34个一级火险单位各配20部终端，74个二级和三级火险单位各10部。 | H31: 放森林消防装备能力建设 | R31: 6+N
A32: 森林防火物资储备中心建设 | D32: 共建设3处省级库，其中省中心库1处，面积为1500平方米，储备2000万元森林防火物资；省级分库2处，建设面积各500平方米，储备500万元森林防火物资。 | H32: 放森林消防装备能力建设 | R32: 能力提升
A33: 6、森林航空消防能力建设 | H33: 评估表中没有看到相关建设内容完成情况 | I33: =I34+I35+I36+I37 -> 27500 | J33: =J34+J35+J36+J37 -> 22000 | K33: =K34+K35+K36+K37 -> 5500 | L33: =L34+L35+L36+L37 -> 13750 | M33: =M34+M35+M36+M37 -> 11000 | N33: =N34+N35+N36+N37 -> 2750 | O33: =O34+O35+O36+O37 -> 13750 | P33: =P34+P35+P36+P37 -> 11000 | Q33: =Q34+Q35+Q36+Q37 -> 2750
A34: 森林航空消防机源 | B34: 规划防火期内每年租用2-4架森林防火航护直升机及机组人员开展航空护林工作 | D34: 规划防火期内每年租用2-4架森林防火航护直升机及机组人员开展航空护林工作 | I34: 15000 | J34: =I34*0.8 -> 12000 | K34: =I34*0.2 -> 3000 | L34: 7500 | M34: =L34*0.8 -> 6000 | N34: =L34*0.2 -> 1500 | O34: =I34-L34 -> 7500 | P34: =O34*0.8 -> 6000 | Q34: =O34*0.2 -> 1500
A35: 航站建设项目 | B35: 规划期内新建航空护林站（基地）2个（近期1个，远期1个），新建航空护林分基地5个（近期2个，远期3个） | D35: 规划期内新建航空护林站（基地）2个（近期1个，远期1个），新建航空护林分基地5个（近期2个，远期3个） | I35: 8500 | J35: =I35*0.8 -> 6800 | K35: =I35*0.2 -> 1700 | L35: 3750 | M35: =L35*0.8 -> 3000 | N35: =L35*0.2 -> 750 | O35: =I35-L35 -> 4750 | P35: =O35*0.8 -> 3800 | Q35: =O35*0.2 -> 950
A36: 火场侦察系统 | B36: 规划直升机为载体，加载激光红外光电吊舱，利用卫星通信等信息传输技术建立火场侦察系统 | D36: 规划直升机为载体，加载激光红外光电吊舱，利用卫星通信等信息传输技术建立火场侦察系统 | I36: 1000 | J36: =I36*0.8 -> 800 | K36: =I36*0.2 -> 200 | L36: 500 | M36: =L36*0.8 -> 400 | N36: =L36*0.2 -> 100 | O36: =I36-L36 -> 500 | P36: =O36*0.8 -> 400 | Q36: =O36*0.2 -> 100
A37: 森林防火无人机系统建设 | B37: 重点保护区新建18架中型森林防火无人机、50架小型无人机及附属航控设备。 | D37: 重点保护区新建18架中型森林防火无人机、50架小型无人机及附属航控设备。 | H37: 6+N系统可以完成该项任务，该项内容是否可以删除 | I37: 3000 | J37: =I37*0.8 -> 2400 | K37: =I37*0.2 -> 600 | L37: 2000 | M37: =L37*0.8 -> 1600 | N37: =L37*0.2 -> 400 | O37: =I37-L37 -> 1000 | P37: =O37*0.8 -> 800 | Q37: =O37*0.2 -> 200
A38: 7、林火阻隔系统建设 | C38: 1、工程阻隔带：完成1780.8公里，其中生土带456.8公里，防火线1324公里。 2、生物防火阻隔带：完成3003.93公里，其中林内1361.61公里，林缘1642.32公里。 3、阻隔网密度：2020年为3.6米/公顷。 | H38: 该项内容无法按建设任务分开，建议按照建设内容罗列，如果按照这个内容可以让各个地方再细化 | I38: =I39+I40+I41+I42 -> 38700 | J38: =J39+J40+J41+J42 -> 30960 | K38: =K39+K40+K41+K42 -> 7740 | L38: =L39+L40+L41+L42 -> 1900 | M38: =M39+M40+M41+M42 -> 1520 | N38: =N39+N40+N41+N42 -> 380 | O38: =O39+O40+O41+O42 -> 36800 | P38: =P39+P40+P41+P42 -> 29440 | Q38: =Q39+Q40+Q41+Q42 -> 7360
A39: 大别山森林防火重点区生物防火林带建设 | B39: 新建生物防火林带3000公里 | C39: 新建生物防火林带3000公里 | D39: 新建生物防火林带3000公里 | I39: 13500 | J39: =I39*0.8 -> 10800 | K39: =I39*0.2 -> 2700 | L39: 600 | M39: =L39*0.8 -> 480 | N39: =L39*0.2 -> 120 | O39: =I39-L39 -> 12900 | P39: =O39*0.8 -> 10320 | Q39: =O39*0.2 -> 2580
A40: 皖南森林防火重点区生物防火林带建设 | B40: 新建生物防火林带3600公里 | C40: 新建生物防火林带3600公里 | D40: 新建生物防火林带3600公里 | I40: 16200 | J40: =I40*0.8 -> 12960 | K40: =I40*0.2 -> 3240 | L40: 600 | M40: =L40*0.8 -> 480 | N40: =L40*0.2 -> 120 | O40: =I40-L40 -> 15600 | P40: =O40*0.8 -> 12480 | Q40: =O40*0.2 -> 3120
A41: 皖东森林防火重点区生物防火林带建设 | B41: 新建生物防火林带1000公里 | C41: 新建生物防火林带1000公里 | D41: 新建生物防火林带1000公里 | I41: 4500 | J41: =I41*0.8 -> 3600 | K41: =I41*0.2 -> 900 | L41: 400 | M41: =L41*0.8 -> 320 | N41: =L41*0.2 -> 80 | O41: =I41-L41 -> 4100 | P41: =O41*0.8 -> 3280 | Q41: =O41*0.2 -> 820
A42: 沿江森林防火重点区生物防火林带建设 | B42: 新建生物防火林带1000公里 | C42: 新建生物防火林带1000公里 | D42: 新建生物防火林带1000公里 | I42: 4500 | J42: =I42*0.8 -> 3600 | K42: =I42*0.2 -> 900 | L42: 300 | M42: =L42*0.8 -> 240 | N42: =L42*0.2 -> 60 | O42: =I42-L42 -> 4200 | P42: =O42*0.8 -> 3360 | Q42: =O42*0.2 -> 840
A43: 8、森林防火应急道路建设 | I43: =I44 -> 34000 | J43: =J44 -> 27200 | K43: =K44 -> 6800 | L43: =L44 -> 18000 | M43: =M44 -> 14400 | N43: =N44 -> 3600 | O43: =O44 -> 16000 | P43: =P44 -> 12800 | Q43: =Q44 -> 3200
A44: 森林防火应急道路建设项目建设 | B44: 本期规划在国有林场重点森林防火区域试点新建300公里防火应急道路建设，升级、改造防火应急道路500公里 | C44: 新建和升级改造防火应急道路1217.236公里，其中联通断头路182.8公里，升级改造集材废弃路和简易路1034.436公里。国有林区路网密度（林地面积）为2.7米/公顷，重点区域路网密度（林地面积）为1.24米/公顷。 | D44: 2025年规划国有林区路网密度（林地面积）为3.5米/公顷，重点区域路网密度（林地面积）为3.2米/公顷。 | I44: 34000 | J44: =I44*0.8 -> 27200 | K44: =I44*0.2 -> 6800 | L44: 18000 | M44: =L44*0.8 -> 14400 | N44: =L44*0.2 -> 3600 | O44: =I44-L44 -> 16000 | P44: =O44*0.8 -> 12800 | Q44: =O44*0.2 -> 3200
A45: 9、森林防火宣传教育系统建设 | I45: =I46 -> 32500 | J45: =J46 -> 0 | K45: =K46 -> 32500 | L45: =L46 -> 20000 | M45: =M46 -> 0 | N45: =N46 -> 20000 | O45: =O46 -> 12500 | P45: =P46 -> 0 | Q45: =Q46 -> 12500
A46: 宣教系统建设 | B46: 新增大型宣传牌2500块、中小型宣传牌10000、宣传印刷品1000000份、森林防火检查站350座，其它宣传设备若干 | D46: 新增大型宣传牌2500块、中小型宣传牌10000、宣传印刷品1000000份、森林防火检查站351座，其它宣传设备若干 | H46: 未实施还是没统计（国家没有） | I46: 32500 | K46: =I46 -> 32500 | L46: 20000 | N46: =L46 -> 20000 | O46: =I46-L46 -> 12500 | Q46: =O46 -> 12500
A47: 10、重点保护区域森林防火建设 | I47: =I48+I49 -> 170000 | J47: =J48+J49 -> 136000 | K47: =K48+K49 -> 34000 | L47: =L48+L49 -> 88000 | M47: =M48+M49 -> 70400 | N47: =N48+N49 -> 17600 | O47: =O48+O49 -> 82000 | P47: =P48+P49 -> 65600 | Q47: =Q48+Q49 -> 16400
A48: 森林防火水网建设 | B48: 新建森林防火网1000公里，安装消防栓8000个，新建蓄水池5000个 | D48: 新建森林防火网1000公里，安装消防栓8000个，新建蓄水池5000个 | H48: 未实施还是没统计（国家没有） | I48: 165000 | J48: =I48*0.8 -> 132000 | K48: =I48*0.2 -> 33000 | L48: 85000 | M48: =L48*0.8 -> 68000 | N48: =L48*0.2 -> 17000 | O48: =I48-L48 -> 80000 | P48: =O48*0.8 -> 64000 | Q48: =O48*0.2 -> 16000
A49: 大型灭火装备建设 | B49: 购置50台（套）大型森林灭火装备 | D49: 购置50台（套）大型森林灭火装备 | H49: 未实施还是没统计（国家没有） | I49: 5000 | J49: =I49*0.8 -> 4000 | K49: =I49*0.2 -> 1000 | L49: 3000 | M49: =L49*0.8 -> 2400 | N49: =L49*0.2 -> 600 | O49: =I49-L49 -> 2000 | P49: =O49*0.8 -> 1600 | Q49: =O49*0.2 -> 400
A50: 11、安徽省“6+N”森林火灾领域应急系统建设
A51: 森林防火预警系统 | D51: ①无人机巡查系统：需配备6架固定翼及80架高性能六旋翼无人机、94架便携式四旋翼无人机。6台固定翼无人机部署为：6个重点火险市（安庆市、六安市、池州市、宣城市、黄山市、滁州市）各部署1架。80架六旋翼无人机部署为： 6个重点火险市（安庆市、六安市、池州市、宣城市、黄山市、滁州市）各部署2架，共12架；34个一级火险县（区、市）各部署2架，共68架。94架便携式四旋翼无人机部署为：除去6个重点火险市以外的10个市各部署2架，共20架；74个二级和三级火险县（区、市）各1架，共74架。 ②森林防火视频融合系统：维修县级视频监控点360个，新建视频融合系统1套，新建5202套视频监控点，在108个县（市、区）建立县级视频汇聚中心以及16个市级视频汇聚中心。 ③火情预警监测分析系统：新建1套火灾预警监测分析系统。 ④基于卫星遥感预警监测系统：新建1套基于卫星遥感预警监测系统。 ⑤林火预警推送服务系统：新建1套全省统一的林火预警推送服务系统。 | H51: 一期为32个Ⅰ级火险县及黄山、九华山风景区,，共新建野外视频监控点2554套。二期为24个Ⅱ级火险县、三期为50个Ⅲ级火险县。 建议书仅针对一期34个Ⅰ级火险县进行投资概算与建设（详见附件3），后续二期、三期根据要求逐年申报实施。 放森林火险预警监测系统
A52: 森林防火指挥调度系统 | D52: ①窄带集群呼叫系统：包括调度软件1套、手持终端设备253部。配置方式为省级3部、各市2部、108个森林火险县（市、区）各2部。 ②北斗应急通信系统：包括北斗应急指挥终端1台、北斗车载终端6台、北斗通信终端177台。配置方式为省级3台、16个市各配置2部终端，34个一级火险单位各配2部终端，74个二级和三级火险县（市、区）各1部。 ③卫星通信系统：由省级应急管理部门统一建设。 ④森林防火指挥调度中心：依托森林防火通信系统、全省林业大数据平台，充分利用内外部基础信息、业务信息，建设覆盖多级指挥中心的综合指挥调度平台，利用信息化手段提升森林防火监测、指挥管理能力，促进信息共享和资源整合。 | H52: 放森林防火信息处理系统
A53: 森林火灾抢险救援系统 | D53: ①扑火机具装备建设：高扬程灭火水泵182台，部署方式为6个重点火险市（安庆市、六安市、池州市、宣城市、黄山市、滁州市）各配置1台，34个一级火险县（市、区）各配3台，74个二级和三级火险县（市、区）各1台；新建102处蓄水池，部署方式为34个一级火险县（市、区）各新建3处；背负式卫星便携站6套，部署方式为6个重点火险市（安庆市、六安市、池州市、宣城市、黄山市、滁州市）各1套；卫星电话176台，部署方式为省级2台，16个市各配置2台，34个一级火险县（市、区）各配2台，74个二级和三级火险县（市、区）各1台；护林员5G巡护终端1436台，部署方式为16个市各配置1部终端，34个一级火险单位各配20部终端，74个二级和三级火险单位各10部。 | H53: 放森林消防装备能力建设
A54: 12、森林火灾应急救援能力建设提升工程
A55: 森林消防专业队伍建设 | D55: 森林消防专业队伍新增建设规模2107人，森林消防专业队伍营房新增建设规模119916平方米。训练场新增建设规模175500平方米。 | H55: 放森林消防队伍建设
A56: 森林防火救援基地建设 | D56: 森林防火救援基地规模按照200人专业森林消防队伍建设，共建营房面积4000平方米，训练场6000平方米。 | H56: 放森林消防队伍建设
A57: 森林防火物资储备中心建设 | D57: 共建设3处省级库，其中省中心库1处，面积为1500平方米，储备2000万元森林防火物资；省级分库2处，建设面积各500平方米，储备500万元森林防火物资。 | H57: 放森林消防装备能力建设

Sheet Sheet2
A1: 附表6
A2: “十四五”森林防火专项规划建设目标指标表
A3: 序号 | B3: 指标 | C3: 2020年 | D3: “十四五”发展目标 | F3: 属性
D4: 目标值 | E4: 增减
A5: 1 | B5: 森林火灾受害率 | C5: 0.049‰ | D5: 0.5‰ | F5: 约束性
A6: 2 | B6: 林火监测覆盖率 | C6: 约80%（参考国家2016-2025年规划2016年全国为68.1%） | D6: 0.95 | E6: 增15% | F6: 预期性
A7: 3 | B7: 林火阻隔网密度 | C7: 约3.5米/公顷（我省2016-2025年规划2017年全省） | D7: 5米/公顷 | E7: 增1.5米/公顷 | F7: 预期性
A8: 4 | B8: 防火通讯覆盖率 | C8: 约80%（参考国家2016-2025年规划2016年全国为70%） | D8: 0.95 | E8: 增15% | F8: 预期性
A9: 5 | B9: 专业森林消防队伍配备率 | C9: 约70%（参考国家2016-2025年规划2016年全国为67.1%） | D9: 1 | E9: 增30% | F9: 预期性
A10: 6 | B10: 森林航空消防覆盖率 | C10: 我省目前0% | D10: 0.9 | E10: 增90% | F10: 预期性
A11: 7 | B11: 重点保护区域森林防火建设覆盖率 | C11: 我省目前0% | D11: 0.5 | E11: 增50% | F11: 预期性

Sheet Sheet4
A1: 安徽省“十四五”森林防火规划建设任务及投资估算表
A2: 附表9 | J2: 单位：万元
A3: 建设内容 | B3: （2016-2025年）规划任务 | C3: 十三五完成任务 | D3: 十四五规划任务 | E3: 投资（万元） | H3: 备 注 | I3: 备注说明 | J3: 总投资 | M3: 近期投资（2016-2020） | P3: 远期投资（2021-2025）
E4: 计 | F4: 中央 | G4: 地方 | J4: 计 | K4: 中央 | L4: 地方 | M4: 计 | N4: 中央 | O4: 地方 | P4: 计 | Q4: 中央 | R4: 地方
A5: 1、森林火险预警监测系统 | J5: =J6+J8+J9+J7 -> 12250 | K5: =K6+K8+K9+K7 -> 9800 | L5: =L6+L8+L9+L7 -> 2450 | M5: =M6+M8+M9+M7 -> 7300 | N5: =N6+N8+N9+N7 -> 5840 | O5: =O6+O8+O9+O7 -> 1460 | P5: =P6+P8+P9+P7 -> 4950 | Q5: =Q6+Q8+Q9+Q7 -> 3960 | R5: =R6+R8+R9+R7 -> 990
A6: 森林火险预警系统 | B6: 新建60个新型森林火险综合监测站 | C6: 完成8个新型森林火险综合监测站，池州市新增完成森林火险预警模型1套 | D6: ⑦综合监测站建设;新建52个新型森林火险综合监测站 | J6: 600 | K6: =J6*0.8 -> 480 | L6: =J6*0.2 -> 120 | M6: 400 | N6: =M6*0.8 -> 320 | O6: =M6*0.2 -> 80 | P6: =J6-M6 -> 200 | Q6: =P6*0.8 -> 160 | R6: =P6*0.2 -> 40
A7: 森林防火气象服务综合业务体系 | B7: 本期规划与气象部门联合建立一套完善的森林防火气象服务综合业务平台 | D7: 本期规划与气象部门联合建立一套完善的森林防火气象服务综合业务平台 | I7: 未实施（国家没有） 6+N中③火情预警监测分析系统：新建1套火灾预警监测分析系统。 ④基于卫星遥感预警监测系统：新建1套基于卫星遥感预警监测系统。 ⑤林火预警推送服务系统：新建1套全省统一的林火预警推送服务系统。就是一个综合平台体系 | J7: 1000 | K7: =J7*0.8 -> 800 | L7: =J7*0.2 -> 200 | M7: 600 | N7: =M7*0.8 -> 480 | O7: =M7*0.2 -> 120 | P7: =J7-M7 -> 400 | Q7: =P7*0.8 -> 320 | R7: =P7*0.2 -> 80
A8: 林火视频监控系统 | B8: 新建视频监控系统200套 | C8: 完成视频监控系统254套，覆盖林地面积1069286公顷，覆盖率达到28%。 | I8: 已完成 | J8: 7500 | K8: =J8*0.8 -> 6000 | L8: =J8*0.2 -> 1500 | M8: 4500 | N8: =M8*0.8 -> 3600 | O8: =M8*0.2 -> 900 | P8: =J8-M8 -> 3000 | Q8: =P8*0.8 -> 2400 | R8: =P8*0.2 -> 600
A9: 瞭望塔建设 | B9: 新建瞭望塔45座，并配备高倍望远镜、红外探测仪等100架（套）；改造瞭望塔及配套设施100座。 | C9: 完成新建瞭望塔（台）74座，改造瞭望塔（台）61座，配备高倍望远镜、红外探测仪等84架（套）；覆盖林地面积284067公顷。 | D9: ⑥瞭望塔建设：规划改造建瞭望塔（台）39座，配备高倍望远镜、红外探测仪等16架（套）。 | J9: 3150 | K9: =J9*0.8 -> 2520 | L9: =J9*0.2 -> 630 | M9: 1800 | N9: =M9*0.8 -> 1440 | O9: =M9*0.2 -> 360 | P9: =J9-M9 -> 1350 | Q9: =P9*0.8 -> 1080 | R9: =P9*0.2 -> 270
A10: 森林防火预警系统 | D10: ①无人机巡查系统：需配备6架固定翼及80架高性能六旋翼无人机、94架便携式四旋翼无人机。6台固定翼无人机部署为：6个重点火险市（安庆市、六安市、池州市、宣城市、黄山市、滁州市）各部署1架。80架六旋翼无人机部署为： 6个重点火险市（安庆市、六安市、池州市、宣城市、黄山市、滁州市）各部署2架，共12架；34个一级火险县（区、市）各部署2架，共68架。94架便携式四旋翼无人机部署为：除去6个重点火险市以外的10个市各部署2架，共20架；74个二级和三级火险县（区、市）各1架，共74架。 ②森林防火视频融合系统：维修县级视频监控点360个，新建视频融合系统1套，新建5202套视频监控点，在108个县（市、区）建立县级视频汇聚中心以及16个市级视频汇聚中心。 ③火情预警监测分析系统：新建1套火灾预警监测分析系统。 ④基于卫星遥感预警监测系统：新建1套基于卫星遥感预警监测系统。 ⑤林火预警推送服务系统：新建1套全省统一的林火预警推送服务系统。 | I10: 一期为32个Ⅰ级火险县及黄山、九华山风景区,，共新建野外视频监控点2554套。二期为24个Ⅱ级火险县、三期为50个Ⅲ级火险县。 建议书仅针对一期34个Ⅰ级火险县进行投资概算与建设（详见附件3），后续二期、三期根据要求逐年申报实施。 放森林火险预警监测系统 | S10: 6+N
A11: 森林火灾风险普查 | D11: 开展全省森林火灾的风险要素调查，重点隐患调查，查明区域抗灾能力。开展森林火灾风险评估，编制省级、市县级森林火灾风险系列专题图。在国家制定的标准基础上配合国家层面修订和编制森林火灾风险区划和防治区划；建立分类型、分区域、分层级的全省森林火灾风险普查数据库。
A12: 2、森林防火通信系统建设 | J12: =SUM(J13:J16) -> 4000 | K12: =SUM(K13:K16) -> 3200 | L12: =SUM(L13:L16) -> 800 | M12: =SUM(M13:M16) -> 2100 | N12: =SUM(N13:N16) -> 1680 | O12: =SUM(O13:O16) -> 420 | P12: =SUM(P13:P16) -> 1900 | Q12: =SUM(Q13:Q16) -> 1520 | R12: =SUM(R13:R16) -> 380
A13: 有线综合网络项目 | B13: 新建设省至各市、县（区）森林防火基础骨干网络 | C13: 完成森林防火有线综合网络项目1套（芜湖市） | D13: 新建设省至各市、县（区）森林防火基础骨干网络 | J13: 500 | K13: =J13*0.8 -> 400 | L13: =J13*0.2 -> 100 | M13: 300 | N13: =M13*0.8 -> 240 | O13: =M13*0.2 -> 60 | P13: =J13-M13 -> 200 | Q13: =P13*0.8 -> 160 | R13: =P13*0.2 -> 40
A14: 火场通信网络建设 | B14: 规划升级和改造各级通信调度系统、新增手持台设备3500台、车载台设备200台、背负式设备150台、语音网关80套 | C14: 完成新建数字超短波固定基站1套，完成车载台设备6套，手持台设备1164台。 | D14: 规划升级和改造各级通信调度系统、新增手持台设备2336台、车载台设备194套、背负式设备150台、语音网关80 套。 | J14: 1100 | K14: =J14*0.8 -> 880 | L14: =J14*0.2 -> 220 | M14: 500 | N14: =M14*0.8 -> 400 | O14: =M14*0.2 -> 100 | P14: =J14-M14 -> 600 | Q14: =P14*0.8 -> 480 | R14: =P14*0.2 -> 120
A15: 卫星通信网络建设项目 | B15: 新建VSAT卫星固定小站3个、VSAT卫星便携站18个、VSAT卫星电话3部、视频图传系统18套、BGAN系统18套、海事卫星电话56部、北斗指挥机系统56套、北斗车载系统122套及北斗手持机448套 | C15: 北斗指挥机系统1套，北斗手持机1套 | D15: 新建VSAT卫星固定小站3个、VSAT卫星便携站18个、VSAT卫星电话3部、视频图传系统18套、BGAN系统18套、海事卫星电话56部、北斗指挥机系统55套、北斗车载系统122套及北斗手持机447套 | J15: 1500 | K15: =J15*0.8 -> 1200 | L15: =J15*0.2 -> 300 | M15: 800 | N15: =M15*0.8 -> 640 | O15: =M15*0.2 -> 160 | P15: =J15-M15 -> 700 | Q15: =P15*0.8 -> 560 | R15: =P15*0.2 -> 140
A16: 机动通信系统建设 | B16: 配置省级大型通信车1辆、中型通信车2辆、小型火场应急指挥车12辆含车载设备。 | D16: 配置省级大型通信车1辆、中型通信车2辆、小型火场应急指挥车12辆含车载设备。 | I16: 未实施 | J16: 900 | K16: =J16*0.8 -> 720 | L16: =J16*0.2 -> 180 | M16: 500 | N16: =M16*0.8 -> 400 | O16: =M16*0.2 -> 100 | P16: =J16-M16 -> 400 | Q16: =P16*0.8 -> 320 | R16: =P16*0.2 -> 80
A17: 3、森林防火信息处理系统 | J17: =J18+J19+J20+J21 -> 13500 | K17: =K18+K19+K20+K21 -> 10800 | L17: =L18+L19+L20+L21 -> 2700 | M17: =M18+M19+M20+M21 -> 8200 | N17: =N18+N19+N20+N21 -> 6560 | O17: =O18+O19+O20+O21 -> 1640 | P17: =P18+P19+P20+P21 -> 5300 | Q17: =Q18+Q19+Q20+Q21 -> 4240 | R17: =R18+R19+R20+R21 -> 1060
A18: 综合管控系统 | B18: 规划构建全省统一的森林防火大数据平台及业务软件16套,建设森林防火硬件、软件、数据一体化管控平台 | D18: 规划构建全省统一的森林防火大数据平台及业务软件16套,建设森林防火硬件、软件、数据一体化管控平台 | I18: 未实施 6+N中有相关内容，但表述不一致 | J18: 1500 | K18: =J18*0.8 -> 1200 | L18: =J18*0.2 -> 300 | M18: 1000 | N18: =M18*0.8 -> 800 | O18: =M18*0.2 -> 200 | P18: =J18-M18 -> 500 | Q18: =P18*0.8 -> 400 | R18: =P18*0.2 -> 100
A19: 综合指挥系统 | B19: 新建设省级森林防火指挥中心二期项目，逐步更新市级森林防火指挥中心16套、新建县级森林防火指挥中心56套及配套的应用系统。 | C19: 更新市级森林防火指挥中心2套、新建县级森林防火指挥中心12套及配套的应用系统。 | D19: 新建设省级森林防火指挥中心二期项目，逐步更新市级森林防火指挥中心14套、新建县级森林防火指挥中心44套及配套的应用系统。 | J19: 10000 | K19: =J19*0.8 -> 8000 | L19: =J19*0.2 -> 2000 | M19: 6000 | N19: =M19*0.8 -> 4800 | O19: =M19*0.2 -> 1200 | P19: =J19-M19 -> 4000 | Q19: =P19*0.8 -> 3200 | R19: =P19*0.2 -> 800
A20: 综合保障系统 | B20: 规划依托专业运维团队，建立有效的运维支撑体系 | C20: 新建运维管理系统建设1套（芜湖市） | D20: 规划依托专业运维团队，加强建立有效的运维支撑体系 | J20: 500 | K20: =J20*0.8 -> 400 | L20: =J20*0.2 -> 100 | M20: 300 | N20: =M20*0.8 -> 240 | O20: =M20*0.2 -> 60 | P20: =J20-M20 -> 200 | Q20: =P20*0.8 -> 160 | R20: =P20*0.2 -> 40
A21: 专家决策支持系统建设 | B21: 规划对森林防火会商探讨、科学研究等方面进行相应的投入 | D21: 规划对森林防火会商探讨、科学研究等方面进行相应的投入 | I21: 未实施（国家没有） | J21: 1500 | K21: =J21*0.8 -> 1200 | L21: =J21*0.2 -> 300 | M21: 900 | N21: =M21*0.8 -> 720 | O21: =M21*0.2 -> 180 | P21: =J21-M21 -> 600 | Q21: =P21*0.8 -> 480 | R21: =P21*0.2 -> 120
A22: 森林防火指挥调度系统 | D22: ①窄带集群呼叫系统：包括调度软件1套、手持终端设备253部。配置方式为省级3部、各市2部、108个森林火险县（市、区）各2部。 ②北斗应急通信系统：包括北斗应急指挥终端1台、北斗车载终端6台、北斗通信终端177台。配置方式为省级3台、16个市各配置2部终端，34个一级火险单位各配2部终端，74个二级和三级火险县（市、区）各1部。 ③卫星通信系统：由省级应急管理部门统一建设。 ④森林防火指挥调度中心：依托森林防火通信系统、全省林业大数据平台，充分利用内外部基础信息、业务信息，建设覆盖多级指挥中心的综合指挥调度平台，利用信息化手段提升森林防火监测、指挥管理能力，促进信息共享和资源整合。 | I22: 放森林防火信息处理系统 | S22: 6+N
A23: 4、森林消防队伍建设 | J23: =J24+J25 -> 61000 | K23: =K24+K25 -> 47900 | L23: =L24+L25 -> 13100 | M23: =M24+M25 -> 31500 | N23: =N24+N25 -> 24750 | O23: =O24+O25 -> 6750 | P23: =P24+P25 -> 29500 | Q23: =Q24+Q25 -> 23150 | R23: =R24+R25 -> 6350
A24: 武警森林部队建设 | B24: 规划支持武警森林驻皖部队能力建设，每年给予必要的财政保障 | D24: 规划支持武警森林驻皖部队能力建设，每年给予必要的财政保障 | I24: 未实施 | J24: 3000 | K24: 1500 | L24: 1500 | M24: 1500 | N24: 750 | O24: 750 | P24: 1500 | Q24: 750 | R24: 750
A25: 专业森林消防队伍建设 | B25: 规划期内新组建森林火灾高风险区火险县（市、区）100人以上的专业森林消防队，一般森林火险区火险县（市、区）25人以上的专业森林消防队，共新建专业森林消防队105支，提高和完善现有182支森林消防队伍,新建营房143座，按年稳定补充各类扑火设备 | C25: 1、专业队伍建设：已组建专业队伍110支，合计2879人。 2、森林消防专业队伍标准化建设：完善提升专业队装备（标准化建设）110支,装备风力灭火机械化队伍346支，新建专业队营房7464平方米，改扩建专业队伍营房2353平方米，扑火前指挥基地4处。 3、以水灭火设施设备建设：装备以水灭火队伍36支，以水灭火装备452台，以水灭火水源地1114处。 4、森林防火野外实训基地：国家森林防火野外实训基地5处。 | D25: 规划期内新组建森林火灾高风险区火险县（市、区）100人以上的专业森林消防队，一般森林火险区火险县（市、区）25人以上的专业森林消防队，共提高和完善现有72支森林消防队伍,新建营房143座，按年稳定补充各类扑火设备 | I25: 十年规划新建营房是143座，十三五完成7464平方米，单位不一致，无法确认十四五实施任务。 能力提升工程中：森林消防专业队伍新增建设规模2107人，森林消防专业队伍营房新增建设规模119916平方米。训练场新增建设规模175500平方米。 | J25: 58000 | K25: =J25*0.8 -> 46400 | L25: =J25*0.2 -> 11600 | M25: 30000 | N25: =M25*0.8 -> 24000 | O25: =M25*0.2 -> 6000 | P25: =J25-M25 -> 28000 | Q25: =P25*0.8 -> 22400 | R25: =P25*0.2 -> 5600
A26: 森林消防专业队伍建设 | D26: 森林消防专业队伍新增建设规模2107人，森林消防专业队伍营房新增建设规模119916平方米。训练场新增建设规模175500平方米。 | I26: 放森林消防队伍建设 | S26: 能力提升
A27: 森林防火救援基地建设 | D27: 森林防火救援基地规模按照200人专业森林消防队伍建设，共建营房面积4000平方米，训练场6000平方米。 | I27: 放森林消防队伍建设 | S27: 能力提升
A28: 5、森林消防装备能力建设 | J28: =J29+J30+J31 -> 55950 | K28: =J28*0.8 -> 44760 | L28: =J28*0.2 -> 11190 | M28: =M29+M30+M31 -> 33100 | N28: =M28*0.8 -> 26480 | O28: =M28*0.2 -> 6620 | P28: =P29+P30+P31 -> 22850 | Q28: =P28*0.8 -> 18280 | R28: =P28*0.2 -> 4570
A29: 扑火物资储备 | B29: 规划新增各类扑火物资5万台（套、把）和45辆森林防火指挥车、56辆运兵车、112辆消防车。 | C29: 已购买风力灭火机、油锯、割灌机等基本灭火机具4448台，队员安全防护装备和野外生存装备3035套，运兵车、机具车、消防艇等防火车辆112辆。 | D29: 规划新增各类扑火物资4.2万台（套、把），规划新增运兵车、机具车、消防艇等防火车辆101辆。 | J29: 50000 | K29: =J29*0.8 -> 40000 | L29: =J29*0.2 -> 10000 | M29: 30000 | N29: =M29*0.8 -> 24000 | O29: =M29*0.2 -> 6000 | P29: =J29-M29 -> 20000 | Q29: =P29*0.8 -> 16000 | R29: =P29*0.2 -> 4000
A30: 物资储备库房建设 | B30: 规划期内改造、扩建现有的972座物资储备库 | D30: 规划期内改造、扩建现有的972座物资储备库 | I30: 未实施 能力提升工程中：共建设3处省级库，其中省中心库1处，面积为1500平方米，储备2000万元森林防火物资；省级分库2处，建设面积各500平方米，储备500万元森林防火物资。 | J30: 2950 | K30: =J30*0.8 -> 2360 | L30: =J30*0.2 -> 590 | M30: 1600 | N30: =M30*0.8 -> 1280 | O30: =M30*0.2 -> 320 | P30: =J30-M30 -> 1350 | Q30: =P30*0.8 -> 1080 | R30: =P30*0.2 -> 270
A31: 森林公安执法队伍装备建设 | B31: 规划全省增补配备73辆刑事勘察车和730套刑事勘查设备 | D31: 规划全省增补配备73辆刑事勘察车和730套刑事勘查设备 | I31: 未实施，是否应删除 | J31: 3000 | K31: =J31*0.8 -> 2400 | L31: =J31*0.2 -> 600 | M31: 1500 | N31: =M31*0.8 -> 1200 | O31: =M31*0.2 -> 300 | P31: =J31-M31 -> 1500 | Q31: =P31*0.8 -> 1200 | R31: =P31*0.2 -> 300
A32: 森林火灾抢险救援系统 | D32: ①扑火机具装备建设：高扬程灭火水泵182台，部署方式为6个重点火险市（安庆市、六安市、池州市、宣城市、黄山市、滁州市）各配置1台，34个一级火险县（市、区）各配3台，74个二级和三级火险县（市、区）各1台；新建102处蓄水池，部署方式为34个一级火险县（市、区）各新建3处；背负式卫星便携站6套，部署方式为6个重点火险市（安庆市、六安市、池州市、宣城市、黄山市、滁州市）各1套；卫星电话176台，部署方式为省级2台，16个市各配置2台，34个一级火险县（市、区）各配2台，74个二级和三级火险县（市、区）各1台；护林员5G巡护终端1436台，部署方式为16个市各配置1部终端，34个一级火险单位各配20部终端，74个二级和三级火险单位各10部。 | I32: 放森林消防装备能力建设 | S32: 6+N
A33: 森林防火物资储备中心建设 | D33: 共建设3处省级库，其中省中心库1处，面积为1500平方米，储备2000万元森林防火物资；省级分库2处，建设面积各500平方米，储备500万元森林防火物资。 | I33: 放森林消防装备能力建设 | S33: 能力提升
A34: 6、森林航空消防能力建设 | I34: 评估表中没有看到相关建设内容完成情况 | J34: =J35+J36+J37+J38 -> 27500 | K34: =K35+K36+K37+K38 -> 22000 | L34: =L35+L36+L37+L38 -> 5500 | M34: =M35+M36+M37+M38 -> 13750 | N34: =N35+N36+N37+N38 -> 11000 | O34: =O35+O36+O37+O38 -> 2750 | P34: =P35+P36+P37+P38 -> 13750 | Q34: =Q35+Q36+Q37+Q38 -> 11000 | R34: =R35+R36+R37+R38 -> 2750
A35: 森林航空消防机源 | B35: 规划防火期内每年租用2-4架森林防火航护直升机及机组人员开展航空护林工作 | D35: 规划防火期内每年租用2-4架森林防火航护直升机及机组人员开展航空护林工作 | J35: 15000 | K35: =J35*0.8 -> 12000 | L35: =J35*0.2 -> 3000 | M35: 7500 | N35: =M35*0.8 -> 6000 | O35: =M35*0.2 -> 1500 | P35: =J35-M35 -> 7500 | Q35: =P35*0.8 -> 6000 | R35: =P35*0.2 -> 1500
A36: 航站建设项目 | B36: 规划期内新建航空护林站（基地）2个（近期1个，远期1个），新建航空护林分基地5个（近期2个，远期3个） | D36: 规划期内新建航空护林站（基地）2个（近期1个，远期1个），新建航空护林分基地5个（近期2个，远期3个） | J36: 8500 | K36: =J36*0.8 -> 6800 | L36: =J36*0.2 -> 1700 | M36: 3750 | N36: =M36*0.8 -> 3000 | O36: =M36*0.2 -> 750 | P36: =J36-M36 -> 4750 | Q36: =P36*0.8 -> 3800 | R36: =P36*0.2 -> 950
A37: 火场侦察系统 | B37: 规划直升机为载体，加载激光红外光电吊舱，利用卫星通信等信息传输技术建立火场侦察系统 | D37: 规划直升机为载体，加载激光红外光电吊舱，利用卫星通信等信息传输技术建立火场侦察系统 | J37: 1000 | K37: =J37*0.8 -> 800 | L37: =J37*0.2 -> 200 | M37: 500 | N37: =M37*0.8 -> 400 | O37: =M37*0.2 -> 100 | P37: =J37-M37 -> 500 | Q37: =P37*0.8 -> 400 | R37: =P37*0.2 -> 100
A38: 森林防火无人机系统建设 | B38: 重点保护区新建18架中型森林防火无人机、50架小型无人机及附属航控设备。 | D38: 重点保护区新建18架中型森林防火无人机、50架小型无人机及附属航控设备。 | I38: 6+N系统可以完成该项任务，该项内容是否可以删除 | J38: 3000 | K38: =J38*0.8 -> 2400 | L38: =J38*0.2 -> 600 | M38: 2000 | N38: =M38*0.8 -> 1600 | O38: =M38*0.2 -> 400 | P38: =J38-M38 -> 1000 | Q38: =P38*0.8 -> 800 | R38: =P38*0.2 -> 200
A39: 7、林火阻隔系统建设 | C39: 1、工程阻隔带：完成1780.8公里，其中生土带456.8公里，防火线1324公里。 2、生物防火阻隔带：完成3003.93公里，其中林内1361.61公里，林缘1642.32公里。 3、阻隔网密度：2020年为3.6米/公顷。 | I39: 该项内容无法按建设任务分开，建议按照建设内容罗列，如果按照这个内容可以让各个地方再细化 | J39: =J40+J41+J42+J43 -> 38700 | K39: =K40+K41+K42+K43 -> 30960 | L39: =L40+L41+L42+L43 -> 7740 | M39: =M40+M41+M42+M43 -> 1900 | N39: =N40+N41+N42+N43 -> 1520 | O39: =O40+O41+O42+O43 -> 380 | P39: =P40+P41+P42+P43 -> 36800 | Q39: =Q40+Q41+Q42+Q43 -> 29440 | R39: =R40+R41+R42+R43 -> 7360
A40: 大别山森林防火重点区生物防火林带建设 | B40: 新建生物防火林带3000公里 | C40: 新建生物防火林带3000公里 | D40: 新建生物防火林带3000公里 | J40: 13500 | K40: =J40*0.8 -> 10800 | L40: =J40*0.2 -> 2700 | M40: 600 | N40: =M40*0.8 -> 480 | O40: =M40*0.2 -> 120 | P40: =J40-M40 -> 12900 | Q40: =P40*0.8 -> 10320 | R40: =P40*0.2 -> 2580
A41: 皖南森林防火重点区生物防火林带建设 | B41: 新建生物防火林带3600公里 | C41: 新建生物防火林带3600公里 | D41: 新建生物防火林带3600公里 | J41: 16200 | K41: =J41*0.8 -> 12960 | L41: =J41*0.2 -> 3240 | M41: 600 | N41: =M41*0.8 -> 480 | O41: =M41*0.2 -> 120 | P41: =J41-M41 -> 15600 | Q41: =P41*0.8 -> 12480 | R41: =P41*0.2 -> 3120
A42: 皖东森林防火重点区生物防火林带建设 | B42: 新建生物防火林带1000公里 | C42: 新建生物防火林带1000公里 | D42: 新建生物防火林带1000公里 | J42: 4500 | K42: =J42*0.8 -> 3600 | L42: =J42*0.2 -> 900 | M42: 400 | N42: =M42*0.8 -> 320 | O42: =M42*0.2 -> 80 | P42: =J42-M42 -> 4100 | Q42: =P42*0.8 -> 3280 | R42: =P42*0.2 -> 820
A43: 沿江森林防火重点区生物防火林带建设 | B43: 新建生物防火林带1000公里 | C43: 新建生物防火林带1000公里 | D43: 新建生物防火林带1000公里 | J43: 4500 | K43: =J43*0.8 -> 3600 | L43: =J43*0.2 -> 900 | M43: 300 | N43: =M43*0.8 -> 240 | O43: =M43*0.2 -> 60 | P43: =J43-M43 -> 4200 | Q43: =P43*0.8 -> 3360 | R43: =P43*0.2 -> 840
A44: 8、森林防火应急道路建设 | J44: =J45 -> 34000 | K44: =K45 -> 27200 | L44: =L45 -> 6800 | M44: =M45 -> 18000 | N44: =N45 -> 14400 | O44: =O45 -> 3600 | P44: =P45 -> 16000 | Q44: =Q45 -> 12800 | R44: =R45 -> 3200
A45: 森林防火应急道路建设项目建设 | B45: 本期规划在国有林场重点森林防火区域试点新建300公里防火应急道路建设，升级、改造防火应急道路500公里 | C45: 新建和升级改造防火应急道路1217.236公里，其中联通断头路182.8公里，升级改造集材废弃路和简易路1034.436公里。国有林区路网密度（林地面积）为2.7米/公顷，重点区域路网密度（林地面积）为1.24米/公顷。 | D45: 2025年规划国有林区路网密度（林地面积）为3.5米/公顷，重点区域路网密度（林地面积）为3.2米/公顷。 | J45: 34000 | K45: =J45*0.8 -> 27200 | L45: =J45*0.2 -> 6800 | M45: 18000 | N45: =M45*0.8 -> 14400 | O45: =M45*0.2 -> 3600 | P45: =J45-M45 -> 16000 | Q45: =P45*0.8 -> 12800 | R45: =P45*0.2 -> 3200
A46: 9、森林防火宣传教育系统建设 | J46: =J47 -> 32500 | K46: =K47 -> 0 | L46: =L47 -> 32500 | M46: =M47 -> 20000 | N46: =N47 -> 0 | O46: =O47 -> 20000 | P46: =P47 -> 12500 | Q46: =Q47 -> 0 | R46: =R47 -> 12500
A47: 宣教系统建设 | B47: 新增大型宣传牌2500块、中小型宣传牌10000、宣传印刷品1000000份、森林防火检查站350座，其它宣传设备若干 | D47: 新增大型宣传牌2500块、中小型宣传牌10000、宣传印刷品1000000份、森林防火检查站351座，其它宣传设备若干 | I47: 未实施还是没统计（国家没有） | J47: 32500 | L47: =J47 -> 32500 | M47: 20000 | O47: =M47 -> 20000 | P47: =J47-M47 -> 12500 | R47: =P47 -> 12500
A48: 10、重点保护区域森林防火建设 | J48: =J49+J50 -> 170000 | K48: =K49+K50 -> 136000 | L48: =L49+L50 -> 34000 | M48: =M49+M50 -> 88000 | N48: =N49+N50 -> 70400 | O48: =O49+O50 -> 17600 | P48: =P49+P50 -> 82000 | Q48: =Q49+Q50 -> 65600 | R48: =R49+R50 -> 16400
A49: 森林防火水网建设 | B49: 新建森林防火网1000公里，安装消防栓8000个，新建蓄水池5000个 | D49: 新建森林防火网1000公里，安装消防栓8000个，新建蓄水池5000个 | I49: 未实施还是没统计（国家没有） | J49: 165000 | K49: =J49*0.8 -> 132000 | L49: =J49*0.2 -> 33000 | M49: 85000 | N49: =M49*0.8 -> 68000 | O49: =M49*0.2 -> 17000 | P49: =J49-M49 -> 80000 | Q49: =P49*0.8 -> 64000 | R49: =P49*0.2 -> 16000
A50: 大型灭火装备建设 | B50: 购置50台（套）大型森林灭火装备 | D50: 购置50台（套）大型森林灭火装备 | I50: 未实施还是没统计（国家没有） | J50: 5000 | K50: =J50*0.8 -> 4000 | L50: =J50*0.2 -> 1000 | M50: 3000 | N50: =M50*0.8 -> 2400 | O50: =M50*0.2 -> 600 | P50: =J50-M50 -> 2000 | Q50: =P50*0.8 -> 1600 | R50: =P50*0.2 -> 400
A51: 11、安徽省“6+N”森林火灾领域应急系统建设
A52: 森林防火预警系统 | D52: ①无人机巡查系统：需配备6架固定翼及80架高性能六旋翼无人机、94架便携式四旋翼无人机。6台固定翼无人机部署为：6个重点火险市（安庆市、六安市、池州市、宣城市、黄山市、滁州市）各部署1架。80架六旋翼无人机部署为： 6个重点火险市（安庆市、六安市、池州市、宣城市、黄山市、滁州市）各部署2架，共12架；34个一级火险县（区、市）各部署2架，共68架。94架便携式四旋翼无人机部署为：除去6个重点火险市以外的10个市各部署2架，共20架；74个二级和三级火险县（区、市）各1架，共74架。 ②森林防火视频融合系统：维修县级视频监控点360个，新建视频融合系统1套，新建5202套视频监控点，在108个县（市、区）建立县级视频汇聚中心以及16个市级视频汇聚中心。 ③火情预警监测分析系统：新建1套火灾预警监测分析系统。 ④基于卫星遥感预警监测系统：新建1套基于卫星遥感预警监测系统。 ⑤林火预警推送服务系统：新建1套全省统一的林火预警推送服务系统。 | I52: 一期为32个Ⅰ级火险县及黄山、九华山风景区,，共新建野外视频监控点2554套。二期为24个Ⅱ级火险县、三期为50个Ⅲ级火险县。 建议书仅针对一期34个Ⅰ级火险县进行投资概算与建设（详见附件3），后续二期、三期根据要求逐年申报实施。 放森林火险预警监测系统
A53: 森林防火指挥调度系统 | D53: ①窄带集群呼叫系统：包括调度软件1套、手持终端设备253部。配置方式为省级3部、各市2部、108个森林火险县（市、区）各2部。 ②北斗应急通信系统：包括北斗应急指挥终端1台、北斗车载终端6台、北斗通信终端177台。配置方式为省级3台、16个市各配置2部终端，34个一级火险单位各配2部终端，74个二级和三级火险县（市、区）各1部。 ③卫星通信系统：由省级应急管理部门统一建设。 ④森林防火指挥调度中心：依托森林防火通信系统、全省林业大数据平台，充分利用内外部基础信息、业务信息，建设覆盖多级指挥中心的综合指挥调度平台，利用信息化手段提升森林防火监测、指挥管理能力，促进信息共享和资源整合。 | I53: 放森林防火信息处理系统
A54: 森林火灾抢险救援系统 | D54: ①扑火机具装备建设：高扬程灭火水泵182台，部署方式为6个重点火险市（安庆市、六安市、池州市、宣城市、黄山市、滁州市）各配置1台，34个一级火险县（市、区）各配3台，74个二级和三级火险县（市、区）各1台；新建102处蓄水池，部署方式为34个一级火险县（市、区）各新建3处；背负式卫星便携站6套，部署方式为6个重点火险市（安庆市、六安市、池州市、宣城市、黄山市、滁州市）各1套；卫星电话176台，部署方式为省级2台，16个市各配置2台，34个一级火险县（市、区）各配2台，74个二级和三级火险县（市、区）各1台；护林员5G巡护终端1436台，部署方式为16个市各配置1部终端，34个一级火险单位各配20部终端，74个二级和三级火险单位各10部。 | I54: 放森林消防装备能力建设
A55: 12、森林火灾应急救援能力建设提升工程
A56: 森林消防专业队伍建设 | D56: 森林消防专业队伍新增建设规模2107人，森林消防专业队伍营房新增建设规模119916平方米。训练场新增建设规模175500平方米。 | I56: 放森林消防队伍建设
A57: 森林防火救援基地建设 | D57: 森林防火救援基地规模按照200人专业森林消防队伍建设，共建营房面积4000平方米，训练场6000平方米。 | I57: 放森林消防队伍建设
A58: 森林防火物资储备中心建设 | D58: 共建设3处省级库，其中省中心库1处，面积为1500平方米，储备2000万元森林防火物资；省级分库2处，建设面积各500平方米，储备500万元森林防火物资。 | I58: 放森林消防装备能力建设

Sheet Sheet5
A1: 项目投资估算与资金筹措表
A2: 附表8
A3: 项目建设内容 | B3: 主要建设任务 | D3: 单位 | E3: 单价（元） | F3: 规模 | H3: 费用估算（万元） | K3: 备注
F4: 省 | G4: 县 | H4: 省 | I4: 县 | J4: 总
A5: 第一部分：工程费用 | H5: =H6+H14 -> 4900 | I5: =I6+I14 -> 54599.317 | J5: =J6+J14 -> 59499.317 | L5: =J5/$J$25*100 -> 91.575092 | M5: 91.58
A6: （一）基础设施建设费 | H6: =SUM(H7:H13) -> 1900 | I6: =SUM(I7:I13) -> 37554.84 | J6: =SUM(J7:J13) -> 39454.84
A7: 森林消防专业队伍建设 | B7: 营房 | D7: 平方米 | E7: 2400 | G7: ='[2]4森林消防队伍建设工程量一览表'!F6 -> 119916 | I7: =E7*G7/10000 -> 28779.84 | J7: =SUM(H7:I7) -> 28779.84
B8: 训练场 | D8: 平方米 | E8: 500 | G8: 175500 | I8: =E8*G8/10000 -> 8775 | J8: =SUM(H8:I8) -> 8775
A9: 森林防火救援基地建设 | B9: 营房 | D9: 平方米 | E9: 2500 | F9: ='[2]5森林防火救援基地建设工程量一览表'!C5 -> 4000 | H9: =E9*F9/10000 -> 1000 | J9: =SUM(H9:I9) -> 1000
B10: 训练场 | D10: 平方米 | E10: 600 | F10: ='[2]5森林防火救援基地建设工程量一览表'!D5 -> 6000 | H10: =E10*F10/10000 -> 360 | J10: =SUM(H10:I10) -> 360
A11: 森林防火物资储备中心建设 | B11: 省库 | D11: 平方米 | E11: 2200 | F11: ='[2]6森林防火物资储备中心工程量一览表'!E5 -> 1500 | H11: =E11*F11/10000 -> 330 | J11: =SUM(H11:I11) -> 330 | O11: 物资储备库 | P11: =E11*F11/10000 -> 330
B12: 省库分库1 | D12: 平方米 | E12: 2100 | F12: ='[2]6森林防火物资储备中心工程量一览表'!F5 -> 500 | H12: =E12*F12/10000 -> 105 | J12: =SUM(H12:I12) -> 105 | P12: =E12*F12/10000 -> 105
B13: 省库分库2 | D13: 平方米 | E13: 2100 | F13: ='[2]6森林防火物资储备中心工程量一览表'!G5 -> 500 | H13: =E13*F13/10000 -> 105 | J13: =SUM(H13:I13) -> 105 | P13: =E13*F13/10000 -> 105
A14: （二）设备购置费 | H14: =SUM(H15:H17) -> 3000 | I14: =SUM(I15:I17) -> 17044.477 | J14: =SUM(J15:J17) -> 20044.477 | P14: 800
A15: 森林消防专业队伍建设 | I15: ='[2]7项目主要设备清单'!E7 -> 17044.477 | J15: =SUM(H15:I15) -> 17044.477
A16: 森林防火救援基地建设 | J16: =SUM(H16:I16) -> 0
A17: 森林防火物资储备中心建设 | H17: ='[2]6森林防火物资储备中心工程量一览表'!D6 -> 3000 | J17: =SUM(H17:I17) -> 3000
B18: 第二部分：工程其他费用 | H18: =SUM(H19:H23) -> 196 | I18: =SUM(I19:I23) -> 2183.9727 | J18: =SUM(J19:J23) -> 2379.9727 | L18: =J18/$J$25*100 -> 3.6630037 | M18: 3.66
B19: 工程设计费 | H19: =H5*0.5/100 -> 24.5 | I19: =I5*0.5/100 -> 272.99658 | J19: =SUM(H19:I19) -> 297.49658 | K19: 包括项目建议书、可研报告、初步设计、建设期技术咨询等费用，按照工程费用的0.5%
B20: 建设单位管理费 | H20: =H5*0.015 -> 73.5 | I20: =I5*0.015 -> 818.98975 | J20: =SUM(H20:I20) -> 892.48975 | K20: 工程费用的1.5%
B21: 工程监理费 | H21: =H5*0.015 -> 73.5 | I21: =I5*0.015 -> 818.98975 | J21: =SUM(H21:I21) -> 892.48975 | K21: 工程费用的1.5%
B22: 消防工程设计备案 | J22: =SUM(H22:I22) -> 0
B23: 招投标费 | H23: =H5*0.005 -> 24.5 | I23: =I5*0.005 -> 272.99658 | J23: =SUM(H23:I23) -> 297.49658 | K23: 工程费用的0.5%
B24: 第三部分：预备费 | H24: =(H18+H5)*0.05 -> 254.8 | I24: =(I18+I5)*0.05 -> 2839.1645 | J24: =(J18+J5)*0.05 -> 3093.9645 | K24: 工程费用与工程建设其他费用之和的5.0% | L24: =J24/$J$25*100 -> 4.7619048 | M24: 4.76
B25: 总投资费用 | H25: =H5+H18+H24 -> 5350.8 | I25: =I5+I18+I24 -> 59622.454 | J25: =J5+J18+J24 -> 64973.254
C29: 建设内容 | F29: 单位 | G29: 规模
C30: （一）基础设施 | G30: 省 | H30: 县
D31: 人员配置 | F31: 人 | H31: 2107
C32: 森林消防专业队伍建设 | D32: 营房 | F32: 平方米 | H32: 118716
D33: 训练场 | F33: 平方米 | H33: 175500
C34: 应急救援基地建设 | D34: 营房 | F34: 平方米 | G34: 4000
D35: 训练场 | F35: 平方米 | G35: 6000
C36: 区域性物资储备中心建设 | D36: 省库 | F36: 平方米 | G36: 800
D37: 省库分库1 | F37: 平方米 | G37: 500
D38: 省库分库2 | F38: 平方米 | G38: 500
C39: （二）设备购置
C40: 森林消防专业队伍建设 | H40: 13780.39
C41: 森林火灾应急救援基地建设
C42: 区域性物资储备中心建设 | G42: 3500
C43: （三）人员培训 | F43: 人次 | G43: 400 | H43: 11700

Sheet Sheet9
A2: 表1 | N2: 各 类 土 地 面 积 统 计 表 | Y2: 单位：公顷、%
A4: 统计单位 | B4: 总 面积 | C4: 林地使用权 | D4: 森林类别 | G4: 林地 | AA4: 非林地 | AB4: 森林覆盖率 | AC4: 林木绿化率
E5: 合计 | G5: 有林地 | I5: 疏 林 地 | J5: 灌木林地 | O5: 未成林地 | Q5: 苗圃 地 | R5: 无立木林地 | V5: 宜林地 | Z5: 辅助生产林地
F6: 小计 | G6: 乔木林地 | H6: 竹林 地 | J6: 小计 | K6: 国家规定灌木林地 | M6: 其他灌木林地 | N6: 小计 | O6: 人工造林未成林地 | P6: 封育未成林地 | R6: 小计 | S6: 采伐迹地 | T6: 火烧迹地 | U6: 其他无立木林地 | V6: 小计 | W6: 宜林荒山荒地 | X6: 宜林沙荒地 | Y6: 其他宜林地
K7: 灌木经济林 | L7: 其他
A8: 1 | B8: 2 | C8: 3 | D8: 4 | E8: 5 | F8: 6 | G8: 7 | H8: 8 | I8: 9 | J8: 10 | K8: 11 | L8: 12 | M8: 13 | N8: 14 | O8: 15 | P8: 16 | Q8: 17 | R8: 18 | S8: 19 | T8: 20 | U8: 21 | V8: 22 | W8: 23 | X8: 24 | Y8: 25 | Z8: 26 | AA8: 27 | AB8: 28 | AC8: 29
A9: 安徽省 | B9: 14017229 | C9: 合计 | D9: 合计 | E9: 4962619.1 | F9: 4383415.6 | G9: 3990943.1 | H9: 392472.54 | I9: 11582.223 | J9: 210930.97 | K9: 106883.51 | L9: 23336.653 | M9: 80710.804 | N9: 220130.24 | O9: 219843.06 | P9: 287.1865 | Q9: 7947.9809 | R9: 87734.516 | S9: 55038.807 | T9: 5041.7946 | U9: 27653.914 | V9: 38726.544 | W9: 26220.173 | X9: 579.6206 | Y9: 11926.75 | Z9: 2150.9819 | AB9: =(F9+K9+L9)/B9 -> 0.32200629 | AE9: =E9-F9-I9-J9-N9-R9-V9-Z9-Q9 -> -2.8194336e-11 | AF9: =F9-G9-H9 -> 5.2386895e-10 | AG9: =J9-K9-L9-M9 -> 0 | AH9: =N9-O9-P9 -> 1.0686563e-11 | AI9: =R9-S9-T9-U9 -> 0 | AJ9: =V9-W9-X9-Y9 -> 0 | AK9: =E9-SUM(#REF!) -> #REF! | AL9: =F9-SUM(#REF!) -> #REF! | AM9: =G9-SUM(#REF!) -> #REF! | AN9: =H9-SUM(#REF!) -> #REF! | AO9: =I9-SUM(#REF!) -> #REF! | AP9: =J9-SUM(#REF!) -> #REF! | AQ9: =K9-SUM(#REF!) -> #REF! | AR9: =L9-SUM(#REF!) -> #REF! | ... BF9: =Z9-SUM(#REF!) -> #REF! | BG9: =E9-#REF!-#REF!-#REF!-#REF! -> #REF! | BH9: =F9-#REF!-#REF!-#REF!-#REF! -> #REF! | BI9: =G9-#REF!-#REF!-#REF!-#REF! -> #REF! | BJ9: =H9-#REF!-#REF!-#REF!-#REF! -> #REF! | BK9: =I9-#REF!-#REF!-#REF!-#REF! -> #REF! | BL9: =J9-#REF!-#REF!-#REF!-#REF! -> #REF! | BM9: =K9-#REF!-#REF!-#REF!-#REF! -> #REF! | BN9: =L9-#REF!-#REF!-#REF!-#REF! -> #REF! | ... CB9: =Z9-#REF!-#REF!-#REF!-#REF! -> #REF!
A10: 合肥市 | B10: 1143048.8 | C10: 合计 | D10: 合计 | E10: 189026.2 | F10: 160157.4 | G10: 157438.53 | H10: 2718.8634 | I10: 663.3694 | J10: 6115.9373 | K10: 1912.8528 | L10: 518.6067 | M10: 3684.4778 | N10: 12331.858 | O10: 12321.849 | P10: 10.0087 | Q10: 481.7141 | R10: 4960.1125 | S10: 849.3951 | T10: 155.6964 | U10: 3955.021 | V10: 4276.4555 | W10: 3332.7463 | X10: 3.7206 | Y10: 939.9886 | Z10: 39.3613 | AB10: =(F10+K10+L10)/B10 -> 0.1422414 | AE10: =E10-F10-I10-J10-N10-R10-V10-Z10-Q10 -> 1.4267698e-11 | AF10: =F10-G10-H10 -> 0 | AG10: =J10-K10-L10-M10 -> 0 | AH10: =N10-O10-P10 -> -1.5010215e-12 | AI10: =R10-S10-T10-U10 -> 0 | AJ10: =V10-W10-X10-Y10 -> 0 | AK10: =E10-SUM(E11:E15) -> 0 | AL10: =F10-SUM(F11:F15) -> 0 | AM10: =G10-SUM(G11:G15) -> 0 | AN10: =H10-SUM(H11:H15) -> 0 | AO10: =I10-SUM(I11:I15) -> 0 | AP10: =J10-SUM(J11:J15) -> 0 | AQ10: =K10-SUM(K11:K15) -> 0 | AR10: =L10-SUM(L11:L15) -> -9.094947e-13 | ... BF10: =Z10-SUM(Z11:Z15) -> 0 | BG10: =E10-E16-E22-E28-E34 -> 0 | BH10: =F10-F16-F22-F28-F34 -> 0 | BI10: =G10-G16-G22-G28-G34 -> 0 | BJ10: =H10-H16-H22-H28-H34 -> 0 | BK10: =I10-I16-I22-I28-I34 -> 0 | BL10: =J10-J16-J22-J28-J34 -> 0 | BM10: =K10-K16-K22-K28-K34 -> 0 | BN10: =L10-L16-L22-L28-L34 -> -9.3791641e-13 | ... CB10: =Z10-Z16-Z22-Z28-Z34 -> 0
D11: 国家级公益林 | E11: 22729.94 | F11: 21142.274 | G11: 20359.938 | H11: 782.3361 | I11: 149.0562 | J11: 863.1513 | K11: 0 | L11: 99.6022 | M11: 763.5491 | N11: 376.2277 | O11: 376.2277 | P11: 0 | Q11: 0 | R11: 199.2305 | S11: 199.2305 | T11: 0 | U11: 0 | V11: 0 | W11: 0 | X11: 0 | Y11: 0 | Z11: 0 | AE11: =E11-F11-I11-J11-N11-R11-V11-Z11-Q11 -> 1.3642421e-12 | AF11: =F11-G11-H11 -> 0 | AG11: =J11-K11-L11-M11 -> 0 | AH11: =N11-O11-P11 -> 0 | AI11: =R11-S11-T11-U11 -> 0 | AJ11: =V11-W11-X11-Y11 -> 0
D12: 省级公益林 | E12: 6035.2553 | F12: 4932.7867 | G12: 4538.0209 | H12: 394.7658 | I12: 9.0894 | J12: 609.9774 | K12: 0 | L12: 77.2937 | M12: 532.6837 | N12: 182.5677 | O12: 182.5677 | P12: 0 | Q12: 3.5169 | R12: 149.6052 | S12: 126.3623 | T12: 0 | U12: 23.2429 | V12: 145.9869 | W12: 137.2107 | X12: 0.9293 | Y12: 7.8469 | Z12: 1.7251 | AE12: =E12-F12-I12-J12-N12-R12-V12-Z12-Q12 -> 1.0347279e-13 | AF12: =F12-G12-H12 -> -7.9580786e-13 | AG12: =J12-K12-L12-M12 -> 0 | AH12: =N12-O12-P12 -> 0 | AI12: =R12-S12-T12-U12 -> 0 | AJ12: =V12-W12-X12-Y12 -> -1.0658141e-14
D13: 其他公益林 | E13: 14281.261 | F13: 13974.73 | G13: 13946.083 | H13: 28.6475 | I13: 2.1868 | J13: 90.1417 | K13: 0 | L13: 25.1434 | M13: 64.9983 | N13: 71.7296 | O13: 71.7296 | P13: 0 | Q13: 0 | R13: 142.4729 | S13: 89.799 | T13: 0.4283 | U13: 52.2456 | V13: 0 | W13: 0 | X13: 0 | Y13: 0 | Z13: 0 | AE13: =E13-F13-I13-J13-N13-R13-V13-Z13-Q13 -> -9.9475983e-13 | AF13: =F13-G13-H13 -> 9.4502184e-13 | AG13: =J13-K13-L13-M13 -> 0 | AH13: =N13-O13-P13 -> 0 | AI13: =R13-S13-T13-U13 -> 0 | AJ13: =V13-W13-X13-Y13 -> 0
D14: 重点商品林 | E14: 12069.595 | F14: 11731.572 | G14: 11171.654 | H14: 559.9184 | I14: 113.6619 | J14: 28.1799 | K14: 1.4143 | L14: 1.641 | M14: 25.1246 | N14: 81.563 | O14: 81.563 | P14: 0 | Q14: 5.7477 | R14: 44.444 | S14: 43.5027 | T14: 0 | U14: 0.9413 | V14: 64.2414 | W14: 64.2414 | X14: 0 | Y14: 0 | Z14: 0.1849 | AE14: =E14-F14-I14-J14-N14-R14-V14-Z14-Q14 -> 6.3327121e-13 | AF14: =F14-G14-H14 -> 0 | AG14: =J14-K14-L14-M14 -> 0 | AH14: =N14-O14-P14 -> 0 | AI14: =R14-S14-T14-U14 -> 5.3290705e-15 | AJ14: =V14-W14-X14-Y14 -> 0
D15: 一般商品林 | E15: 133910.15 | F15: 108376.03 | G15: 107422.84 | H15: 953.1956 | I15: 389.3751 | J15: 4524.487 | K15: 1911.4385 | L15: 314.9264 | M15: 2298.1221 | N15: 11619.77 | O15: 11609.761 | P15: 10.0087 | Q15: 472.4495 | R15: 4424.3599 | S15: 390.5006 | T15: 155.2681 | U15: 3878.5912 | V15: 4066.2272 | W15: 3131.2942 | X15: 2.7913 | Y15: 932.1417 | Z15: 37.4513 | AE15: =E15-F15-I15-J15-N15-R15-V15-Z15-Q15 -> 1.3528734e-11 | AF15: =F15-G15-H15 -> 6.3664629e-12 | AG15: =J15-K15-L15-M15 -> 0 | AH15: =N15-O15-P15 -> 3.1796787e-13 | AI15: =R15-S15-T15-U15 -> 0 | AJ15: =V15-W15-X15-Y15 -> 0
C16: 国有 | D16: 合计 | E16: 10433.153 | F16: 9996.5748 | G16: 9971.8898 | H16: 24.685 | I16: 53.9967 | J16: 22.9183 | K16: 1.4472 | L16: 0 | M16: 21.4711 | N16: 99.4902 | O16: 99.4902 | P16: 0 | Q16: 206.3357 | R16: 23.4904 | S16: 18.4821 | T16: 0 | U16: 5.0083 | V16: 21.5591 | W16: 1.8278 | X16: 0 | Y16: 19.7313 | Z16: 8.7881 | AE16: =E16-F16-I16-J16-N16-R16-V16-Z16-Q16 -> -3.6948222e-13 | AF16: =F16-G16-H16 -> -5.0803806e-13 | AG16: =J16-K16-L16-M16 -> 0 | AH16: =N16-O16-P16 -> 0 | AI16: =R16-S16-T16-U16 -> 0 | AJ16: =V16-W16-X16-Y16 -> 0 | AK16: =E16-SUM(E17:E21) -> 0 | AL16: =F16-SUM(F17:F21) -> 0 | AM16: =G16-SUM(G17:G21) -> 0 | AN16: =H16-SUM(H17:H21) -> 0 | AO16: =I16-SUM(I17:I21) -> 0 | AP16: =J16-SUM(J17:J21) -> 0 | AQ16: =K16-SUM(K17:K21) -> 0 | AR16: =L16-SUM(L17:L21) -> 0 | ... BF16: =Z16-SUM(Z17:Z21) -> 0
D17: 国家级公益林 | E17: 1554.2265 | F17: 1453.9386 | G17: 1447.472 | H17: 6.4666 | I17: 53.8446 | J17: 21.4711 | K17: 0 | L17: 0 | M17: 21.4711 | N17: 16.3131 | O17: 16.3131 | P17: 0 | Q17: 0 | R17: 8.6591 | S17: 8.6591 | T17: 0 | U17: 0 | V17: 0 | W17: 0 | X17: 0 | Y17: 0 | Z17: 0 | AE17: =E17-F17-I17-J17-N17-R17-V17-Z17-Q17 -> 3.7303494e-14 | AF17: =F17-G17-H17 -> -2.8421709e-14 | AG17: =J17-K17-L17-M17 -> 0 | AH17: =N17-O17-P17 -> 0 | AI17: =R17-S17-T17-U17 -> 0 | AJ17: =V17-W17-X17-Y17 -> 0
D18: 省级公益林 | E18: 1034.3745 | F18: 1034.2665 | G18: 1034.2665 | H18: 0 | I18: 0 | J18: 0 | K18: 0 | L18: 0 | M18: 0 | N18: 0 | O18: 0 | P18: 0 | Q18: 0 | R18: 0.108 | S18: 0 | T18: 0 | U18: 0.108 | V18: 0 | W18: 0 | X18: 0 | Y18: 0 | Z18: 0 | AE18: =E18-F18-I18-J18-N18-R18-V18-Z18-Q18 -> -5.2749471e-14 | AF18: =F18-G18-H18 -> 0 | AG18: =J18-K18-L18-M18 -> 0 | AH18: =N18-O18-P18 -> 0 | AI18: =R18-S18-T18-U18 -> 0 | AJ18: =V18-W18-X18-Y18 -> 0
D19: 其他公益林 | E19: 0 | F19: 0 | G19: 0 | H19: 0 | I19: 0 | J19: 0 | K19: 0 | L19: 0 | M19: 0 | N19: 0 | O19: 0 | P19: 0 | Q19: 0 | R19: 0 | S19: 0 | T19: 0 | U19: 0 | V19: 0 | W19: 0 | X19: 0 | Y19: 0 | Z19: 0 | AE19: =E19-F19-I19-J19-N19-R19-V19-Z19-Q19 -> 0 | AF19: =F19-G19-H19 -> 0 | AG19: =J19-K19-L19-M19 -> 0 | AH19: =N19-O19-P19 -> 0 | AI19: =R19-S19-T19-U19 -> 0 | AJ19: =V19-W19-X19-Y19 -> 0
D20: 重点商品林 | E20: 161.1686 | F20: 159.9603 | G20: 158.6439 | H20: 1.3164 | I20: 0 | J20: 0 | K20: 0 | L20: 0 | M20: 0 | N20: 0 | O20: 0 | P20: 0 | Q20: 0 | R20: 1.2083 | S20: 1.2083 | T20: 0 | U20: 0 | V20: 0 | W20: 0 | X20: 0 | Y20: 0 | Z20: 0 | AE20: =E20-F20-I20-J20-N20-R20-V20-Z20-Q20 -> 8.437695e-15 | AF20: =F20-G20-H20 -> -1.2656542e-14 | AG20: =J20-K20-L20-M20 -> 0 | AH20: =N20-O20-P20 -> 0 | AI20: =R20-S20-T20-U20 -> 0 | AJ20: =V20-W20-X20-Y20 -> 0
D21: 一般商品林 | E21: 7683.3837 | F21: 7348.4094 | G21: 7331.5074 | H21: 16.902 | I21: 0.1521 | J21: 1.4472 | K21: 1.4472 | L21: 0 | M21: 0 | N21: 83.1771 | O21: 83.1771 | P21: 0 | Q21: 206.3357 | R21: 13.515 | S21: 8.6147 | T21: 0 | U21: 4.9003 | V21: 21.5591 | W21: 1.8278 | X21: 0 | Y21: 19.7313 | Z21: 8.7881 | AE21: =E21-F21-I21-J21-N21-R21-V21-Z21-Q21 -> 7.6738615e-13 | AF21: =F21-G21-H21 -> -8.6686214e-13 | AG21: =J21-K21-L21-M21 -> 0 | AH21: =N21-O21-P21 -> 0 | AI21: =R21-S21-T21-U21 -> 0 | AJ21: =V21-W21-X21-Y21 -> 0
C22: 集体 | D22: 合计 | E22: 100043.57 | F22: 82383.12 | G22: 81317.627 | H22: 1065.4932 | I22: 356.5344 | J22: 3233.8558 | K22: 900.1771 | L22: 331.9555 | M22: 2001.7232 | N22: 8678.8347 | O22: 8678.8347 | P22: 0 | Q22: 124.7337 | R22: 1441.2281 | S22: 392.6673 | T22: 154.7841 | U22: 893.7767 | V22: 3795.283 | W22: 2878.8641 | X22: 3.7206 | Y22: 912.6983 | Z22: 29.9771 | AE22: =E22-F22-I22-J22-N22-R22-V22-Z22-Q22 -> 5.7411853e-12 | AF22: =F22-G22-H22 -> -2.7284841e-12 | AG22: =J22-K22-L22-M22 -> 0 | AH22: =N22-O22-P22 -> 0 | AI22: =R22-S22-T22-U22 -> 0 | AJ22: =V22-W22-X22-Y22 -> 0 | AK22: =E22-SUM(E23:E27) -> 0 | AL22: =F22-SUM(F23:F27) -> 0 | AM22: =G22-SUM(G23:G27) -> 0 | AN22: =H22-SUM(H23:H27) -> 0 | AO22: =I22-SUM(I23:I27) -> 0 | AP22: =J22-SUM(J23:J27) -> 0 | AQ22: =K22-SUM(K23:K27) -> 0 | AR22: =L22-SUM(L23:L27) -> 0 | ... BF22: =Z22-SUM(Z23:Z27) -> 0
D23: 国家级公益林 | E23: 10814.679 | F23: 9886.7202 | G23: 9711.5705 | H23: 175.1497 | I23: 77.8241 | J23: 558.3603 | K23: 0 | L23: 66.8662 | M23: 491.4941 | N23: 280.7765 | O23: 280.7765 | P23: 0 | Q23: 0 | R23: 10.9976 | S23: 10.9976 | T23: 0 | U23: 0 | V23: 0 | W23: 0 | X23: 0 | Y23: 0 | Z23: 0 | AE23: =E23-F23-I23-J23-N23-R23-V23-Z23-Q23 -> 5.4534155e-13 | AF23: =F23-G23-H23 -> 0 | AG23: =J23-K23-L23-M23 -> 0 | AH23: =N23-O23-P23 -> 0 | AI23: =R23-S23-T23-U23 -> 0 | AJ23: =V23-W23-X23-Y23 -> 0
D24: 省级公益林 | E24: 3687.647 | F24: 2951.9094 | G24: 2710.2515 | H24: 241.6579 | I24: 3.3738 | J24: 485.7899 | K24: 0 | L24: 72.2127 | M24: 413.5772 | N24: 125.9963 | O24: 125.9963 | P24: 0 | Q24: 3.5169 | R24: 30.6344 | S24: 11.3253 | T24: 0 | U24: 19.3091 | V24: 84.8415 | W24: 76.8154 | X24: 0.9293 | Y24: 7.0968 | Z24: 1.5848 | AE24: =E24-F24-I24-J24-N24-R24-V24-Z24-Q24 -> -2.0428104e-14 | AF24: =F24-G24-H24 -> 0 | AG24: =J24-K24-L24-M24 -> 0 | AH24: =N24-O24-P24 -> 0 | AI24: =R24-S24-T24-U24 -> 0 | AJ24: =V24-W24-X24-Y24 -> 0
D25: 其他公益林 | E25: 9646.1159 | F25: 9404.5478 | G25: 9404.2693 | H25: 0.2785 | I25: 0 | J25: 63.3432 | K25: 0 | L25: 1.0555 | M25: 62.2877 | N25: 56.7424 | O25: 56.7424 | P25: 0 | Q25: 0 | R25: 121.4825 | S25: 78.7539 | T25: 0 | U25: 42.7286 | V25: 0 | W25: 0 | X25: 0 | Y25: 0 | Z25: 0 | AE25: =E25-F25-I25-J25-N25-R25-V25-Z25-Q25 -> 4.1211479e-13 | AF25: =F25-G25-H25 -> 3.4922065e-13 | AG25: =J25-K25-L25-M25 -> 0 | AH25: =N25-O25-P25 -> 0 | AI25: =R25-S25-T25-U25 -> 0 | AJ25: =V25-W25-X25-Y25 -> 0
D26: 重点商品林 | E26: 2331.8497 | F26: 2272.8948 | G26: 2163.8762 | H26: 109.0186 | I26: 1.6721 | J26: 5.7769 | K26: 0 | L26: 0 | M26: 5.7769 | N26: 14.7767 | O26: 14.7767 | P26: 0 | Q26: 5.7477 | R26: 13.492 | S26: 13.492 | T26: 0 | U26: 0 | V26: 17.4895 | W26: 17.4895 | X26: 0 | Y26: 0 | Z26: 0 | AE26: =E26-F26-I26-J26-N26-R26-V26-Z26-Q26 -> 1.8296475e-13 | AF26: =F26-G26-H26 -> -1.2789769e-13 | AG26: =J26-K26-L26-M26 -> 0 | AH26: =N26-O26-P26 -> 0 | AI26: =R26-S26-T26-U26 -> 0 | AJ26: =V26-W26-X26-Y26 -> 0
D27: 一般商品林 | E27: 73563.276 | F27: 57867.048 | G27: 57327.66 | H27: 539.3885 | I27: 273.6644 | J27: 2120.5855 | K27: 900.1771 | L27: 191.8211 | M27: 1028.5873 | N27: 8200.5428 | O27: 8200.5428 | P27: 0 | Q27: 115.4691 | R27: 1264.6216 | S27: 278.0985 | T27: 154.7841 | U27: 831.739 | V27: 3692.952 | W27: 2784.5592 | X27: 2.7913 | Y27: 905.6015 | Z27: 28.3923 | AE27: =E27-F27-I27-J27-N27-R27-V27-Z27-Q27 -> -2.5011104e-12 | AF27: =F27-G27-H27 -> 9.094947e-13 | AG27: =J27-K27-L27-M27 -> 0 | AH27: =N27-O27-P27 -> 0 | AI27: =R27-S27-T27-U27 -> 0 | AJ27: =V27-W27-X27-Y27 -> 0
C28: 个人 | D28: 合计 | E28: 78549.483 | F28: 67777.701 | G28: 66149.016 | H28: 1628.6852 | I28: 252.8383 | J28: 2859.1632 | K28: 1011.2285 | L28: 186.6512 | M28: 1661.2835 | N28: 3553.5327 | O28: 3543.524 | P28: 10.0087 | Q28: 150.6447 | R28: 3495.394 | S28: 438.2457 | T28: 0.9123 | U28: 3056.236 | V28: 459.6134 | W28: 452.0544 | X28: 0 | Y28: 7.559 | Z28: 0.5961 | AE28: =E28-F28-I28-J28-N28-R28-V28-Z28-Q28 -> 6.5654149e-12 | AF28: =F28-G28-H28 -> 7.2759576e-12 | AG28: =J28-K28-L28-M28 -> 0 | AH28: =N28-O28-P28 -> 3.1796787e-13 | AI28: =R28-S28-T28-U28 -> 0 | AJ28: =V28-W28-X28-Y28 -> 2.5757174e-14 | AK28: =E28-SUM(E29:E33) -> 0 | AL28: =F28-SUM(F29:F33) -> 0 | AM28: =G28-SUM(G29:G33) -> 0 | AN28: =H28-SUM(H29:H33) -> 0 | AO28: =I28-SUM(I29:I33) -> 0 | AP28: =J28-SUM(J29:J33) -> 0 | AQ28: =K28-SUM(K29:K33) -> 0 | AR28: =L28-SUM(L29:L33) -> 0 | ... BF28: =Z28-SUM(Z29:Z33) -> 0
D29: 国家级公益林 | E29: 10361.034 | F29: 9801.6151 | G29: 9200.8953 | H29: 600.7198 | I29: 17.3875 | J29: 283.3199 | K29: 0 | L29: 32.736 | M29: 250.5839 | N29: 79.1381 | O29: 79.1381 | P29: 0 | Q29: 0 | R29: 179.5738 | S29: 179.5738 | T29: 0 | U29: 0 | V29: 0 | W29: 0 | X29: 0 | Y29: 0 | Z29: 0 | AE29: =E29-F29-I29-J29-N29-R29-V29-Z29-Q29 -> -5.1159077e-13 | AF29: =F29-G29-H29 -> 0 | AG29: =J29-K29-L29-M29 -> 0 | AH29: =N29-O29-P29 -> 0 | AI29: =R29-S29-T29-U29 -> 0 | AJ29: =V29-W29-X29-Y29 -> 0
D30: 省级公益林 | E30: 1313.2338 | F30: 946.6108 | G30: 793.5029 | H30: 153.1079 | I30: 5.7156 | J30: 124.1875 | K30: 0 | L30: 5.081 | M30: 119.1065 | N30: 56.5714 | O30: 56.5714 | P30: 0 | Q30: 0 | R30: 118.8628 | S30: 115.037 | T30: 0 | U30: 3.8258 | V30: 61.1454 | W30: 60.3953 | X30: 0 | Y30: 0.7501 | Z30: 0.1403 | AE30: =E30-F30-I30-J30-N30-R30-V30-Z30-Q30 -> -3.9218628e-14 | AF30: =F30-G30-H30 -> 0 | AG30: =J30-K30-L30-M30 -> 0 | AH30: =N30-O30-P30 -> 0 | AI30: =R30-S30-T30-U30 -> -1.3322676e-14 | AJ30: =V30-W30-X30-Y30 -> 3.3306691e-15
D31: 其他公益林 | E31: 4635.1452 | F31: 4570.1823 | G31: 4541.8133 | H31: 28.369 | I31: 2.1868 | J31: 26.7985 | K31: 0 | L31: 24.0879 | M31: 2.7106 | N31: 14.9872 | O31: 14.9872 | P31: 0 | Q31: 0 | R31: 20.9904 | S31: 11.0451 | T31: 0.4283 | U31: 9.517 | V31: 0 | W31: 0 | X31: 0 | Y31: 0 | Z31: 0 | AE31: =E31-F31-I31-J31-N31-R31-V31-Z31-Q31 -> -4.6185278e-13 | AF31: =F31-G31-H31 -> 5.968559e-13 | AG31: =J31-K31-L31-M31 -> 0 | AH31: =N31-O31-P31 -> 0 | AI31: =R31-S31-T31-U31 -> 0 | AJ31: =V31-W31-X31-Y31 -> 0
D32: 重点商品林 | E32: 9576.5768 | F32: 9298.7172 | G32: 8849.1338 | H32: 449.5834 | I32: 111.9898 | J32: 22.403 | K32: 1.4143 | L32: 1.641 | M32: 19.3477 | N32: 66.7863 | O32: 66.7863 | P32: 0 | Q32: 0 | R32: 29.7437 | S32: 28.8024 | T32: 0 | U32: 0.9413 | V32: 46.7519 | W32: 46.7519 | X32: 0 | Y32: 0 | Z32: 0.1849 | AE32: =E32-F32-I32-J32-N32-R32-V32-Z32-Q32 -> 1.5976664e-12 | AF32: =F32-G32-H32 -> -4.5474735e-13 | AG32: =J32-K32-L32-M32 -> 0 | AH32: =N32-O32-P32 -> 0 | AI32: =R32-S32-T32-U32 -> 1.7763568e-15 | AJ32: =V32-W32-X32-Y32 -> 0
D33: 一般商品林 | E33: 52663.493 | F33: 43160.576 | G33: 42763.671 | H33: 396.9051 | I33: 115.5586 | J33: 2402.4543 | K33: 1009.8142 | L33: 123.1053 | M33: 1269.5348 | N33: 3336.0497 | O33: 3326.041 | P33: 10.0087 | Q33: 150.6447 | R33: 3146.2233 | S33: 103.7874 | T33: 0.484 | U33: 3041.9519 | V33: 351.7161 | W33: 344.9072 | X33: 0 | Y33: 6.8089 | Z33: 0.2709 | AE33: =E33-F33-I33-J33-N33-R33-V33-Z33-Q33 -> 1.0828671e-11 | AF33: =F33-G33-H33 -> -3.6948222e-12 | AG33: =J33-K33-L33-M33 -> 0 | AH33: =N33-O33-P33 -> -1.3677948e-13 | AI33: =R33-S33-T33-U33 -> 0 | AJ33: =V33-W33-X33-Y33 -> 0
C34: 其他 | D34: 合计 | E34: 0 | F34: 0 | G34: 0 | H34: 0 | I34: 0 | J34: 0 | K34: 0 | L34: 0 | M34: 0 | N34: 0 | O34: 0 | P34: 0 | Q34: 0 | R34: 0 | S34: 0 | T34: 0 | U34: 0 | V34: 0 | W34: 0 | X34: 0 | Y34: 0 | Z34: 0 | AE34: =E34-F34-I34-J34-N34-R34-V34-Z34-Q34 -> 0 | AF34: =F34-G34-H34 -> 0 | AG34: =J34-K34-L34-M34 -> 0 | AH34: =N34-O34-P34 -> 0 | AI34: =R34-S34-T34-U34 -> 0 | AJ34: =V34-W34-X34-Y34 -> 0 | AK34: =E34-SUM(E35:E39) -> 0 | AL34: =F34-SUM(F35:F39) -> 0 | AM34: =G34-SUM(G35:G39) -> 0 | AN34: =H34-SUM(H35:H39) -> 0 | AO34: =I34-SUM(I35:I39) -> 0 | AP34: =J34-SUM(J35:J39) -> 0 | AQ34: =K34-SUM(K35:K39) -> 0 | AR34: =L34-SUM(L35:L39) -> 0 | ... BF34: =Z34-SUM(Z35:Z39) -> 0
D35: 国家级公益林 | E35: 0 | F35: 0 | G35: 0 | H35: 0 | I35: 0 | J35: 0 | K35: 0 | L35: 0 | M35: 0 | N35: 0 | O35: 0 | P35: 0 | Q35: 0 | R35: 0 | S35: 0 | T35: 0 | U35: 0 | V35: 0 | W35: 0 | X35: 0 | Y35: 0 | Z35: 0 | AE35: =E35-F35-I35-J35-N35-R35-V35-Z35-Q35 -> 0 | AF35: =F35-G35-H35 -> 0 | AG35: =J35-K35-L35-M35 -> 0 | AH35: =N35-O35-P35 -> 0 | AI35: =R35-S35-T35-U35 -> 0 | AJ35: =V35-W35-X35-Y35 -> 0
D36: 省级公益林 | E36: 0 | F36: 0 | G36: 0 | H36: 0 | I36: 0 | J36: 0 | K36: 0 | L36: 0 | M36: 0 | N36: 0 | O36: 0 | P36: 0 | Q36: 0 | R36: 0 | S36: 0 | T36: 0 | U36: 0 | V36: 0 | W36: 0 | X36: 0 | Y36: 0 | Z36: 0 | AE36: =E36-F36-I36-J36-N36-R36-V36-Z36-Q36 -> 0 | AF36: =F36-G36-H36 -> 0 | AG36: =J36-K36-L36-M36 -> 0 | AH36: =N36-O36-P36 -> 0 | AI36: =R36-S36-T36-U36 -> 0 | AJ36: =V36-W36-X36-Y36 -> 0
D37: 其他公益林 | E37: 0 | F37: 0 | G37: 0 | H37: 0 | I37: 0 | J37: 0 | K37: 0 | L37: 0 | M37: 0 | N37: 0 | O37: 0 | P37: 0 | Q37: 0 | R37: 0 | S37: 0 | T37: 0 | U37: 0 | V37: 0 | W37: 0 | X37: 0 | Y37: 0 | Z37: 0 | AE37: =E37-F37-I37-J37-N37-R37-V37-Z37-Q37 -> 0 | AF37: =F37-G37-H37 -> 0 | AG37: =J37-K37-L37-M37 -> 0 | AH37: =N37-O37-P37 -> 0 | AI37: =R37-S37-T37-U37 -> 0 | AJ37: =V37-W37-X37-Y37 -> 0
D38: 重点商品林 | E38: 0 | F38: 0 | G38: 0 | H38: 0 | I38: 0 | J38: 0 | K38: 0 | L38: 0 | M38: 0 | N38: 0 | O38: 0 | P38: 0 | Q38: 0 | R38: 0 | S38: 0 | T38: 0 | U38: 0 | V38: 0 | W38: 0 | X38: 0 | Y38: 0 | Z38: 0 | AE38: =E38-F38-I38-J38-N38-R38-V38-Z38-Q38 -> 0 | AF38: =F38-G38-H38 -> 0 | AG38: =J38-K38-L38-M38 -> 0 | AH38: =N38-O38-P38 -> 0 | AI38: =R38-S38-T38-U38 -> 0 | AJ38: =V38-W38-X38-Y38 -> 0
D39: 一般商品林 | E39: 0 | F39: 0 | G39: 0 | H39: 0 | I39: 0 | J39: 0 | K39: 0 | L39: 0 | M39: 0 | N39: 0 | O39: 0 | P39: 0 | Q39: 0 | R39: 0 | S39: 0 | T39: 0 | U39: 0 | V39: 0 | W39: 0 | X39: 0 | Y39: 0 | Z39: 0 | AE39: =E39-F39-I39-J39-N39-R39-V39-Z39-Q39 -> 0 | AF39: =F39-G39-H39 -> 0 | AG39: =J39-K39-L39-M39 -> 0 | AH39: =N39-O39-P39 -> 0 | AI39: =R39-S39-T39-U39 -> 0 | AJ39: =V39-W39-X39-Y39 -> 0
A40: 瑶海区 | B40: 22126.644 | C40: 合计 | D40: 合计 | E40: 2782.2191 | F40: 2732.1001 | G40: 2732.1001 | H40: 0 | I40: 0 | J40: 0 | K40: 0 | L40: 0 | M40: 0 | N40: 47.0654 | O40: 47.0654 | P40: 0 | Q40: 0 | R40: 3.0536 | S40: 0.9698 | T40: 0 | U40: 2.0838 | V40: 0 | W40: 0 | X40: 0 | Y40: 0 | Z40: 0 | AB40: =(F40+K40+L40)/B40 -> 0.12347558 | AE40: =E40-F40-I40-J40-N40-R40-V40-Z40-Q40 -> -3.0953018e-13 | AF40: =F40-G40-H40 -> 0 | AG40: =J40-K40-L40-M40 -> 0 | AH40: =N40-O40-P40 -> 0 | AI40: =R40-S40-T40-U40 -> 0 | AJ40: =V40-W40-X40-Y40 -> 0 | AK40: =E40-SUM(E41:E45) -> 0 | AL40: =F40-SUM(F41:F45) -> 0 | AM40: =G40-SUM(G41:G45) -> 0 | AN40: =H40-SUM(H41:H45) -> 0 | AO40: =I40-SUM(I41:I45) -> 0 | AP40: =J40-SUM(J41:J45) -> 0 | AQ40: =K40-SUM(K41:K45) -> 0 | AR40: =L40-SUM(L41:L45) -> 0 | ... BF40: =Z40-SUM(Z41:Z45) -> 0 | BG40: =E40-E46-E52-E58-E64 -> 0 | BH40: =F40-F46-F52-F58-F64 -> 0 | BI40: =G40-G46-G52-G58-G64 -> 0 | BJ40: =H40-H46-H52-H58-H64 -> 0 | BK40: =I40-I46-I52-I58-I64 -> 0 | BL40: =J40-J46-J52-J58-J64 -> 0 | BM40: =K40-K46-K52-K58-K64 -> 0 | BN40: =L40-L46-L52-L58-L64 -> 0 | ... CB40: =Z40-Z46-Z52-Z58-Z64 -> 0
D41: 国家级公益林 | E41: 0 | F41: 0 | G41: 0 | H41: 0 | I41: 0 | J41: 0 | K41: 0 | L41: 0 | M41: 0 | N41: 0 | O41: 0 | P41: 0 | Q41: 0 | R41: 0 | S41: 0 | T41: 0 | U41: 0 | V41: 0 | W41: 0 | X41: 0 | Y41: 0 | Z41: 0 | AE41: =E41-F41-I41-J41-N41-R41-V41-Z41-Q41 -> 0 | AF41: =F41-G41-H41 -> 0 | AG41: =J41-K41-L41-M41 -> 0 | AH41: =N41-O41-P41 -> 0 | AI41: =R41-S41-T41-U41 -> 0 | AJ41: =V41-W41-X41-Y41 -> 0
D42: 省级公益林 | E42: 0 | F42: 0 | G42: 0 | H42: 0 | I42: 0 | J42: 0 | K42: 0 | L42: 0 | M42: 0 | N42: 0 | O42: 0 | P42: 0 | Q42: 0 | R42: 0 | S42: 0 | T42: 0 | U42: 0 | V42: 0 | W42: 0 | X42: 0 | Y42: 0 | Z42: 0 | AE42: =E42-F42-I42-J42-N42-R42-V42-Z42-Q42 -> 0 | AF42: =F42-G42-H42 -> 0 | AG42: =J42-K42-L42-M42 -> 0 | AH42: =N42-O42-P42 -> 0 | AI42: =R42-S42-T42-U42 -> 0 | AJ42: =V42-W42-X42-Y42 -> 0
D43: 其他公益林 | E43: 1484.1696 | F43: 1477.2493 | G43: 1477.2493 | H43: 0 | I43: 0 | J43: 0 | K43: 0 | L43: 0 | M43: 0 | N43: 5.4335 | O43: 5.4335 | P43: 0 | Q43: 0 | R43: 1.4868 | S43: 0.9698 | T43: 0 | U43: 0.517 | V43: 0 | W43: 0 | X43: 0 | Y43: 0 | Z43: 0 | AE43: =E43-F43-I43-J43-N43-R43-V43-Z43-Q43 -> -2.8865799e-15 | AF43: =F43-G43-H43 -> 0 | AG43: =J43-K43-L43-M43 -> 0 | AH43: =N43-O43-P43 -> 0 | AI43: =R43-S43-T43-U43 -> 0 | AJ43: =V43-W43-X43-Y43 -> 0
D44: 重点商品林 | E44: 0 | F44: 0 | G44: 0 | H44: 0 | I44: 0 | J44: 0 | K44: 0 | L44: 0 | M44: 0 | N44: 0 | O44: 0 | P44: 0 | Q44: 0 | R44: 0 | S44: 0 | T44: 0 | U44: 0 | V44: 0 | W44: 0 | X44: 0 | Y44: 0 | Z44: 0 | AE44: =E44-F44-I44-J44-N44-R44-V44-Z44-Q44 -> 0 | AF44: =F44-G44-H44 -> 0 | AG44: =J44-K44-L44-M44 -> 0 | AH44: =N44-O44-P44 -> 0 | AI44: =R44-S44-T44-U44 -> 0 | AJ44: =V44-W44-X44-Y44 -> 0
D45: 一般商品林 | E45: 1298.0495 | F45: 1254.8508 | G45: 1254.8508 | H45: 0 | I45: 0 | J45: 0 | K45: 0 | L45: 0 | M45: 0 | N45: 41.6319 | O45: 41.6319 | P45: 0 | Q45: 0 | R45: 1.5668 | S45: 0 | T45: 0 | U45: 1.5668 | V45: 0 | W45: 0 | X45: 0 | Y45: 0 | Z45: 0 | AE45: =E45-F45-I45-J45-N45-R45-V45-Z45-Q45 -> 1.4277468e-13 | AF45: =F45-G45-H45 -> 0 | AG45: =J45-K45-L45-M45 -> 0 | AH45: =N45-O45-P45 -> 0 | AI45: =R45-S45-T45-U45 -> 0 | AJ45: =V45-W45-X45-Y45 -> 0
C46: 国有 | D46: 合计 | E46: 0 | F46: 0 | G46: 0 | H46: 0 | I46: 0 | J46: 0 | K46: 0 | L46: 0 | M46: 0 | N46: 0 | O46: 0 | P46: 0 | Q46: 0 | R46: 0 | S46: 0 | T46: 0 | U46: 0 | V46: 0 | W46: 0 | X46: 0 | Y46: 0 | Z46: 0 | AE46: =E46-F46-I46-J46-N46-R46-V46-Z46-Q46 -> 0 | AF46: =F46-G46-H46 -> 0 | AG46: =J46-K46-L46-M46 -> 0 | AH46: =N46-O46-P46 -> 0 | AI46: =R46-S46-T46-U46 -> 0 | AJ46: =V46-W46-X46-Y46 -> 0 | AK46: =E46-SUM(E47:E51) -> 0 | AL46: =F46-SUM(F47:F51) -> 0 | AM46: =G46-SUM(G47:G51) -> 0 | AN46: =H46-SUM(H47:H51) -> 0 | AO46: =I46-SUM(I47:I51) -> 0 | AP46: =J46-SUM(J47:J51) -> 0 | AQ46: =K46-SUM(K47:K51) -> 0 | AR46: =L46-SUM(L47:L51) -> 0 | ... BF46: =Z46-SUM(Z47:Z51) -> 0
D47: 国家级公益林 | E47: 0 | F47: 0 | G47: 0 | H47: 0 | I47: 0 | J47: 0 | K47: 0 | L47: 0 | M47: 0 | N47: 0 | O47: 0 | P47: 0 | Q47: 0 | R47: 0 | S47: 0 | T47: 0 | U47: 0 | V47: 0 | W47: 0 | X47: 0 | Y47: 0 | Z47: 0 | AE47: =E47-F47-I47-J47-N47-R47-V47-Z47-Q47 -> 0 | AF47: =F47-G47-H47 -> 0 | AG47: =J47-K47-L47-M47 -> 0 | AH47: =N47-O47-P47 -> 0 | AI47: =R47-S47-T47-U47 -> 0 | AJ47: =V47-W47-X47-Y47 -> 0
D48: 省级公益林 | E48: 0 | F48: 0 | G48: 0 | H48: 0 | I48: 0 | J48: 0 | K48: 0 | L48: 0 | M48: 0 | N48: 0 | O48: 0 | P48: 0 | Q48: 0 | R48: 0 | S48: 0 | T48: 0 | U48: 0 | V48: 0 | W48: 0 | X48: 0 | Y48: 0 | Z48: 0 | AE48: =E48-F48-I48-J48-N48-R48-V48-Z48-Q48 -> 0 | AF48: =F48-G48-H48 -> 0 | AG48: =J48-K48-L48-M48 -> 0 | AH48: =N48-O48-P48 -> 0 | AI48: =R48-S48-T48-U48 -> 0 | AJ48: =V48-W48-X48-Y48 -> 0
D49: 其他公益林 | E49: 0 | F49: 0 | G49: 0 | H49: 0 | I49: 0 | J49: 0 | K49: 0 | L49: 0 | M49: 0 | N49: 0 | O49: 0 | P49: 0 | Q49: 0 | R49: 0 | S49: 0 | T49: 0 | U49: 0 | V49: 0 | W49: 0 | X49: 0 | Y49: 0 | Z49: 0 | AE49: =E49-F49-I49-J49-N49-R49-V49-Z49-Q49 -> 0 | AF49: =F49-G49-H49 -> 0 | AG49: =J49-K49-L49-M49 -> 0 | AH49: =N49-O49-P49 -> 0 | AI49: =R49-S49-T49-U49 -> 0 | AJ49: =V49-W49-X49-Y49 -> 0
D50: 重点商品林 | E50: 0 | F50: 0 | G50: 0 | H50: 0 | I50: 0 | J50: 0 | K50: 0 | L50: 0 | M50: 0 | N50: 0 | O50: 0 | P50: 0 | Q50: 0 | R50: 0 | S50: 0 | T50: 0 | U50: 0 | V50: 0 | W50: 0 | X50: 0 | Y50: 0 | Z50: 0 | AE50: =E50-F50-I50-J50-N50-R50-V50-Z50-Q50 -> 0 | AF50: =F50-G50-H50 -> 0 | AG50: =J50-K50-L50-M50 -> 0 | AH50: =N50-O50-P50 -> 0 | AI50: =R50-S50-T50-U50 -> 0 | AJ50: =V50-W50-X50-Y50 -> 0
D51: 一般商品林 | E51: 0 | F51: 0 | G51: 0 | H51: 0 | I51: 0 | J51: 0 | K51: 0 | L51: 0 | M51: 0 | N51: 0 | O51: 0 | P51: 0 | Q51: 0 | R51: 0 | S51: 0 | T51: 0 | U51: 0 | V51: 0 | W51: 0 | X51: 0 | Y51: 0 | Z51: 0 | AE51: =E51-F51-I51-J51-N51-R51-V51-Z51-Q51 -> 0 | AF51: =F51-G51-H51 -> 0 | AG51: =J51-K51-L51-M51 -> 0 | AH51: =N51-O51-P51 -> 0 | AI51: =R51-S51-T51-U51 -> 0 | AJ51: =V51-W51-X51-Y51 -> 0
C52: 集体 | D52: 合计 | E52: 1231.5978 | F52: 1216.2384 | G52: 1216.2384 | H52: 0 | I52: 0 | J52: 0 | K52: 0 | L52: 0 | M52: 0 | N52: 13.988 | O52: 13.988 | P52: 0 | Q52: 0 | R52: 1.3714 | S52: 0.8544 | T52: 0 | U52: 0.517 | V52: 0 | W52: 0 | X52: 0 | Y52: 0 | Z52: 0 | AE52: =E52-F52-I52-J52-N52-R52-V52-Z52-Q52 -> 5.1070259e-14 | AF52: =F52-G52-H52 -> 0 | AG52: =J52-K52-L52-M52 -> 0 | AH52: =N52-O52-P52 -> 0 | AI52: =R52-S52-T52-U52 -> 0 | AJ52: =V52-W52-X52-Y52 -> 0 | AK52: =E52-SUM(E53:E57) -> 0 | AL52: =F52-SUM(F53:F57) -> 0 | AM52: =G52-SUM(G53:G57) -> 0 | AN52: =H52-SUM(H53:H57) -> 0 | AO52: =I52-SUM(I53:I57) -> 0 | AP52: =J52-SUM(J53:J57) -> 0 | AQ52: =K52-SUM(K53:K57) -> 0 | AR52: =L52-SUM(L53:L57) -> 0 | ... BF52: =Z52-SUM(Z53:Z57) -> 0
D53: 国家级公益林 | E53: 0 | F53: 0 | G53: 0 | H53: 0 | I53: 0 | J53: 0 | K53: 0 | L53: 0 | M53: 0 | N53: 0 | O53: 0 | P53: 0 | Q53: 0 | R53: 0 | S53: 0 | T53: 0 | U53: 0 | V53: 0 | W53: 0 | X53: 0 | Y53: 0 | Z53: 0 | AE53: =E53-F53-I53-J53-N53-R53-V53-Z53-Q53 -> 0 | AF53: =F53-G53-H53 -> 0 | AG53: =J53-K53-L53-M53 -> 0 | AH53: =N53-O53-P53 -> 0 | AI53: =R53-S53-T53-U53 -> 0 | AJ53: =V53-W53-X53-Y53 -> 0
D54: 省级公益林 | E54: 0 | F54: 0 | G54: 0 | H54: 0 | I54: 0 | J54: 0 | K54: 0 | L54: 0 | M54: 0 | N54: 0 | O54: 0 | P54: 0 | Q54: 0 | R54: 0 | S54: 0 | T54: 0 | U54: 0 | V54: 0 | W54: 0 | X54: 0 | Y54: 0 | Z54: 0 | AE54: =E54-F54-I54-J54-N54-R54-V54-Z54-Q54 -> 0 | AF54: =F54-G54-H54 -> 0 | AG54: =J54-K54-L54-M54 -> 0 | AH54: =N54-O54-P54 -> 0 | AI54: =R54-S54-T54-U54 -> 0 | AJ54: =V54-W54-X54-Y54 -> 0
D55: 其他公益林 | E55: 686.8442 | F55: 685.2777 | G55: 685.2777 | H55: 0 | I55: 0 | J55: 0 | K55: 0 | L55: 0 | M55: 0 | N55: 0.1951 | O55: 0.1951 | P55: 0 | Q55: 0 | R55: 1.3714 | S55: 0.8544 | T55: 0 | U55: 0.517 | V55: 0 | W55: 0 | X55: 0 | Y55: 0 | Z55: 0 | AE55: =E55-F55-I55-J55-N55-R55-V55-Z55-Q55 -> 1.9095836e-14 | AF55: =F55-G55-H55 -> 0 | AG55: =J55-K55-L55-M55 -> 0 | AH55: =N55-O55-P55 -> 0 | AI55: =R55-S55-T55-U55 -> 0 | AJ55: =V55-W55-X55-Y55 -> 0
D56: 重点商品林 | E56: 0 | F56: 0 | G56: 0 | H56: 0 | I56: 0 | J56: 0 | K56: 0 | L56: 0 | M56: 0 | N56: 0 | O56: 0 | P56: 0 | Q56: 0 | R56: 0 | S56: 0 | T56: 0 | U56: 0 | V56: 0 | W56: 0 | X56: 0 | Y56: 0 | Z56: 0 | AE56: =E56-F56-I56-J56-N56-R56-V56-Z56-Q56 -> 0 | AF56: =F56-G56-H56 -> 0 | AG56: =J56-K56-L56-M56 -> 0 | AH56: =N56-O56-P56 -> 0 | AI56: =R56-S56-T56-U56 -> 0 | AJ56: =V56-W56-X56-Y56 -> 0
D57: 一般商品林 | E57: 544.7536 | F57: 530.9607 | G57: 530.9607 | H57: 0 | I57: 0 | J57: 0 | K57: 0 | L57: 0 | M57: 0 | N57: 13.7929 | O57: 13.7929 | P57: 0 | Q57: 0 | R57: 0 | S57: 0 | T57: 0 | U57: 0 | V57: 0 | W57: 0 | X57: 0 | Y57: 0 | Z57: 0 | AE57: =E57-F57-I57-J57-N57-R57-V57-Z57-Q57 -> 3.1974423e-14 | AF57: =F57-G57-H57 -> 0 | AG57: =J57-K57-L57-M57 -> 0 | AH57: =N57-O57-P57 -> 0 | AI57: =R57-S57-T57-U57 -> 0 | AJ57: =V57-W57-X57-Y57 -> 0
C58: 个人 | D58: 合计 | E58: 1550.6213 | F58: 1515.8617 | G58: 1515.8617 | H58: 0 | I58: 0 | J58: 0 | K58: 0 | L58: 0 | M58: 0 | N58: 33.0774 | O58: 33.0774 | P58: 0 | Q58: 0 | R58: 1.6822 | S58: 0.1154 | T58: 0 | U58: 1.5668 | V58: 0 | W58: 0 | X58: 0 | Y58: 0 | Z58: 0 | AE58: =E58-F58-I58-J58-N58-R58-V58-Z58-Q58 -> 9.4146912e-14 | AF58: =F58-G58-H58 -> 0 | AG58: =J58-K58-L58-M58 -> 0 | AH58: =N58-O58-P58 -> 0 | AI58: =R58-S58-T58-U58 -> 0 | AJ58: =V58-W58-X58-Y58 -> 0 | AK58: =E58-SUM(E59:E63) -> 0 | AL58: =F58-SUM(F59:F63) -> 0 | AM58: =G58-SUM(G59:G63) -> 0 | AN58: =H58-SUM(H59:H63) -> 0 | AO58: =I58-SUM(I59:I63) -> 0 | AP58: =J58-SUM(J59:J63) -> 0 | AQ58: =K58-SUM(K59:K63) -> 0 | AR58: =L58-SUM(L59:L63) -> 0 | ... BF58: =Z58-SUM(Z59:Z63) -> 0
D59: 国家级公益林 | E59: 0 | F59: 0 | G59: 0 | H59: 0 | I59: 0 | J59: 0 | K59: 0 | L59: 0 | M59: 0 | N59: 0 | O59: 0 | P59: 0 | Q59: 0 | R59: 0 | S59: 0 | T59: 0 | U59: 0 | V59: 0 | W59: 0 | X59: 0 | Y59: 0 | Z59: 0 | AE59: =E59-F59-I59-J59-N59-R59-V59-Z59-Q59 -> 0 | AF59: =F59-G59-H59 -> 0 | AG59: =J59-K59-L59-M59 -> 0 | AH59: =N59-O59-P59 -> 0 | AI59: =R59-S59-T59-U59 -> 0 | AJ59: =V59-W59-X59-Y59 -> 0
D60: 省级公益林 | E60: 0 | F60: 0 | G60: 0 | H60: 0 | I60: 0 | J60: 0 | K60: 0 | L60: 0 | M60: 0 | N60: 0 | O60: 0 | P60: 0 | Q60: 0 | R60: 0 | S60: 0 | T60: 0 | U60: 0 | V60: 0 | W60: 0 | X60: 0 | Y60: 0 | Z60: 0 | AE60: =E60-F60-I60-J60-N60-R60-V60-Z60-Q60 -> 0 | AF60: =F60-G60-H60 -> 0 | AG60: =J60-K60-L60-M60 -> 0 | AH60: =N60-O60-P60 -> 0 | AI60: =R60-S60-T60-U60 -> 0 | AJ60: =V60-W60-X60-Y60 -> 0
D61: 其他公益林 | E61: 797.3254 | F61: 791.9716 | G61: 791.9716 | H61: 0 | I61: 0 | J61: 0 | K61: 0 | L61: 0 | M61: 0 | N61: 5.2384 | O61: 5.2384 | P61: 0 | Q61: 0 | R61: 0.1154 | S61: 0.1154 | T61: 0 | U61: 0 | V61: 0 | W61: 0 | X61: 0 | Y61: 0 | Z61: 0 | AE61: =E61-F61-I61-J61-N61-R61-V61-Z61-Q61 -> -2.2037927e-14 | AF61: =F61-G61-H61 -> 0 | AG61: =J61-K61-L61-M61 -> 0 | AH61: =N61-O61-P61 -> 0 | AI61: =R61-S61-T61-U61 -> 0 | AJ61: =V61-W61-X61-Y61 -> 0
D62: 重点商品林 | E62: 0 | F62: 0 | G62: 0 | H62: 0 | I62: 0 | J62: 0 | K62: 0 | L62: 0 | M62: 0 | N62: 0 | O62: 0 | P62: 0 | Q62: 0 | R62: 0 | S62: 0 | T62: 0 | U62: 0 | V62: 0 | W62: 0 | X62: 0 | Y62: 0 | Z62: 0 | AE62: =E62-F62-I62-J62-N62-R62-V62-Z62-Q62 -> 0 | AF62: =F62-G62-H62 -> 0 | AG62: =J62-K62-L62-M62 -> 0 | AH62: =N62-O62-P62 -> 0 | AI62: =R62-S62-T62-U62 -> 0 | AJ62: =V62-W62-X62-Y62 -> 0
D63: 一般商品林 | E63: 753.2959 | F63: 723.8901 | G63: 723.8901 | H63: 0 | I63: 0 | J63: 0 | K63: 0 | L63: 0 | M63: 0 | N63: 27.839 | O63: 27.839 | P63: 0 | Q63: 0 | R63: 1.5668 | S63: 0 | T63: 0 | U63: 1.5668 | V63: 0 | W63: 0 | X63: 0 | Y63: 0 | Z63: 0 | AE63: =E63-F63-I63-J63-N63-R63-V63-Z63-Q63 -> 0 | AF63: =F63-G63-H63 -> 0 | AG63: =J63-K63-L63-M63 -> 0 | AH63: =N63-O63-P63 -> 0 | AI63: =R63-S63-T63-U63 -> 0 | AJ63: =V63-W63-X63-Y63 -> 0
C64: 其他 | D64: 合计 | E64: 0 | F64: 0 | G64: 0 | H64: 0 | I64: 0 | J64: 0 | K64: 0 | L64: 0 | M64: 0 | N64: 0 | O64: 0 | P64: 0 | Q64: 0 | R64: 0 | S64: 0 | T64: 0 | U64: 0 | V64: 0 | W64: 0 | X64: 0 | Y64: 0 | Z64: 0 | AE64: =E64-F64-I64-J64-N64-R64-V64-Z64-Q64 -> 0 | AF64: =F64-G64-H64 -> 0 | AG64: =J64-K64-L64-M64 -> 0 | AH64: =N64-O64-P64 -> 0 | AI64: =R64-S64-T64-U64 -> 0 | AJ64: =V64-W64-X64-Y64 -> 0 | AK64: =E64-SUM(E65:E69) -> 0 | AL64: =F64-SUM(F65:F69) -> 0 | AM64: =G64-SUM(G65:G69) -> 0 | AN64: =H64-SUM(H65:H69) -> 0 | AO64: =I64-SUM(I65:I69) -> 0 | AP64: =J64-SUM(J65:J69) -> 0 | AQ64: =K64-SUM(K65:K69) -> 0 | AR64: =L64-SUM(L65:L69) -> 0 | ... BF64: =Z64-SUM(Z65:Z69) -> 0
D65: 国家级公益林 | E65: 0 | F65: 0 | G65: 0 | H65: 0 | I65: 0 | J65: 0 | K65: 0 | L65: 0 | M65: 0 | N65: 0 | O65: 0 | P65: 0 | Q65: 0 | R65: 0 | S65: 0 | T65: 0 | U65: 0 | V65: 0 | W65: 0 | X65: 0 | Y65: 0 | Z65: 0 | AE65: =E65-F65-I65-J65-N65-R65-V65-Z65-Q65 -> 0 | AF65: =F65-G65-H65 -> 0 | AG65: =J65-K65-L65-M65 -> 0 | AH65: =N65-O65-P65 -> 0 | AI65: =R65-S65-T65-U65 -> 0 | AJ65: =V65-W65-X65-Y65 -> 0
D66: 省级公益林 | E66: 0 | F66: 0 | G66: 0 | H66: 0 | I66: 0 | J66: 0 | K66: 0 | L66: 0 | M66: 0 | N66: 0 | O66: 0 | P66: 0 | Q66: 0 | R66: 0 | S66: 0 | T66: 0 | U66: 0 | V66: 0 | W66: 0 | X66: 0 | Y66: 0 | Z66: 0 | AE66: =E66-F66-I66-J66-N66-R66-V66-Z66-Q66 -> 0 | AF66: =F66-G66-H66 -> 0 | AG66: =J66-K66-L66-M66 -> 0 | AH66: =N66-O66-P66 -> 0 | AI66: =R66-S66-T66-U66 -> 0 | AJ66: =V66-W66-X66-Y66 -> 0
D67: 其他公益林 | E67: 0 | F67: 0 | G67: 0 | H67: 0 | I67: 0 | J67: 0 | K67: 0 | L67: 0 | M67: 0 | N67: 0 | O67: 0 | P67: 0 | Q67: 0 | R67: 0 | S67: 0 | T67: 0 | U67: 0 | V67: 0 | W67: 0 | X67: 0 | Y67: 0 | Z67: 0 | AE67: =E67-F67-I67-J67-N67-R67-V67-Z67-Q67 -> 0 | AF67: =F67-G67-H67 -> 0 | AG67: =J67-K67-L67-M67 -> 0 | AH67: =N67-O67-P67 -> 0 | AI67: =R67-S67-T67-U67 -> 0 | AJ67: =V67-W67-X67-Y67 -> 0
D68: 重点商品林 | E68: 0 | F68: 0 | G68: 0 | H68: 0 | I68: 0 | J68: 0 | K68: 0 | L68: 0 | M68: 0 | N68: 0 | O68: 0 | P68: 0 | Q68: 0 | R68: 0 | S68: 0 | T68: 0 | U68: 0 | V68: 0 | W68: 0 | X68: 0 | Y68: 0 | Z68: 0 | AE68: =E68-F68-I68-J68-N68-R68-V68-Z68-Q68 -> 0 | AF68: =F68-G68-H68 -> 0 | AG68: =J68-K68-L68-M68 -> 0 | AH68: =N68-O68-P68 -> 0 | AI68: =R68-S68-T68-U68 -> 0 | AJ68: =V68-W68-X68-Y68 -> 0
D69: 一般商品林 | E69: 0 | F69: 0 | G69: 0 | H69: 0 | I69: 0 | J69: 0 | K69: 0 | L69: 0 | M69: 0 | N69: 0 | O69: 0 | P69: 0 | Q69: 0 | R69: 0 | S69: 0 | T69: 0 | U69: 0 | V69: 0 | W69: 0 | X69: 0 | Y69: 0 | Z69: 0 | AE69: =E69-F69-I69-J69-N69-R69-V69-Z69-Q69 -> 0 | AF69: =F69-G69-H69 -> 0 | AG69: =J69-K69-L69-M69 -> 0 | AH69: =N69-O69-P69 -> 0 | AI69: =R69-S69-T69-U69 -> 0 | AJ69: =V69-W69-X69-Y69 -> 0
A70: 庐阳区 | B70: 13757.542 | C70: 合计 | D70: 合计 | E70: 3741.1924 | F70: 3435.7579 | G70: 3435.7579 | H70: 0 | I70: 0 | J70: 286.4935 | K70: 0 | L70: 0 | M70: 286.4935 | N70: 11.0405 | O70: 11.0405 | P70: 0 | Q70: 0 | R70: 7.9005 | S70: 7.9005 | T70: 0 | U70: 0 | V70: 0 | W70: 0 | X70: 0 | Y70: 0 | Z70: 0 | AB70: =(F70+K70+L70)/B70 -> 0.24973631 | AE70: =E70-F70-I70-J70-N70-R70-V70-Z70-Q70 -> -1.3944401e-13 | AF70: =F70-G70-H70 -> 0 | AG70: =J70-K70-L70-M70 -> 0 | AH70: =N70-O70-P70 -> 0 | AI70: =R70-S70-T70-U70 -> 0 | AJ70: =V70-W70-X70-Y70 -> 0 | AK70: =E70-SUM(E71:E75) -> 0 | AL70: =F70-SUM(F71:F75) -> 0 | AM70: =G70-SUM(G71:G75) -> 0 | AN70: =H70-SUM(H71:H75) -> 0 | AO70: =I70-SUM(I71:I75) -> 0 | AP70: =J70-SUM(J71:J75) -> 0 | AQ70: =K70-SUM(K71:K75) -> 0 | AR70: =L70-SUM(L71:L75) -> 0 | ... BF70: =Z70-SUM(Z71:Z75) -> 0 | BG70: =E70-E76-E82-E88-E94 -> 0 | BH70: =F70-F76-F82-F88-F94 -> 0 | BI70: =G70-G76-G82-G88-G94 -> 0 | BJ70: =H70-H76-H82-H88-H94 -> 0 | BK70: =I70-I76-I82-I88-I94 -> 0 | BL70: =J70-J76-J82-J88-J94 -> 0 | BM70: =K70-K76-K82-K88-K94 -> 0 | BN70: =L70-L76-L82-L88-L94 -> 0 | ... CB70: =Z70-Z76-Z82-Z88-Z94 -> 0
D71: 国家级公益林 | E71: 0 | F71: 0 | G71: 0 | H71: 0 | I71: 0 | J71: 0 | K71: 0 | L71: 0 | M71: 0 | N71: 0 | O71: 0 | P71: 0 | Q71: 0 | R71: 0 | S71: 0 | T71: 0 | U71: 0 | V71: 0 | W71: 0 | X71: 0 | Y71: 0 | Z71: 0 | AE71: =E71-F71-I71-J71-N71-R71-V71-Z71-Q71 -> 0 | AF71: =F71-G71-H71 -> 0 | AG71: =J71-K71-L71-M71 -> 0 | AH71: =N71-O71-P71 -> 0 | AI71: =R71-S71-T71-U71 -> 0 | AJ71: =V71-W71-X71-Y71 -> 0
D72: 省级公益林 | E72: 0 | F72: 0 | G72: 0 | H72: 0 | I72: 0 | J72: 0 | K72: 0 | L72: 0 | M72: 0 | N72: 0 | O72: 0 | P72: 0 | Q72: 0 | R72: 0 | S72: 0 | T72: 0 | U72: 0 | V72: 0 | W72: 0 | X72: 0 | Y72: 0 | Z72: 0 | AE72: =E72-F72-I72-J72-N72-R72-V72-Z72-Q72 -> 0 | AF72: =F72-G72-H72 -> 0 | AG72: =J72-K72-L72-M72 -> 0 | AH72: =N72-O72-P72 -> 0 | AI72: =R72-S72-T72-U72 -> 0 | AJ72: =V72-W72-X72-Y72 -> 0
D73: 其他公益林 | E73: 1774.9833 | F73: 1703.9028 | G73: 1703.9028 | H73: 0 | I73: 0 | J73: 62.2877 | K73: 0 | L73: 0 | M73: 62.2877 | N73: 2.2294 | O73: 2.2294 | P73: 0 | Q73: 0 | R73: 6.5634 | S73: 6.5634 | T73: 0 | U73: 0 | V73: 0 | W73: 0 | X73: 0 | Y73: 0 | Z73: 0 | AE73: =E73-F73-I73-J73-N73-R73-V73-Z73-Q73 -> 2.8421709e-14 | AF73: =F73-G73-H73 -> 0 | AG73: =J73-K73-L73-M73 -> 0 | AH73: =N73-O73-P73 -> 0 | AI73: =R73-S73-T73-U73 -> 0 | AJ73: =V73-W73-X73-Y73 -> 0
D74: 重点商品林 | E74: 0 | F74: 0 | G74: 0 | H74: 0 | I74: 0 | J74: 0 | K74: 0 | L74: 0 | M74: 0 | N74: 0 | O74: 0 | P74: 0 | Q74: 0 | R74: 0 | S74: 0 | T74: 0 | U74: 0 | V74: 0 | W74: 0 | X74: 0 | Y74: 0 | Z74: 0 | AE74: =E74-F74-I74-J74-N74-R74-V74-Z74-Q74 -> 0 | AF74: =F74-G74-H74 -> 0 | AG74: =J74-K74-L74-M74 -> 0 | AH74: =N74-O74-P74 -> 0 | AI74: =R74-S74-T74-U74 -> 0 | AJ74: =V74-W74-X74-Y74 -> 0
D75: 一般商品林 | E75: 1966.2091 | F75: 1731.8551 | G75: 1731.8551 | H75: 0 | I75: 0 | J75: 224.2058 | K75: 0 | L75: 0 | M75: 224.2058 | N75: 8.8111 | O75: 8.8111 | P75: 0 | Q75: 0 | R75: 1.3371 | S75: 1.3371 | T75: 0 | U75: 0 | V75: 0 | W75: 0 | X75: 0 | Y75: 0 | Z75: 0 | AE75: =E75-F75-I75-J75-N75-R75-V75-Z75-Q75 -> 3.1530334e-14 | AF75: =F75-G75-H75 -> 0 | AG75: =J75-K75-L75-M75 -> 0 | AH75: =N75-O75-P75 -> 0 | AI75: =R75-S75-T75-U75 -> 0 | AJ75: =V75-W75-X75-Y75 -> 0
C76: 国有 | D76: 合计 | E76: 0 | F76: 0 | G76: 0 | H76: 0 | I76: 0 | J76: 0 | K76: 0 | L76: 0 | M76: 0 | N76: 0 | O76: 0 | P76: 0 | Q76: 0 | R76: 0 | S76: 0 | T76: 0 | U76: 0 | V76: 0 | W76: 0 | X76: 0 | Y76: 0 | Z76: 0 | AE76: =E76-F76-I76-J76-N76-R76-V76-Z76-Q76 -> 0 | AF76: =F76-G76-H76 -> 0 | AG76: =J76-K76-L76-M76 -> 0 | AH76: =N76-O76-P76 -> 0 | AI76: =R76-S76-T76-U76 -> 0 | AJ76: =V76-W76-X76-Y76 -> 0 | AK76: =E76-SUM(E77:E81) -> 0 | AL76: =F76-SUM(F77:F81) -> 0 | AM76: =G76-SUM(G77:G81) -> 0 | AN76: =H76-SUM(H77:H81) -> 0 | AO76: =I76-SUM(I77:I81) -> 0 | AP76: =J76-SUM(J77:J81) -> 0 | AQ76: =K76-SUM(K77:K81) -> 0 | AR76: =L76-SUM(L77:L81) -> 0 | ... BF76: =Z76-SUM(Z77:Z81) -> 0
D77: 国家级公益林 | E77: 0 | F77: 0 | G77: 0 | H77: 0 | I77: 0 | J77: 0 | K77: 0 | L77: 0 | M77: 0 | N77: 0 | O77: 0 | P77: 0 | Q77: 0 | R77: 0 | S77: 0 | T77: 0 | U77: 0 | V77: 0 | W77: 0 | X77: 0 | Y77: 0 | Z77: 0 | AE77: =E77-F77-I77-J77-N77-R77-V77-Z77-Q77 -> 0 | AF77: =F77-G77-H77 -> 0 | AG77: =J77-K77-L77-M77 -> 0 | AH77: =N77-O77-P77 -> 0 | AI77: =R77-S77-T77-U77 -> 0 | AJ77: =V77-W77-X77-Y77 -> 0
D78: 省级公益林 | E78: 0 | F78: 0 | G78: 0 | H78: 0 | I78: 0 | J78: 0 | K78: 0 | L78: 0 | M78: 0 | N78: 0 | O78: 0 | P78: 0 | Q78: 0 | R78: 0 | S78: 0 | T78: 0 | U78: 0 | V78: 0 | W78: 0 | X78: 0 | Y78: 0 | Z78: 0 | AE78: =E78-F78-I78-J78-N78-R78-V78-Z78-Q78 -> 0 | AF78: =F78-G78-H78 -> 0 | AG78: =J78-K78-L78-M78 -> 0 | AH78: =N78-O78-P78 -> 0 | AI78: =R78-S78-T78-U78 -> 0 | AJ78: =V78-W78-X78-Y78 -> 0
D79: 其他公益林 | E79: 0 | F79: 0 | G79: 0 | H79: 0 | I79: 0 | J79: 0 | K79: 0 | L79: 0 | M79: 0 | N79: 0 | O79: 0 | P79: 0 | Q79: 0 | R79: 0 | S79: 0 | T79: 0 | U79: 0 | V79: 0 | W79: 0 | X79: 0 | Y79: 0 | Z79: 0 | AE79: =E79-F79-I79-J79-N79-R79-V79-Z79-Q79 -> 0 | AF79: =F79-G79-H79 -> 0 | AG79: =J79-K79-L79-M79 -> 0 | AH79: =N79-O79-P79 -> 0 | AI79: =R79-S79-T79-U79 -> 0 | AJ79: =V79-W79-X79-Y79 -> 0
D80: 重点商品林 | E80: 0 | F80: 0 | G80: 0 | H80: 0 | I80: 0 | J80: 0 | K80: 0 | L80: 0 | M80: 0 | N80: 0 | O80: 0 | P80: 0 | Q80: 0 | R80: 0 | S80: 0 | T80: 0 | U80: 0 | V80: 0 | W80: 0 | X80: 0 | Y80: 0 | Z80: 0 | AE80: =E80-F80-I80-J80-N80-R80-V80-Z80-Q80 -> 0 | AF80: =F80-G80-H80 -> 0 | AG80: =J80-K80-L80-M80 -> 0 | AH80: =N80-O80-P80 -> 0 | AI80: =R80-S80-T80-U80 -> 0 | AJ80: =V80-W80-X80-Y80 -> 0
D81: 一般商品林 | E81: 0 | F81: 0 | G81: 0 | H81: 0 | I81: 0 | J81: 0 | K81: 0 | L81: 0 | M81: 0 | N81: 0 | O81: 0 | P81: 0 | Q81: 0 | R81: 0 | S81: 0 | T81: 0 | U81: 0 | V81: 0 | W81: 0 | X81: 0 | Y81: 0 | Z81: 0 | AE81: =E81-F81-I81-J81-N81-R81-V81-Z81-Q81 -> 0 | AF81: =F81-G81-H81 -> 0 | AG81: =J81-K81-L81-M81 -> 0 | AH81: =N81-O81-P81 -> 0 | AI81: =R81-S81-T81-U81 -> 0 | AJ81: =V81-W81-X81-Y81 -> 0
C82: 集体 | D82: 合计 | E82: 497.2803 | F82: 424.4836 | G82: 424.4836 | H82: 0 | I82: 0 | J82: 66.8401 | K82: 0 | L82: 0 | M82: 66.8401 | N82: 5.9566 | O82: 5.9566 | P82: 0 | Q82: 0 | R82: 0 | S82: 0 | T82: 0 | U82: 0 | V82: 0 | W82: 0 | X82: 0 | Y82: 0 | Z82: 0 | AE82: =E82-F82-I82-J82-N82-R82-V82-Z82-Q82 -> -1.9539925e-14 | AF82: =F82-G82-H82 -> 0 | AG82: =J82-K82-L82-M82 -> 0 | AH82: =N82-O82-P82 -> 0 | AI82: =R82-S82-T82-U82 -> 0 | AJ82: =V82-W82-X82-Y82 -> 0 | AK82: =E82-SUM(E83:E87) -> 0 | AL82: =F82-SUM(F83:F87) -> 0 | AM82: =G82-SUM(G83:G87) -> 0 | AN82: =H82-SUM(H83:H87) -> 0 | AO82: =I82-SUM(I83:I87) -> 0 | AP82: =J82-SUM(J83:J87) -> 0 | AQ82: =K82-SUM(K83:K87) -> 0 | AR82: =L82-SUM(L83:L87) -> 0 | ... BF82: =Z82-SUM(Z83:Z87) -> 0
D83: 国家级公益林 | E83: 0 | F83: 0 | G83: 0 | H83: 0 | I83: 0 | J83: 0 | K83: 0 | L83: 0 | M83: 0 | N83: 0 | O83: 0 | P83: 0 | Q83: 0 | R83: 0 | S83: 0 | T83: 0 | U83: 0 | V83: 0 | W83: 0 | X83: 0 | Y83: 0 | Z83: 0 | AE83: =E83-F83-I83-J83-N83-R83-V83-Z83-Q83 -> 0 | AF83: =F83-G83-H83 -> 0 | AG83: =J83-K83-L83-M83 -> 0 | AH83: =N83-O83-P83 -> 0 | AI83: =R83-S83-T83-U83 -> 0 | AJ83: =V83-W83-X83-Y83 -> 0
D84: 省级公益林 | E84: 0 | F84: 0 | G84: 0 | H84: 0 | I84: 0 | J84: 0 | K84: 0 | L84: 0 | M84: 0 | N84: 0 | O84: 0 | P84: 0 | Q84: 0 | R84: 0 | S84: 0 | T84: 0 | U84: 0 | V84: 0 | W84: 0 | X84: 0 | Y84: 0 | Z84: 0 | AE84: =E84-F84-I84-J84-N84-R84-V84-Z84-Q84 -> 0 | AF84: =F84-G84-H84 -> 0 | AG84: =J84-K84-L84-M84 -> 0 | AH84: =N84-O84-P84 -> 0 | AI84: =R84-S84-T84-U84 -> 0 | AJ84: =V84-W84-X84-Y84 -> 0
D85: 其他公益林 | E85: 418.4978 | F85: 356.2101 | G85: 356.2101 | H85: 0 | I85: 0 | J85: 62.2877 | K85: 0 | L85: 0 | M85: 62.2877 | N85: 0 | O85: 0 | P85: 0 | Q85: 0 | R85: 0 | S85: 0 | T85: 0 | U85: 0 | V85: 0 | W85: 0 | X85: 0 | Y85: 0 | Z85: 0 | AE85: =E85-F85-I85-J85-N85-R85-V85-Z85-Q85 -> 0 | AF85: =F85-G85-H85 -> 0 | AG85: =J85-K85-L85-M85 -> 0 | AH85: =N85-O85-P85 -> 0 | AI85: =R85-S85-T85-U85 -> 0 | AJ85: =V85-W85-X85-Y85 -> 0
D86: 重点商品林 | E86: 0 | F86: 0 | G86: 0 | H86: 0 | I86: 0 | J86: 0 | K86: 0 | L86: 0 | M86: 0 | N86: 0 | O86: 0 | P86: 0 | Q86: 0 | R86: 0 | S86: 0 | T86: 0 | U86: 0 | V86: 0 | W86: 0 | X86: 0 | Y86: 0 | Z86: 0 | AE86: =E86-F86-I86-J86-N86-R86-V86-Z86-Q86 -> 0 | AF86: =F86-G86-H86 -> 0 | AG86: =J86-K86-L86-M86 -> 0 | AH86: =N86-O86-P86 -> 0 | AI86: =R86-S86-T86-U86 -> 0 | AJ86: =V86-W86-X86-Y86 -> 0
D87: 一般商品林 | E87: 78.7825 | F87: 68.2735 | G87: 68.2735 | H87: 0 | I87: 0 | J87: 4.5524 | K87: 0 | L87: 0 | M87: 4.5524 | N87: 5.9566 | O87: 5.9566 | P87: 0 | Q87: 0 | R87: 0 | S87: 0 | T87: 0 | U87: 0 | V87: 0 | W87: 0 | X87: 0 | Y87: 0 | Z87: 0 | AE87: =E87-F87-I87-J87-N87-R87-V87-Z87-Q87 -> 0 | AF87: =F87-G87-H87 -> 0 | AG87: =J87-K87-L87-M87 -> 0 | AH87: =N87-O87-P87 -> 0 | AI87: =R87-S87-T87-U87 -> 0 | AJ87: =V87-W87-X87-Y87 -> 0
C88: 个人 | D88: 合计 | E88: 3243.9121 | F88: 3011.2743 | G88: 3011.2743 | H88: 0 | I88: 0 | J88: 219.6534 | K88: 0 | L88: 0 | M88: 219.6534 | N88: 5.0839 | O88: 5.0839 | P88: 0 | Q88: 0 | R88: 7.9005 | S88: 7.9005 | T88: 0 | U88: 0 | V88: 0 | W88: 0 | X88: 0 | Y88: 0 | Z88: 0 | AE88: =E88-F88-I88-J88-N88-R88-V88-Z88-Q88 -> -3.4638958e-14 | AF88: =F88-G88-H88 -> 0 | AG88: =J88-K88-L88-M88 -> 0 | AH88: =N88-O88-P88 -> 0 | AI88: =R88-S88-T88-U88 -> 0 | AJ88: =V88-W88-X88-Y88 -> 0 | AK88: =E88-SUM(E89:E93) -> 0 | AL88: =F88-SUM(F89:F93) -> 0 | AM88: =G88-SUM(G89:G93) -> 0 | AN88: =H88-SUM(H89:H93) -> 0 | AO88: =I88-SUM(I89:I93) -> 0 | AP88: =J88-SUM(J89:J93) -> 0 | AQ88: =K88-SUM(K89:K93) -> 0 | AR88: =L88-SUM(L89:L93) -> 0 | ... BF88: =Z88-SUM(Z89:Z93) -> 0
D89: 国家级公益林 | E89: 0 | F89: 0 | G89: 0 | H89: 0 | I89: 0 | J89: 0 | K89: 0 | L89: 0 | M89: 0 | N89: 0 | O89: 0 | P89: 0 | Q89: 0 | R89: 0 | S89: 0 | T89: 0 | U89: 0 | V89: 0 | W89: 0 | X89: 0 | Y89: 0 | Z89: 0 | AE89: =E89-F89-I89-J89-N89-R89-V89-Z89-Q89 -> 0 | AF89: =F89-G89-H89 -> 0 | AG89: =J89-K89-L89-M89 -> 0 | AH89: =N89-O89-P89 -> 0 | AI89: =R89-S89-T89-U89 -> 0 | AJ89: =V89-W89-X89-Y89 -> 0
D90: 省级公益林 | E90: 0 | F90: 0 | G90: 0 | H90: 0 | I90: 0 | J90: 0 | K90: 0 | L90: 0 | M90: 0 | N90: 0 | O90: 0 | P90: 0 | Q90: 0 | R90: 0 | S90: 0 | T90: 0 | U90: 0 | V90: 0 | W90: 0 | X90: 0 | Y90: 0 | Z90: 0 | AE90: =E90-F90-I90-J90-N90-R90-V90-Z90-Q90 -> 0 | AF90: =F90-G90-H90 -> 0 | AG90: =J90-K90-L90-M90 -> 0 | AH90: =N90-O90-P90 -> 0 | AI90: =R90-S90-T90-U90 -> 0 | AJ90: =V90-W90-X90-Y90 -> 0
D91: 其他公益林 | E91: 1356.4855 | F91: 1347.6927 | G91: 1347.6927 | H91: 0 | I91: 0 | J91: 0 | K91: 0 | L91: 0 | M91: 0 | N91: 2.2294 | O91: 2.2294 | P91: 0 | Q91: 0 | R91: 6.5634 | S91: 6.5634 | T91: 0 | U91: 0 | V91: 0 | W91: 0 | X91: 0 | Y91: 0 | Z91: 0 | AE91: =E91-F91-I91-J91-N91-R91-V91-Z91-Q91 -> -5.6843419e-14 | AF91: =F91-G91-H91 -> 0 | AG91: =J91-K91-L91-M91 -> 0 | AH91: =N91-O91-P91 -> 0 | AI91: =R91-S91-T91-U91 -> 0 | AJ91: =V91-W91-X91-Y91 -> 0
D92: 重点商品林 | E92: 0 | F92: 0 | G92: 0 | H92: 0 | I92: 0 | J92: 0 | K92: 0 | L92: 0 | M92: 0 | N92: 0 | O92: 0 | P92: 0 | Q92: 0 | R92: 0 | S92: 0 | T92: 0 | U92: 0 | V92: 0 | W92: 0 | X92: 0 | Y92: 0 | Z92: 0 | AE92: =E92-F92-I92-J92-N92-R92-V92-Z92-Q92 -> 0 | AF92: =F92-G92-H92 -> 0 | AG92: =J92-K92-L92-M92 -> 0 | AH92: =N92-O92-P92 -> 0 | AI92: =R92-S92-T92-U92 -> 0 | AJ92: =V92-W92-X92-Y92 -> 0
D93: 一般商品林 | E93: 1887.4266 | F93: 1663.5816 | G93: 1663.5816 | H93: 0 | I93: 0 | J93: 219.6534 | K93: 0 | L93: 0 | M93: 219.6534 | N93: 2.8545 | O93: 2.8545 | P93: 0 | Q93: 0 | R93: 1.3371 | S93: 1.3371 | T93: 0 | U93: 0 | V93: 0 | W93: 0 | X93: 0 | Y93: 0 | Z93: 0 | AE93: =E93-F93-I93-J93-N93-R93-V93-Z93-Q93 -> 2.264855e-14 | AF93: =F93-G93-H93 -> 0 | AG93: =J93-K93-L93-M93 -> 0 | AH93: =N93-O93-P93 -> 0 | AI93: =R93-S93-T93-U93 -> 0 | AJ93: =V93-W93-X93-Y93 -> 0
C94: 其他 | D94: 合计 | E94: 0 | F94: 0 | G94: 0 | H94: 0 | I94: 0 | J94: 0 | K94: 0 | L94: 0 | M94: 0 | N94: 0 | O94: 0 | P94: 0 | Q94: 0 | R94: 0 | S94: 0 | T94: 0 | U94: 0 | V94: 0 | W94: 0 | X94: 0 | Y94: 0 | Z94: 0 | AE94: =E94-F94-I94-J94-N94-R94-V94-Z94-Q94 -> 0 | AF94: =F94-G94-H94 -> 0 | AG94: =J94-K94-L94-M94 -> 0 | AH94: =N94-O94-P94 -> 0 | AI94: =R94-S94-T94-U94 -> 0 | AJ94: =V94-W94-X94-Y94 -> 0 | AK94: =E94-SUM(E95:E99) -> 0 | AL94: =F94-SUM(F95:F99) -> 0 | AM94: =G94-SUM(G95:G99) -> 0 | AN94: =H94-SUM(H95:H99) -> 0 | AO94: =I94-SUM(I95:I99) -> 0 | AP94: =J94-SUM(J95:J99) -> 0 | AQ94: =K94-SUM(K95:K99) -> 0 | AR94: =L94-SUM(L95:L99) -> 0 | ... BF94: =Z94-SUM(Z95:Z99) -> 0
D95: 国家级公益林 | E95: 0 | F95: 0 | G95: 0 | H95: 0 | I95: 0 | J95: 0 | K95: 0 | L95: 0 | M95: 0 | N95: 0 | O95: 0 | P95: 0 | Q95: 0 | R95: 0 | S95: 0 | T95: 0 | U95: 0 | V95: 0 | W95: 0 | X95: 0 | Y95: 0 | Z95: 0 | AE95: =E95-F95-I95-J95-N95-R95-V95-Z95-Q95 -> 0 | AF95: =F95-G95-H95 -> 0 | AG95: =J95-K95-L95-M95 -> 0 | AH95: =N95-O95-P95 -> 0 | AI95: =R95-S95-T95-U95 -> 0 | AJ95: =V95-W95-X95-Y95 -> 0
D96: 省级公益林 | E96: 0 | F96: 0 | G96: 0 | H96: 0 | I96: 0 | J96: 0 | K96: 0 | L96: 0 | M96: 0 | N96: 0 | O96: 0 | P96: 0 | Q96: 0 | R96: 0 | S96: 0 | T96: 0 | U96: 0 | V96: 0 | W96: 0 | X96: 0 | Y96: 0 | Z96: 0 | AE96: =E96-F96-I96-J96-N96-R96-V96-Z96-Q96 -> 0 | AF96: =F96-G96-H96 -> 0 | AG96: =J96-K96-L96-M96 -> 0 | AH96: =N96-O96-P96 -> 0 | AI96: =R96-S96-T96-U96 -> 0 | AJ96: =V96-W96-X96-Y96 -> 0
D97: 其他公益林 | E97: 0 | F97: 0 | G97: 0 | H97: 0 | I97: 0 | J97: 0 | K97: 0 | L97: 0 | M97: 0 | N97: 0 | O97: 0 | P97: 0 | Q97: 0 | R97: 0 | S97: 0 | T97: 0 | U97: 0 | V97: 0 | W97: 0 | X97: 0 | Y97: 0 | Z97: 0 | AE97: =E97-F97-I97-J97-N97-R97-V97-Z97-Q97 -> 0 | AF97: =F97-G97-H97 -> 0 | AG97: =J97-K97-L97-M97 -> 0 | AH97: =N97-O97-P97 -> 0 | AI97: =R97-S97-T97-U97 -> 0 | AJ97: =V97-W97-X97-Y97 -> 0
D98: 重点商品林 | E98: 0 | F98: 0 | G98: 0 | H98: 0 | I98: 0 | J98: 0 | K98: 0 | L98: 0 | M98: 0 | N98: 0 | O98: 0 | P98: 0 | Q98: 0 | R98: 0 | S98: 0 | T98: 0 | U98: 0 | V98: 0 | W98: 0 | X98: 0 | Y98: 0 | Z98: 0 | AE98: =E98-F98-I98-J98-N98-R98-V98-Z98-Q98 -> 0 | AF98: =F98-G98-H98 -> 0 | AG98: =J98-K98-L98-M98 -> 0 | AH98: =N98-O98-P98 -> 0 | AI98: =R98-S98-T98-U98 -> 0 | AJ98: =V98-W98-X98-Y98 -> 0
D99: 一般商品林 | E99: 0 | F99: 0 | G99: 0 | H99: 0 | I99: 0 | J99: 0 | K99: 0 | L99: 0 | M99: 0 | N99: 0 | O99: 0 | P99: 0 | Q99: 0 | R99: 0 | S99: 0 | T99: 0 | U99: 0 | V99: 0 | W99: 0 | X99: 0 | Y99: 0 | Z99: 0 | AE99: =E99-F99-I99-J99-N99-R99-V99-Z99-Q99 -> 0 | AF99: =F99-G99-H99 -> 0 | AG99: =J99-K99-L99-M99 -> 0 | AH99: =N99-O99-P99 -> 0 | AI99: =R99-S99-T99-U99 -> 0 | AJ99: =V99-W99-X99-Y99 -> 0
A100: 蜀山区 | B100: 65325.746 | C100: 合计 | D100: 合计 | E100: 6552.0033 | F100: 6470.3197 | G100: 6470.3197 | H100: 0 | I100: 0 | J100: 0 | K100: 0 | L100: 0 | M100: 0 | N100: 36.5836 | O100: 36.5836 | P100: 0 | Q100: 43.3188 | R100: 1.7812 | S100: 0 | T100: 0 | U100: 1.7812 | V100: 0 | W100: 0 | X100: 0 | Y100: 0 | Z100: 0 | AB100: =(F100+K100+L100)/B100 -> 0.099047008 | AE100: =E100-F100-I100-J100-N100-R100-V100-Z100-Q100 -> 2.9842795e-13 | AF100: =F100-G100-H100 -> 0 | AG100: =J100-K100-L100-M100 -> 0 | AH100: =N100-O100-P100 -> 0 | AI100: =R100-S100-T100-U100 -> 0 | AJ100: =V100-W100-X100-Y100 -> 0 | AK100: =E100-SUM(E101:E105) -> 0 | AL100: =F100-SUM(F101:F105) -> 0 | AM100: =G100-SUM(G101:G105) -> 0 | AN100: =H100-SUM(H101:H105) -> 0 | AO100: =I100-SUM(I101:I105) -> 0 | AP100: =J100-SUM(J101:J105) -> 0 | AQ100: =K100-SUM(K101:K105) -> 0 | AR100: =L100-SUM(L101:L105) -> 0 | ... BF100: =Z100-SUM(Z101:Z105) -> 0 | BG100: =E100-E106-E112-E118-E124 -> 0 | BH100: =F100-F106-F112-F118-F124 -> 0 | BI100: =G100-G106-G112-G118-G124 -> 0 | BJ100: =H100-H106-H112-H118-H124 -> 0 | BK100: =I100-I106-I112-I118-I124 -> 0 | BL100: =J100-J106-J112-J118-J124 -> 0 | BM100: =K100-K106-K112-K118-K124 -> 0 | BN100: =L100-L106-L112-L118-L124 -> 0 | ... CB100: =Z100-Z106-Z112-Z118-Z124 -> 0
D101: 国家级公益林 | E101: 0 | F101: 0 | G101: 0 | H101: 0 | I101: 0 | J101: 0 | K101: 0 | L101: 0 | M101: 0 | N101: 0 | O101: 0 | P101: 0 | Q101: 0 | R101: 0 | S101: 0 | T101: 0 | U101: 0 | V101: 0 | W101: 0 | X101: 0 | Y101: 0 | Z101: 0 | AE101: =E101-F101-I101-J101-N101-R101-V101-Z101-Q101 -> 0 | AF101: =F101-G101-H101 -> 0 | AG101: =J101-K101-L101-M101 -> 0 | AH101: =N101-O101-P101 -> 0 | AI101: =R101-S101-T101-U101 -> 0 | AJ101: =V101-W101-X101-Y101 -> 0
D102: 省级公益林 | E102: 663.5916 | F102: 663.5916 | G102: 663.5916 | H102: 0 | I102: 0 | J102: 0 | K102: 0 | L102: 0 | M102: 0 | N102: 0 | O102: 0 | P102: 0 | Q102: 0 | R102: 0 | S102: 0 | T102: 0 | U102: 0 | V102: 0 | W102: 0 | X102: 0 | Y102: 0 | Z102: 0 | AE102: =E102-F102-I102-J102-N102-R102-V102-Z102-Q102 -> 0 | AF102: =F102-G102-H102 -> 0 | AG102: =J102-K102-L102-M102 -> 0 | AH102: =N102-O102-P102 -> 0 | AI102: =R102-S102-T102-U102 -> 0 | AJ102: =V102-W102-X102-Y102 -> 0
...

Sheet Sheet8
B2: 面积蓄积统计表
B3: 表3 | S3: 单位：公顷、立方米、株
B4: 统计单位 | C4: 面积总计 | D4: 蓄积总计 | E4: 有 林 地 | T4: 疏林地
E5: 合计 面积 | F5: 乔 木 林 | R5: 竹林
F6: 小 计 | H6: 幼龄林 | J6: 中龄林 | L6: 近熟林 | N6: 成熟林 | P6: 过熟林
F7: 面积 | G7: 蓄积 | H7: 面积 | I7: 蓄积 | J7: 面积 | K7: 蓄积 | L7: 面积 | M7: 蓄积 | N7: 面积 | O7: 蓄积 | P7: 面积 | Q7: 蓄积 | R7: 面积 | S7: 株数 | T7: 面积 | U7: 蓄积
B8: 1 | C8: 4 | D8: 5 | E8: 6 | F8: 7 | G8: 8 | H8: 9 | I8: 10 | J8: 11 | K8: 12 | L8: 13 | M8: 14 | N8: 15 | O8: 16 | P8: 17 | Q8: 18 | R8: 19 | S8: 20 | T8: 21 | U8: 22
B9: 安徽省 | C9: =C10+C11+C12+C13+C14+C15+C16+C17+C18+C19+C20+C21+C22+C23+C24+C25 -> 4394997.9 | D9: =D10+D11+D12+D13+D14+D15+D16+D17+D18+D19+D20+D21+D22+D23+D24+D25 -> 2.6055037e+08 | E9: =E10+E11+E12+E13+E14+E15+E16+E17+E18+E19+E20+E21+E22+E23+E24+E25 -> 4383415.6 | F9: =F10+F11+F12+F13+F14+F15+F16+F17+F18+F19+F20+F21+F22+F23+F24+F25 -> 3990943.1 | G9: =G10+G11+G12+G13+G14+G15+G16+G17+G18+G19+G20+G21+G22+G23+G24+G25 -> 2.6022111e+08 | H9: =H10+H11+H12+H13+H14+H15+H16+H17+H18+H19+H20+H21+H22+H23+H24+H25 -> 942339.52 | I9: =I10+I11+I12+I13+I14+I15+I16+I17+I18+I19+I20+I21+I22+I23+I24+I25 -> 43023573 | J9: =J10+J11+J12+J13+J14+J15+J16+J17+J18+J19+J20+J21+J22+J23+J24+J25 -> 1374628 | ... U9: =U10+U11+U12+U13+U14+U15+U16+U17+U18+U19+U20+U21+U22+U23+U24+U25 -> 329258.08
A10: 1 | B10: =[3]蓄积过渡表2!A7 -> 合肥市 | C10: 160820.77 | D10: 6258068.5 | E10: 160157.4 | F10: 157438.53 | G10: 6234512.8 | H10: 41671.142 | I10: 1063196.2 | J10: 41502.302 | K10: 1692416.8 | L10: 31435.003 | M10: 1532058.6 | N10: 41143.629 | O10: 1872966.6 | P10: 1686.457 | Q10: 73874.716 | R10: 2718.8634 | S10: 151.70594 | T10: 663.3694 | U10: 23555.703
A11: 2 | B11: =[3]蓄积过渡表2!A17 -> 淮北市 | C11: 34187.364 | D11: 1829238.3 | E11: 34178.292 | F11: 34162.967 | G11: 1829050.5 | H11: 6612.0849 | I11: 197396.79 | J11: 3568.4843 | K11: 122891.91 | L11: 6382.7452 | M11: 323000.2 | N11: 16628.345 | O11: 1115693.4 | P11: 971.3072 | Q11: 70068.172 | R11: 15.3259 | S11: 0 | T11: 9.0719 | U11: 187.8545
A12: 3 | B12: =[3]蓄积过渡表2!A22 -> 亳州市 | C12: 125328.47 | D12: 7596571.6 | E12: 125229.31 | F12: 125221.75 | G12: 7591793.7 | H12: 13519.928 | I12: 659388.43 | J12: 7726.804 | K12: 435889.03 | L12: 46829.042 | M12: 2895632.3 | N12: 55653.215 | O12: 3502263 | P12: 1492.7577 | Q12: 98620.947 | R12: 7.5589 | S12: 0 | T12: 99.1676 | U12: 4777.8603
A13: 4 | B13: =[3]蓄积过渡表2!A27 -> 宿州市 | C13: 188074.23 | D13: 10603272 | E13: 184342.46 | F13: 184236.94 | G13: 10568145 | H13: 17926.382 | I13: 634715.58 | J13: 39155.401 | K13: 1518806.8 | L13: 35709.426 | M13: 2349446.3 | N13: 84220.211 | O13: 5441189.2 | P13: 7225.5226 | Q13: 623986.68 | R13: 105.5198 | S13: 3053.6922 | T13: 3731.7632 | U13: 35127.589
A14: 5 | B14: =[3]蓄积过渡表2!A33 -> 蚌埠市 | C14: 62625.391 | D14: 3268258.1 | E14: 62487.122 | F14: 62486.119 | G14: 3264957.9 | H14: 11261.014 | I14: 397488.59 | J14: 6752.5184 | K14: 293083.59 | L14: 16151.974 | M14: 980318.01 | N14: 27622.303 | O14: 1559426.4 | P14: 698.3093 | Q14: 34641.353 | R14: 1.0034 | S14: 0 | T14: 138.269 | U14: 3300.1917
A15: 6 | B15: =[3]蓄积过渡表2!A41 -> 阜阳市 | C15: 168894.41 | D15: 9768748.8 | E15: 168875.55 | F15: 168734.23 | G15: 9767851.1 | H15: 15678.313 | I15: 671008.35 | J15: 23904.291 | K15: 1342012.7 | L15: 54789.611 | M15: 3200691.7 | N15: 70731.316 | O15: 4288621.1 | P15: 3630.6977 | Q15: 265517.27 | R15: 141.3167 | S15: 440.07232 | T15: 18.8687 | U15: 897.62426
A16: 7 | B16: =[3]蓄积过渡表2!A50 -> 淮南市 | C16: 48858.335 | D16: 2484174.1 | E16: 48797.984 | F16: 48768.665 | G16: 2482937.9 | H16: 8629.5614 | I16: 277211.02 | J16: 6552.1357 | K16: 270334.25 | L16: 11140.336 | M16: 675179.79 | N16: 21840.162 | O16: 1223267.3 | P16: 606.4699 | Q16: 36945.489 | R16: 29.3188 | S16: 10.583085 | T16: 60.3511 | U16: 1236.2625
A17: 8 | B17: =[3]蓄积过渡表2!A59 -> 滁州市 | C17: 210810.88 | D17: 10346565 | E17: 210301.24 | F17: 208757.79 | G17: 10331324 | H17: 85839.083 | I17: 2830879 | J17: 46465.406 | K17: 2376248.8 | L17: 35681.44 | M17: 2260243.7 | N17: 35649.524 | O17: 2520412.7 | P17: 5122.3377 | Q17: 343539.46 | R17: 1543.4445 | S17: 539.31798 | T17: 509.6445 | U17: 15241.648
A18: 9 | B18: =[3]蓄积过渡表2!A68 -> 六安市 | C18: 665100.66 | D18: 39444333 | E18: 663998.09 | F18: 608219.26 | G18: 39419514 | H18: 122885.57 | I18: 6891912.7 | J18: 340030.82 | K18: 21966590 | L18: 88135.079 | M18: 6330238 | N18: 56138.469 | O18: 4114054.5 | P18: 1029.3267 | Q18: 116719.17 | R18: 55778.83 | S18: 679.02393 | T18: 1102.5718 | U18: 24819.188
A19: 10 | B19: =[3]蓄积过渡表2!A76 -> 马鞍山市 | C19: 65466.559 | D19: 2272231.4 | E19: 65400.425 | F19: 64222.483 | G19: 2269978.2 | H19: 33979.926 | I19: 769906.28 | J19: 16173.669 | K19: 697205.8 | L19: 6101.2985 | M19: 332008.26 | N19: 7607.7571 | O19: 439395.91 | P19: 359.8325 | Q19: 31461.957 | R19: 1177.9419 | S19: 0 | T19: 66.1343 | U19: 2253.1473
A20: 11 | B20: =[3]蓄积过渡表2!A83 -> 芜湖市 | C20: 111668.12 | D20: 4240660 | E20: 111619.08 | F20: 100176.84 | G20: 4239445 | H20: 49539.565 | I20: 1650207 | J20: 29610.74 | K20: 1427242.3 | L20: 12873.179 | M20: 674625.49 | N20: 7710.3508 | O20: 458265.68 | P20: 443.0004 | Q20: 29104.523 | R20: 11442.243 | S20: 79.388694 | T20: 49.0407 | U20: 1215.0048
A21: 12 | B21: =[3]蓄积过渡表2!A92 -> 宣城市 | C21: 720006.91 | D21: 32439760 | E21: 718069.24 | F21: 540576.58 | G21: 32383847 | H21: 195677.34 | I21: 8544822.1 | J21: 200263.99 | K21: 13347103 | L21: 78899.911 | M21: 5592520.5 | N21: 60863.5 | O21: 4489695 | P21: 4871.8511 | Q21: 409706.67 | R21: 177492.65 | S21: 125667.93 | T21: 1937.6739 | U21: 55913.452
